Workbook

Sheet Итого по видам(с учет нераспр.)
A1: Сведения о предоставлении из бюджета Саратовской области межбюджетных трансфертов местным бюджетам
A2: за 1 квартал 2026 года
I3: тыс. рублей
A4: № п/п | B4: Наименование | C4: Код бюджетной классификации | D4: первоначальные бюджетные назначения 1 | E4: уточненные бюджетжетные назначения | H4: Исполнение | I4: % исполнения
E5: Сводная бюджетная роспись | F5: на основании
F6: закона о бюджете 2 | G6: иных нормативных правовых актов
A7: 1 | B7: 2 | C7: 3 | D7: 4 | E7: 5 | F7: 6 | G7: 7 | H7: 8 | I7: 9=8/5
A8: 1. | B8: Дотация - всего | D8: =SUM(D9:D11) -> 5561029 | E8: =SUM(E9:E11) -> 5575397.3 | F8: =SUM(F9:F11) -> 5575397.3 | G8: =SUM(G9:G11) -> 0 | H8: =SUM(H9:H11) -> 1557187.2 | I8: =H8/E8*100 -> 27.929619
A9: 1.1. | B9: Дотация бюджетам городских округов области, связанные с особым режимом безопасного функционирования закрытых административно-территориальных образований | C9: 000 1402 6630150100 512 | D9: =Дотации!H101 -> 35009 | E9: =Дотации!I101 -> 35009 | F9: =Дотации!I101 -> 35009 | H9: =Дотации!J101 -> 8751 | I9: =H9/E9*100 -> 24.996429
A10: 1.2. | B10: Дотация на выравнивание бюджетной обеспеченности муниципальных районов (муниципальных округов, городских округов) области | C10: 000 1401 6630170200 511 | D10: =Дотации!L101 -> 4945752.8 | E10: =Дотации!M101 -> 4945752.8 | F10: =Дотации!M101 -> 4945752.8 | H10: =Дотации!N101 -> 1392569.5 | I10: =H10/E10*100 -> 28.156876
A11: 1.3. | B11: Дотация бюджетам муниципальных районов области на поддержку мер по обеспечению сбалансированности местных бюджетов | C11: 000 1402 6630170300 512 | D11: =Дотации!P101 -> 580267.2 | E11: =Дотации!Q101 -> 594635.5 | F11: =Дотации!Q101 -> 594635.5 | H11: =Дотации!R101 -> 155866.7 | I11: =H11/E11*100 -> 26.212142
A12: 2. | B12: Субсидии - всего | D12: =SUM(D13:D72) -> 14196018 | E12: =SUM(E13:E72)+0.1 -> 16019178 | F12: =SUM(F13:F72)+0.1 -> 16019178 | G12: =SUM(G13:G72) -> 0 | H12: =SUM(H13:H72) -> 3015708.2 | I12: =H12/E12*100 -> 18.825612
A13: 2.1. | B13: Субсидия бюджетам муниципальных районов области на обеспечение развития и укрепления материально-технической базы домов культуры в населенных пунктах с числом жителей до 50 тысяч человек | C13: 000 0801 55104R4670 523 | D13: =Субсидии!H398 -> 38251.798 | E13: =Субсидии!I398 -> 38251.798 | F13: =Субсидии!I398 -> 38251.798 | H13: =Субсидии!J398 -> 13489.262 | I13: =H13/E13*100 -> 35.264386
A14: 2.2. | B14: Субсидия бюджетам муниципальных районов и городских округов области на обеспечение жильем молодых семей | C14: 000 1004 53303R4970 521 | D14: =Субсидии!L398 -> 80920.1 | E14: =Субсидии!M398 -> 80920.1 | F14: =Субсидии!M398 -> 80920.1 | H14: =Субсидии!N398 -> 79620.642 | I14: =H14/E14*100 -> 98.394147
A15: 2.3. | B15: Субсидия бюджетам муниципальных районов области на поддержку творческой деятельности и укрепление материально-технической базы муниципальных театров в населенных пунктах с численностью населения до 300 тысяч человек | C15: 000 0801 55101R4660 521 | D15: =Субсидии!P398 -> 5200 | E15: =Субсидии!Q398 -> 0 | F15: =Субсидии!Q398 -> 0 | H15: =Субсидии!R398 -> 0
A16: 2.4. | B16: Субсидия бюджетам муниципальных районов области на обеспечение развития и укрепления материально-технической базы домов культуры в населенных пунктах с числом жителей до 50 тысяч человек (средства для достижения показателей результативности) | C16: 000 0801 55104А4670 523 | D16: =Субсидии!T398 -> 10000 | E16: =Субсидии!U398 -> 10000 | F16: =Субсидии!U398 -> 10000 | H16: =Субсидии!V398 -> 0 | I16: =H16/E16*100 -> 0
A17: 2.5. | B17: Субсидия бюджетам муниципальных районов и городских округов области на поддержку отрасли культуры (государственная поддержка лучших сельских учреждений культуры) | C17: 000 0801 55106R5192 523 | D17: =Субсидии!X398 -> 2359.5506 | E17: =Субсидии!Y398 -> 2359.5506 | F17: =Субсидии!Y398 -> 2359.5506 | H17: =Субсидии!Z398 -> 2021.1124 | I17: =H17/E17*100 -> 85.656667
A18: 2.6. | B18: Субсидия бюджетам муниципальных районов и городских округов области на поддержку отрасли культуры (государственная поддержка лучших работников сельских учреждений культуры) | C18: 000 0801 55106R5194 523 | D18: =Субсидии!AB398 -> 842.69663 | E18: =Субсидии!AC398 -> 842.69663 | F18: =Субсидии!AC398 -> 842.69663 | H18: =Субсидии!AD398 -> 842.69663 | I18: =H18/E18*100 -> 100
A19: 2.7. | B19: Субсидия бюджетам муниципальных районов, городских округов и поселений области на государственную поддержку отрасли культуры (комплектование книжных фондов муниципальных общедоступных библиотек) | C19: 000 0801 55102R5191 523 | D19: =Субсидии!AF398 -> 9251.7592 | E19: =Субсидии!AG398 -> 9251.7592 | F19: =Субсидии!AG398 -> 9251.7592 | H19: =Субсидии!AH398 -> 9124.3065 | I19: =H19/E19*100 -> 98.622394
A20: 2.8. | B20: Субсидия бюджетам муниципальных районов области на обеспечение деятельности муниципальных бизнес-инкубаторов | C20: 000 0412 5830571100 521 | D20: =Субсидии!AJ398 -> 6200 | E20: =Субсидии!AK398 -> 6200 | F20: =Субсидии!AK398 -> 6200 | H20: =Субсидии!AL398 -> 0 | I20: =H20/E20*100 -> 0
A21: 2.9. | B21: Субсидия бюджетам муниципальных округов, городских округов, городских и сельских поселений области на реализацию инициативных проектов | C21: 000 0113 6610172100 523 | D21: =Субсидии!AN398 -> 170000 | E21: =Субсидии!AO398 -> 170000 | F21: =Субсидии!AO398 -> 170000 | H21: =Субсидии!AP398 -> 0 | I21: =H21/E21*100 -> 0
A22: 2.10. | B22: Субсидия бюджетам муниципальных округов, городских округов и поселений области на поддержку муниципальных программ формирования современной городской среды | C22: 000 0503 691И455550 523 | D22: =Субсидии!AR398 -> 645373.78 | E22: =Субсидии!AS398 -> 645373.78 | F22: =Субсидии!AS398 -> 645373.78 | H22: =Субсидии!AT398 -> 39776.467 | I22: =H22/E22*100 -> 6.1633225
A23: 2.11. | B23: Субсидия бюджетам муниципальных районов, муниципальных округов и городских округов области на обеспечение сохранения достигнутых показателей повышения оплаты труда отдельных категорий работников бюджетной сферы | C23: 000 1403 6630172500 521 | D23: =Субсидии!AV398 -> 2744254.7 | E23: =Субсидии!AW398 -> 2744254.7 | F23: =Субсидии!AW398 -> 2744254.7 | H23: =Субсидии!AX398 -> 435506.6 | I23: =H23/E23*100 -> 15.869759
A24: 2.12. | B24: Субсидия бюджетам муниципальных районов и городских округов области на модернизацию муниципальных учреждений культуры (модернизация учреждений культурно-досугового типа в населенных пунктах с численностью населения до 500 тыс. человек) | C24: 000 0801 551Я555131 523 | D24: =Субсидии!AZ398 -> 52586.122 | E24: =Субсидии!BA398 -> 52586.122 | F24: =Субсидии!BA398 -> 52586.122 | H24: =Субсидии!BB398 -> 11179.388 | I24: =H24/E24*100 -> 21.259198
A25: 2.13. | B25: Субсидия бюджетам городских округов и поселений области на осуществление дорожной деятельности в отношении автомобильных дорог общего пользования местного значения Саратовской агломерации | C25: 000 0409 601И89Д097 523 | D25: =Субсидии!BD398 -> 200000 | E25: =Субсидии!BE398 -> 200000 | F25: =Субсидии!BE398 -> 200000 | H25: =Субсидии!BF398 -> 0 | I25: =H25/E25*100 -> 0
A26: 2.14. | B26: Субсидия бюджетам поселений области на осуществление дорожной деятельности в отношении автомобильных дорог общего пользования местного значения в границах населенных пунктов сельских поселений | C26: 000 0409 603029Д017 521 | D26: =Субсидии!BH398 -> 1343757 | E26: =Субсидии!BI398 -> 1343757 | F26: =Субсидии!BI398 -> 1343757 | H26: =Субсидии!BJ398 -> 1705.0275 | I26: =H26/E26*100 -> 0.12688511
A27: 2.15. | B27: Субсидия бюджетам поселений области на выполнение мероприятий по ремонту автомобильных дорог общего пользования местного значения в границах городских поселений области | C27: 000 0409 601029Д067 521 | E27: =Субсидии!BM398 -> 100000 | F27: =Субсидии!BM398 -> 100000 | H27: =Субсидии!BN398 -> 0 | I27: =H27/E27*100 -> 0
A28: 2.16. | B28: Субсидия бюджетам поселений области на обустройство объектами инженерной инфраструктуры и благоустройство площадок, расположенных на сельских территориях, под компактную жилищную застройку | C28: 000 0505 70101R5762 522 | D28: =Субсидии!BP398 -> 78596.735 | E28: =Субсидии!BQ398 -> 78596.735 | F28: =Субсидии!BQ398 -> 78596.735 | H28: =Субсидии!BR398 -> 7859.3834 | I28: =H28/E28*100 -> 9.9996309
A29: 2.17. | B29: Субсидия бюджетам поселений области на реализацию мероприятий по благоустройству сельских территорий3 | C29: 000 0503 70103R5766 521 | D29: =Субсидии!BT398 -> 0 | E29: =Субсидии!BU398 -> 98884.082 | F29: =Субсидии!BU398 -> 98884.082 | H29: =Субсидии!BV398 -> 1500.2257 | I29: =H29/E29*100 -> 1.5171559
A30: 2.18. | B30: Субсидия бюджетам муниципальных районов, муниципальных округов и городских округов области на организацию бесплатного горячего питания обучающихся, получающих начальное общее образование в муниципальных образовательных организациях | C30: 000 0702 51303R3042 521 | D30: =Субсидии!BX398 -> 1192480.3 | E30: =Субсидии!BY398 -> 1174135.3 | F30: =Субсидии!BY398 -> 1174135.3 | H30: =Субсидии!BZ398 -> 280513.5 | I30: =H30/E30*100 -> 23.89107
A31: 2.19. | B31: Субсидия бюджетам муниципальных районов, муниципальных округов и городских округов области на проведение капитального и текущего ремонта муниципальных дошкольных образовательных организациях | C31: 000 0701 5110172110 521 | D31: =Субсидии!CB398 -> 39000 | E31: =Субсидии!CC398 -> 29000 | F31: =Субсидии!CC398 -> 29000 | H31: =Субсидии!CD398 -> 288.5 | I31: =H31/E31*100 -> 0.99482759
A32: 2.20. | B32: Субсидия бюджетам муниципальных районов, муниципальных округов и городских округов области на проведение капитального и текущего ремонта муниципальных общеобразовательных организациях | C32: 000 0702 5110172110 521 | D32: =Субсидии!CF398 -> 46000 | E32: =Субсидии!CG398 -> 53000 | F32: =Субсидии!CG398 -> 53000 | H32: =Субсидии!CH398 -> 1479.3 | I32: =H32/E32*100 -> 2.791132
A33: 2.21. | B33: Субсидия бюджетам муниципальных районов, муниципальных округов и городских округов области на проведение капитального и текущего ремонта в муниципальных учреждениях дополнительного образования детей | C33: 000 0703 5110172110 521 | D33: =Субсидии!CJ398 -> 20000 | E33: =Субсидии!CK398 -> 20500 | F33: =Субсидии!CK398 -> 20500 | H33: =Субсидии!CL398 -> 1062.1 | I33: =H33/E33*100 -> 5.1809756
A34: 2.22. | B34: Субсидия бюджетам муниципальных районов, городских округов и поселений области на поддержку творческой деятельности и техническое оснащение детских и кукольных театров, расположенных на территории Саратовской области | C34: 000 0801 55101R5170 521 | D34: =Субсидии!CN398 -> 10029.1 | E34: =Субсидии!CO398 -> 0 | F34: =Субсидии!CO398 -> 0 | H34: =Субсидии!CP398 -> 0
A35: 2.23. | B35: Субсидия бюджетам муниципальных районов, городских округов и поселений области на поддержку творческой деятельности и (или) укрепление материально-технической базы детских и кукольных театров, а также театров, расположенных в населенных пунктах с численностью населения до 300 тысяч человек | C35: 000 0801 55101R5170 521 | D35: =Субсидии!CR398 -> 0 | E35: =Субсидии!CS398 -> 15229.101 | F35: =Субсидии!CS398 -> 15229.101 | H35: =Субсидии!CT398 -> 15229.101 | I35: =H35/E35*100 -> 100
A36: 2.24. | B36: Субсидия бюджетам муниципальных районов области на проведение комплексных кадастровых работ местного значения | C36: 000 0412 5810179880 521 | D36: =Субсидии!CV398 -> 0 | E36: =Субсидии!CW398 -> 3545.9068 | F36: =Субсидии!CW398 -> 3545.9068 | H36: =Субсидии!CX398 -> 1063.772 | I36: =H36/E36*100 -> 30
A37: 2.25. | B37: Субсидия бюджетам муниципальных районов и городских округов области на модернизацию школьных систем образования (объекты, планируемые к реализации в рамках одного финансового года) | C37: 000 0702 511Ю457502 521 | D37: =Субсидии!CZ398 -> 1424339.3 | E37: =Субсидии!DA398 -> 1497922.6 | F37: =Субсидии!DA398 -> 1497922.6 | H37: =Субсидии!DB398 -> 0 | I37: =H37/E37*100 -> 0
A38: 2.26. | B38: Субсидия бюджетам муниципальных районов и городских округов области на модернизацию школьных систем образования (объекты, планируемые к реализации в рамках двух финансовых лет) | C38: 000 0702 511Ю457501 521 | D38: =Субсидии!DD398 -> 26525.9 | E38: =Субсидии!DE398 -> 29473.295 | F38: =Субсидии!DE398 -> 29473.295 | H38: =Субсидии!DF398 -> 0 | I38: =H38/E38*100 -> 0
A39: 2.27. | B39: Субсидия бюджетам муниципальных районов и городских округов области на обеспечение условий для реализации мероприятий по модернизации школьных систем образования (объекты, планируемые к реализации в рамках одного финансового года) (в рамках достижения соответствующих задач федерального проекта) | C39: 000 0702 5511Ю4А7502 521 | D39: =Субсидии!DH398 -> 378624.21 | E39: =Субсидии!DI398 -> 378624.21 | F39: =Субсидии!DI398 -> 378624.21 | H39: =Субсидии!DJ398 -> 1055.9 | I39: =H39/E39*100 -> 0.2788781
A40: 2.28. | B40: Субсидия бюджетам муниципальных районов и городских округов области на обеспечение условий для реализации мероприятий по модернизации школьных систем образования (объекты, планируемые к реализации в рамках двух финансовых лет) (в рамках достижения соответствующих задач федерального проекта) | C40: 000 0702 511Ю4А7501 521 | D40: =Субсидии!DL398 -> 8929 | E40: =Субсидии!DM398 -> 8929 | F40: =Субсидии!DM398 -> 8929 | H40: =Субсидии!DN398 -> 84 | I40: =H40/E40*100 -> 0.94075484
A41: 2.29. | B41: Субсидия бюджетам муниципальных районов и поселений области на создание, реконструкцию (модернизацию), капитальный ремонт объектов социальной и культурной сферы | C41: 000 1403 70104R5767 523 | D41: =Субсидии!DP398 -> 525831.13 | E41: =Субсидии!DQ398 -> 525831.09 | F41: =Субсидии!DQ398 -> 525831.09 | H41: =Субсидии!DR398 -> 425422.98 | I41: =H41/E41*100 -> 80.904874
A42: 2.30. | B42: Субсидия бюджетам городских округов области на развитие и приведение в нормативное состояние автомобильных дорог регионального или межмуниципального, местного значения, включающих искусственные дорожные сооружения (в отношении автомобильных дорог, включающих искусственные дорожные сооружения, в границах городских округов области) | C42: 000 0409 601И854473 523 | D42: =Субсидии!DT398 -> 510204.1 | E42: =Субсидии!DU398 -> 1020408.2 | F42: =Субсидии!DU398 -> 1020408.2 | H42: =Субсидии!DV398 -> 2817.9994 | I42: =H42/E42*100 -> 0.27616394
A43: 2.31. | B43: Субсидия бюджетам муниципальных районов и городских округов области на проведение капитального и текущего ремонта спортивных залов муниципальных образовательных организаций | C43: 000 0702 5110172120 521 | D43: =Субсидии!DX398 -> 19500 | E43: =Субсидии!DY398 -> 19000 | F43: =Субсидии!DY398 -> 19000 | H43: =Субсидии!DZ398 -> 495.99965 | I43: =H43/E43*100 -> 2.6105245
A44: 2.32. | B44: Субсидия бюджетам муниципальных районов и поселений области на модернизацию муниципальных учреждений культуры (модернизация муниципальных музеев) | C44: 000 0801 551Я555134 523 | D44: =Субсидии!EB398 -> 42568.878 | E44: =Субсидии!EC398 -> 42568.878 | F44: =Субсидии!EC398 -> 42568.878 | H44: =Субсидии!ED398 -> 0 | I44: =H44/E44*100 -> 0
A45: 2.33. | B45: Субсидия бюджетам муниципальных районов области на техническое оснащение региональных и муниципальных музеев | C45: 000 0801 551Я555900 523 | D45: =Субсидии!EF398 -> 45166.327 | E45: =Субсидии!EG398 -> 45166.327 | F45: =Субсидии!EG398 -> 45166.327 | H45: =Субсидии!EH398 -> 37828.276 | I45: =H45/E45*100 -> 83.753271
A46: 2.34. | B46: Субсидия бюджетам муниципальных районов и поселений области на строительство (приобретение) жилого помещения (жилого дома) на сельских территориях, территориях опорных населенных пунктов, предоставляемого гражданам Российской Федерации, проживающим на сельских территориях, территориях опорных населенных пунктов, по договору найма жилого помещения | C46: 000 0501 70101R5769 522 | D46: =Субсидии!EJ398 -> 328627.86 | E46: =Субсидии!EK398 -> 328627.86 | F46: =Субсидии!EK398 -> 328627.86 | H46: =Субсидии!EL398 -> 81160.714 | I46: =H46/E46*100 -> 24.696846
A47: 2.35. | B47: Субсидия бюджетам городских округов и поселений области на финансовое обеспечение расходов по реализации проектов создания комфортной городской среды в малых городах и исторических поселениях в рамках проведения Всероссийского конкурса лучших проектов создания комфортной городской среды | C47: 000 0503 691И454240 523 | D47: =Субсидии!EN398 -> 531096.43 | E47: =Субсидии!EO398 -> 531096.43 | F47: =Субсидии!EO398 -> 531096.43 | H47: =Субсидии!EP398 -> 531096.43 | I47: =H47/E47*100 -> 100
A48: 2.36. | B48: Субсидия бюджетам городских округов на строительство (реконструкцию, в том числе с элементами реставрации, техническое перевооружение) объектов государственной (муниципальной) собственности Саратовской области | C48: 000 1403 62101R1131 522 | D48: =Субсидии!ER398 -> 2002592.2 | E48: =Субсидии!ES398 -> 2002592.2 | F48: =Субсидии!ES398 -> 2002592.2 | H48: =Субсидии!ET398 -> 131960.19 | I48: =H48/E48*100 -> 6.589469
A49: 2.37. | B49: Субсидия бюджетам городских округов области на достижение показателей государственной программы Российской Федерации «Развитие туризма» (реализация проектов по развитию общественной территории муниципального образования, в том числе мероприятий (результатов) по обустройству туристского центра города на территории муниципального образования в соответствии с туристским кодом центра города) | C49: 000 0412 551П155583 521 | D49: =Субсидии!EV398 -> 20578.98 | E49: =Субсидии!EW398 -> 20578.98 | F49: =Субсидии!EW398 -> 20578.98 | H49: =Субсидии!EX398 -> 0 | I49: =H49/E49*100 -> 0
A50: 2.38. | B50: Субсидия бюджетам муниципальных районов и городских округов области на создание модельных муниципальных библиотек | C50: 000 0801 551Я554540 523 | D50: =Субсидии!EZ398 -> 31000 | E50: =Субсидии!FA398 -> 31000 | F50: =Субсидии!FA398 -> 31000 | H50: =Субсидии!FB398 -> 31000 | I50: =H50/E50*100 -> 100
A51: 2.39. | B51: Субсидия бюджетам муниципальных районов области на модернизацию муниципальных учреждений культуры (модернизация муниципальных библиотек) | C51: 000 0801 551Я555132 523 | D51: =Субсидии!FD398 -> 28534.49 | E51: =Субсидии!FE398 -> 28534.49 | F51: =Субсидии!FE398 -> 28534.49 | H51: =Субсидии!FF398 -> 10204.082 | I51: =H51/E51*100 -> 35.760519
A52: 2.40. | B52: Субсидия бюджетам городских округов области на государственную поддержку организаций, входящих в систему спортивной подготовки | C52: 000 1103 56101R0810 521 | D52: =Субсидии!FH398 -> 1500 | E52: =Субсидии!FI398 -> 1500 | F52: =Субсидии!FI398 -> 1500 | H52: =Субсидии!FJ398 -> 1064.39 | I52: =H52/E52*100 -> 70.959333
A53: 2.41. | B53: Субсидия бюджетам муниципальных районов и городских округов области на адресное строительство детских садов в отдельных населенных пунктах с объективно выявленной потребностью инфраструктуры (зданий) | C53: 000 0701 511Я150540 523 | D53: =Субсидии!FL398 -> 322885.2 | E53: =Субсидии!FM398 -> 322885.2 | F53: =Субсидии!FM398 -> 322885.2 | H53: =Субсидии!FN398 -> 126137.56 | I53: =H53/E53*100 -> 39.06576
A54: 2.42. | B54: Субсидия бюджетам муниципальных районов и городских округов области на капитальный ремонт и оснащение образовательных организаций, осуществляющих образовательную деятельность по образовательным программам дошкольного образования | C54: 000 0701 511Я153150 521 | D54: =Субсидии!FP398 -> 217473.16 | E54: =Субсидии!FQ398 -> 217473.16 | F54: =Субсидии!FQ398 -> 217473.16 | H54: =Субсидии!FR398 -> 0 | I54: =H54/E54*100 -> 0
A55: 2.43. | B55: Субсидия бюджетам муниципальных районов и городских округов области на обеспечение условий для реализации мероприятий по капитальному ремонту и оснащению образовательных организаций, осуществляющих образовательную деятельность по образовательным программам дошкольного образования | C55: 000 0701 511Я1А3150 521 | D55: =Субсидии!FT398 -> 69514.4 | E55: =Субсидии!FU398 -> 69514.4 | F55: =Субсидии!FU398 -> 69514.4 | H55: =Субсидии!FV398 -> 0 | I55: =H55/E55*100 -> 0
A56: 2.44. | B56: Субсидия бюджетам городских округов области на реализацию мероприятий по модернизации коммунальной инфраструктуры | C56: 000 0502 531И351540 523 | D56: =Субсидии!FX398 -> 689117.33 | E56: =Субсидии!FY398 -> 689117.33 | F56: =Субсидии!FY398 -> 689117.33 | H56: =Субсидии!FZ398 -> 678536.57 | I56: =H56/E56*100 -> 98.464593
A57: 2.45. | B57: Субсидия бюджетам поселений области на реализацию мероприятий по повышению качества водоснабжения и водоотведения | C57: 000 0502 5310279920 522 | D57: =Субсидии!GB398 -> 64567.473 | E57: =Субсидии!GC398 -> 64567.473 | F57: =Субсидии!GC398 -> 64567.473 | H57: =Субсидии!GD398 -> 0 | I57: =H57/E57*100 -> 0
A58: 2.46. | B58: Субсидия бюджетам муниципальных районов и поселений области на подготовку проектов межевания земельных участков и проведение кадастровых работ | C58: 000 0405 57105R5990 523 | E58: =Субсидии!GG398 -> 16409.551 | F58: =Субсидии!GG398 -> 16409.551 | H58: =Субсидии!GH398 -> 0 | I58: =H58/E58*100 -> 0
A59: 2.47. | B59: Субсидия бюджетам муниципальных районов, городских округов и поселений области на обеспечение мероприятий по переселению граждан из аварийного жилищного фонда, в том числе переселению граждан из аварийного жилищного фонда с учетом необходимости развития малоэтажного жилищного строительства (за счет средств областного бюджета) | C59: 000 0501 531И267484 523 | E59: =Субсидии!GK398 -> 79193.236 | F59: =Субсидии!GK398 -> 79193.236 | H59: =Субсидии!GL398 -> 1792.1 | I59: =H59/E59*100 -> 2.2629458
A60: 2.48. | B60: Субсидия бюджетам городских округов и поселений области на обновление общественного транспорта | C60: 000 0408 601И654430 523 | D60: =Субсидии!GN398 -> 0 | E60: =Субсидии!GO398 -> 201387.76 | F60: =Субсидии!GO398 -> 201387.76 | H60: =Субсидии!GP394 -> 0 | I60: =H60/E60*100 -> 0
A61: 2.49. | B61: Субсидия бюджетам муниципальных районов области на создание современной инфраструктуры для отдыха детей и их оздоровления путем возведения некапитальных строений, сооружений (быстровозводимых конструкций), а также при проведении капитального ремонта объектов инфраструктуры организаций отдыха детей и их оздоровления | C61: 000 0709 51101R4940 523 | D61: =Субсидии!GR398 -> 34513.933 | E61: =Субсидии!GS398 -> 34513.933 | F61: =Субсидии!GS398 -> 34513.933 | H61: =Субсидии!GT398 -> 0 | I61: =H61/E61*100 -> 0
A62: 2.50. | B62: Субсидия бюджетам муниципальных районов области на реализацию мероприятий по закупке и монтажу оборудования для создания модульных спортивных сооружений | C62: 000 1102 56101R1440 521 | D62: =Субсидии!GV398 -> 110000 | E62: =Субсидии!GW398 -> 110000 | F62: =Субсидии!GW398 -> 110000 | H62: =Субсидии!GX398 -> 0 | I62: =H62/E62*100 -> 0
A63: 2.51. | B63: Субсидия бюджетам муниципальных районов, городских округов и поселений области на модернизацию учреждений культуры, включая создание детских культурно-просветительских центров на базе учреждений культуры (созданы детские культурно-просветительские центры на базе учреждений культуры) | C63: 000 0801 551Я553491 523 | D63: =Субсидии!GZ398 -> 11632.653 | E63: =Субсидии!HA398 -> 11632.653 | F63: =Субсидии!HA398 -> 11632.653 | H63: =Субсидии!HB398 -> 11632.653 | I63: =H63/E63*100 -> 100
A64: 2.52. | B64: Субсидия бюджетам муниципальных районов и городских округов области на государственную поддержку отрасли культуры (приобретение музыкальных инструментов, оборудования и материалов для детских школ искусств по видам искусств) | C64: 000 0703 551Я555199 523 | D64: =Субсидии!HD398 -> 28963.119 | E64: =Субсидии!HE398 -> 28963.119 | F64: =Субсидии!HE398 -> 28963.119 | H64: =Субсидии!HF398 -> 28963.119 | I64: =H64/E64*100 -> 100
A65: 2.53. | B65: Субсидия бюджетам муниципальных районов области на модернизацию учреждений культуры, включая создание детских культурно-просветительских центров на базе учреждений культуры (поощрены библиотеки по итогам проведения ежегодного Всероссийского конкурса среди библиотек для выявления лучших практик работы) | C65: 000 0801 551Я553492 523 | D65: =Субсидии!HH398 -> 3010.2041 | E65: =Субсидии!HI398 -> 3010.2041 | F65: =Субсидии!HI398 -> 3010.2041 | H65: =Субсидии!HJ398 -> 3010.2041 | I65: =H65/E65*100 -> 100
A66: 2.54. | B66: Субсидия бюджетам муниципальных районов области на модернизацию учреждений культуры, включая создание детских культурно-просветительских центров на базе учреждений культуры (поощрены дома культуры по итогам проведения ежегодного Всероссийского конкурса среди домов культуры для выявления лучших практик работы) | C66: 000 0801 551Я553493 523 | D66: =Субсидии!HL398 -> 9183.6735 | E66: =Субсидии!HM398 -> 9183.6735 | F66: =Субсидии!HM398 -> 9183.6735 | H66: =Субсидии!HN398 -> 9183.6735 | I66: =H66/E66*100 -> 100
A67: 2.55. | B67: Субсидия бюджетам муниципальных районов, городских округов и поселений области на реализацию мероприятий по обеспечению сохранности воинских захоронений на территории Российской Федерации | C67: 000 0503 66105R2030 521 | D67: =Субсидии!HP398 -> 14434.7 | E67: =Субсидии!HQ398 -> 0 | F67: =Субсидии!HQ398 -> 0 | H67: =Субсидии!HR398 -> 0
A68: 2.56. | B68: Субсидия бюджетам муниципальных районов, городских округов и поселений области на реализацию мероприятий по обеспечению сохранности воинских захоронений на территории Российской Федерации (в том числе на восстановление (ремонт, реставрацию, благоустройство) воинских захоронений) | C68: 000 0503 55102R2031 521 | D68: =Субсидии!HT398 -> 0 | E68: =Субсидии!HU398 -> 10684.72 | F68: =Субсидии!HU398 -> 10684.72 | H68: =Субсидии!HV398 -> 0 | I68: =H68/E68*100 -> 0
A69: 2.57. | B69: Субсидия бюджетам муниципальных районов, городских округов и поселений области на реализацию мероприятий по обеспечению сохранности воинских захоронений на территории Российской Федерации (в том числе на установку мемориальных знаков) | C69: 000 0503 55102R2032 521 | D69: =Субсидии!HX398 -> 0 | E69: =Субсидии!HY398 -> 350.001 | F69: =Субсидии!HY398 -> 350.001 | H69: =Субсидии!HZ398 -> 0 | I69: =H69/E69*100 -> 0
A70: 2.58. | B70: Субсидия бюджетам муниципальных районов, городских округов и поселений области на реализацию мероприятий по обеспечению сохранности воинских захоронений на территории Российской Федерации (в том числе на обустройство мест захоронений останков погибших при защите Отечества, обнаруженных в ходе проведения поисковых работ) | C70: 000 0503 55102R2034 521 | D70: =Субсидии!IB398 -> 0 | E70: =Субсидии!IC398 -> 3400.001 | F70: =Субсидии!IC398 -> 3400.001 | H70: =Субсидии!ID398 -> 0 | I70: =H70/E70*100 -> 0
A71: 2.59. | B71: Субсидия бюджетам муниципальных районов и городских округов области на реализацию мероприятий по капитальному ремонту объектов муниципальной собственности и (или) сохранению объектов культурного наследия (в том числе в дошкольных образовательных организациях) | C71: 000 0701 51101R1120 521 | D71: =Субсидии!IF398 -> 0 | E71: =Субсидии!IG398 -> 139220.45 | F71: =Субсидии!IG398 -> 139220.45 | H71: =Субсидии!IH398 -> 0 | I71: =H71/E71*100 -> 0
A72: 2.60. | B72: Субсидия бюджетам муниципальных районов и городских округов области на реализацию мероприятий по капитальному ремонту объектов муниципальной собственности и (или) сохранению объектов культурного наследия (в том числе в общеобразовательных организациях) | C72: 000 0702 51101R1120 521 | D72: =Субсидии!IJ398 -> 0 | E72: =Субсидии!IK398 -> 619128.37 | F72: =Субсидии!IK398 -> 619128.37 | H72: =Субсидии!IL398 -> 0 | I72: =H72/E72*100 -> 0
A73: 3. | B73: Субвенции - всего | D73: =SUM(D74:D92) -> 32867182 | E73: =SUM(E74:E92) -> 34012706 | F73: =SUM(F74:F92) -> 34012706 | G73: =SUM(G74:G92) -> 0 | H73: =SUM(H74:H92) -> 6717079.8 | I73: =H73/E73*100 -> 19.748737
A74: 3.1. | B74: Субвенция бюджетам муниципальных районов, муниципальных округов и городских округов на осуществление органами местного самоуправления государственных полномочий по предоставлению питания отдельным категориям обучающихся в муниципальных образовательных организациях, реализующих образовательные программы начального общего, основного общего и среднего общего образования | C74: 000 0702 5130377200 530 | D74: ='Субвенции '!H397 -> 339522.3 | E74: ='Субвенции '!I397 -> 1646237.8 | F74: ='Субвенции '!I397 -> 1646237.8 | H74: ='Субвенции '!J397 -> 229487.68 | I74: =H74/E74*100 -> 13.94013
A75: 3.2. | B75: Субвенция бюджетам муниципальныхрайонов, муниципальных округов и городских округов области на осуществление органами местного самоуправления государственных полномочий по предоставлению компенсации стоимости горячего питания родителям (законным представителям) обучающихся по образовательным программам начального общего образования на дому детей-инвалидов и детей, нуждающихся в длительном лечении, которые по состоянию здоровья временно или постоянно не могут посещать образовательные организации | C75: 000 1004 5130377160 530 | D75: ='Субвенции '!L397 -> 2866.9 | E75: ='Субвенции '!M397 -> 7824.1 | F75: ='Субвенции '!M397 -> 7824.1 | H75: ='Субвенции '!N397 -> 355.02044 | I75: =H75/E75*100 -> 4.5375243
A76: 3.3. | B76: Субвенция бюджетам муниципальных районов, муниципальных округов и городских округов области на осуществление органами местного самоуправления государственных полномочий по частичному финансированию расходов на присмотр и уход за детьми дошкольного возраста в муниципальных образовательных организациях, реализующих основную общеобразовательную программу дошкольного образования | C76: 000 0701 5130276900 530 | D76: ='Субвенции '!P397 -> 32215.2 | E76: ='Субвенции '!Q397 -> 18193.5 | F76: ='Субвенции '!Q397 -> 18193.5 | H76: ='Субвенции '!R397 -> 2710.7736 | I76: =H76/E76*100 -> 14.899682
A77: 3.4. | B77: Субвенция бюджетам муниципальных районов, муниципальных округов и городских округов области на осуществление органами местного самоуправления государственных полномочий по организации предоставления питания отдельным категориям обучающихся в муниципальных образовательных организациях, реализующих образовательные программы начального общего, основного общего и среднего общего образования, предоставления компенсации стоимости горячего питания родителям (законным представителям) обучающихся по образовательным программам начального общего образования на дому детей-инвалидов и детей, нуждающихся в длительном лечении, которые по состоянию здоровья временно или постоянно не могут посещать образовательные организации, и частичного финансирования расходов на присмотр и уход за детьми дошкольного возраста в муниципальных образовательных организациях, реализующих образовательную программу дошкольного образования | C77: 000 0709 5130377300 530 | D77: ='Субвенции '!T397 -> 26013.8 | E77: ='Субвенции '!U397 -> 26013.8 | F77: ='Субвенции '!U397 -> 26013.8 | H77: ='Субвенции '!V397 -> 4237.9271 | I77: =H77/E77*100 -> 16.291073
A78: 3.5. | B78: Субвенция бюджетам муниципальных районов, муниципальных округов и городских округов области на осуществление органами местного самоуправления государственных полномочий по организации предоставления компенсации родительской платы и расходы по оплате услуг почтовой связи и банковских услуг, оказываемых банками, по выплате за присмотр и уход за детьми в образовательных организациях, реализующих основную общеобразовательную программу дошкольного образования | C78: 000 0709 5130277800 530 | D78: ='Субвенции '!X397 -> 19111 | E78: ='Субвенции '!Y397 -> 16524 | F78: ='Субвенции '!Y397 -> 16524 | H78: ='Субвенции '!Z397 -> 3373.2803 | I78: =H78/E78*100 -> 20.414429
A79: 3.6. | B79: Субвенция бюджетам муниципальных районов, муниципальных округов и городских округов области на осуществление органами местного самоуправления государственных полномочий по предоставлению компенсации родительской платы за присмотр и уход за детьми в образовательных организациях, реализующих основную общеобразовательную программу дошкольного образования | C79: 000 1004 5130277900 530 | D79: ='Субвенции '!AB397 -> 643822.5 | E79: ='Субвенции '!AC397 -> 494531.8 | F79: ='Субвенции '!AC397 -> 494531.8 | H79: ='Субвенции '!AD397 -> 74937.2 | I79: =H79/E79*100 -> 15.153161
A80: 3.7. | B80: Субвенция бюджетам муниципальных районов, муниципальных округов и городских округов области на финансовое обеспечение образовательной деятельности муниципальных дошкольных образовательных организаций | C80: 000 0701 5130276700 530 | D80: ='Субвенции '!AF397 -> 7410845.8 | E80: ='Субвенции '!AG397 -> 7410845.8 | F80: ='Субвенции '!AG397 -> 7410845.8 | H80: ='Субвенции '!AH397 -> 1528757.3 | I80: =H80/E80*100 -> 20.628648
A81: 3.8. | B81: Субвенция бюджетам муниципальных районов, муниципальных округов и городских округов области на финансовое обеспечение образовательной деятельности муниципальных общеобразовательных учреждений | C81: 000 0702 5130377000 530 | D81: ='Субвенции '!AJ397 -> 22223700 | E81: ='Субвенции '!AK397 -> 22223700 | F81: ='Субвенции '!AK397 -> 22223700 | H81: ='Субвенции '!AL397 -> 4403663 | I81: =H81/E81*100 -> 19.815166
A82: 3.9. | B82: Субвенция бюджетам муниципальных районов, муниципальных округов и городских округов области на осуществление органами местного самоуправления отдельных государственных полномочий по осуществлению деятельности по опеке и попечительству в отношении несовершеннолетних граждан в части расходов на оплату труда, уплату страховых взносов по обязательному социальному страхованию в государственные внебюджетные фонды Российской Федерации, обеспечение деятельности штатных работников | C82: 000 0709 5130177120 530 | D82: ='Субвенции '!AN397 -> 150504.1 | E82: ='Субвенции '!AO397 -> 150504.1 | F82: ='Субвенции '!AO397 -> 150504.1 | H82: ='Субвенции '!AP397 -> 21945.124 | I82: =H82/E82*100 -> 14.581081
A83: 3.10. | B83: Субвенция бюджетам муниципальных районов, муниципальных округов и городских округов области на осуществление органами местного самоуправления отдельных государственных полномочий по осуществлению деятельности по опеке и попечительству в отношении несовершеннолетних граждан в части расходов на обеспечение деятельности по сохранению, содержанию и ремонту пустующих жилых помещений, закрепленных за детьми-сиротами и детьми, оставшимися без попечения родителей | C83: 000 1004 5130177140 530 | D83: ='Субвенции '!AR397 -> 1721.4 | E83: ='Субвенции '!AS397 -> 2229.9 | F83: ='Субвенции '!AS397 -> 2229.9 | H83: ='Субвенции '!AT397 -> 40.98465 | I83: =H83/E83*100 -> 1.8379591
A84: 3.11. | B84: Субвенция бюджетам муниципальных районов, муниципальных округов и городских округов области на осуществление органами местного самоуправления государственных полномочий по созданию и организации деятельности комиссий по делам несовершеннолетних и защите их прав | C84: 000 0113 6530176600 530 | D84: ='Субвенции '!AV397 -> 66600.6 | E84: ='Субвенции '!AW397 -> 66600.6 | F84: ='Субвенции '!AW397 -> 66600.6 | H84: ='Субвенции '!AX397 -> 11611.732 | I84: =H84/E84*100 -> 17.434876
A85: 3.12. | B85: Субвенция бюджетам муниципальных районов, муниципальных округов и городских округов области на осуществление органами местного самоуправления государственных полномочий по образованию и обеспечению деятельности административных комиссий, определению перечня должностных лиц, уполномоченных составлять протоколы об административных правонарушениях | C85: 000 0113 6530176500 530 | D85: ='Субвенции '!AZ397 -> 35416.5 | E85: ='Субвенции '!BA397 -> 35416.5 | F85: ='Субвенции '!BA397 -> 35416.5 | H85: ='Субвенции '!BB397 -> 5847.9167 | I85: =H85/E85*100 -> 16.511842
A86: 3.13. | B86: Субвенция бюджетам муниципальных районов области на исполнение государственных полномочий по расчету и предоставлению дотаций бюджетам поселений | C86: 000 1403 6630176100 530 | D86: ='Субвенции '!BD397 -> 98904.2 | E86: ='Субвенции '!BE397 -> 98146.07 | F86: ='Субвенции '!BE397 -> 98146.07 | H86: ='Субвенции '!BF397 -> 24537.6 | I86: =H86/E86*100 -> 25.001103
A87: 3.14. | B87: Субвенция бюджетам муниципальных районов и городских округов области на осуществление органами местного самоуправления отдельных государственных полномочий по санкционированию финансовыми органами муниципальных образований области оплаты денежных обязательств получателям средств областного бюджета, областным государственным автономным и бюджетным учреждениям, иным юридическим лицам, не являющимся участниками бюджетного процесса, расположенным на территориях муниципальных образований области | C87: 000 0106 6630177150 530 | D87: ='Субвенции '!BH397 -> 41319.1 | E87: ='Субвенции '!BI397 -> 41319.1 | F87: ='Субвенции '!BI397 -> 41319.1 | H87: ='Субвенции '!BJ397 -> 6741.2258 | I87: =H87/E87*100 -> 16.315035
A88: 3.15. | B88: Субвенция бюджетам поселений, муниципальных округов и городских округов области на осуществление первичного воинского учета органами местного самоуправления поселений, муниципальных и городских округов | C88: 000 0203 9040251180 530 | D88: ='Субвенции '!BL397 -> 109813.4 | E88: ='Субвенции '!BM397 -> 109813.4 | F88: ='Субвенции '!BM397 -> 109813.4 | H88: ='Субвенции '!BN397 -> 16590.013 | I88: =H88/E88*100 -> 15.107458
A89: 3.16. | B89: Субвенции бюджетам муниципальных районов, муниципальных округов и городских округов области на ежемесячное денежное вознаграждение за классное руководство педагогическим работникам муниципальных общеобразовательных организаций | C89: 000 0702 511Ю653030 530 | D89: ='Субвенции '!BP397 -> 1563155.6 | E89: ='Субвенции '!BQ397 -> 1563155.6 | F89: ='Субвенции '!BQ397 -> 1563155.6 | H89: ='Субвенции '!BR397 -> 373275.11 | I89: =H89/E89*100 -> 23.879588
A90: 3.17. | B90: Субвенция бюджетам муниципальных районов, муниципальных округов и городских округов области на осуществление органами местного самоуправления отдельных государственных полномочий по организации проведения мероприятий при осуществлении деятельности по обращению с животными без владельцев | C90: 000 0405 9640177130 530 | D90: ='Субвенции '!BT397 -> 90672.7 | E90: ='Субвенции '!BU397 -> 90672.7 | F90: ='Субвенции '!BU397 -> 90672.7 | H90: ='Субвенции '!BV397 -> 7645.0414 | I90: =H90/E90*100 -> 8.4314699
A91: 3.18. | B91: Субвенция бюджетам муниципальных районов и городских округов области на осуществление полномочий по составлению (изменению) списков кандидатов в присяжные заседатели федеральных судов общей юрисдикции в Российской Федерации | C91: 000 0105 9040251200 530 | D91: ='Субвенции '!BX397 -> 2356 | E91: ='Субвенции '!BY397 -> 2356 | F91: ='Субвенции '!BY397 -> 2356 | H91: ='Субвенции '!BZ397 -> 0 | I91: =H91/E91*100 -> 0
A92: 3.19. | B92: Субвенция бюджетам муниципальных районов и городских округов области на осуществление органами местного самоуправления отдельных государственных полномочий по осуществлению регионального государственного жилищного контроля (надзора) и регионального государственного лицензионного контроля за осуществлением предпринимательской деятельности по управлению многоквартирными домами | C92: 000 0113 9640176510 530 | D92: ='Субвенции '!CB397 -> 8621.1 | E92: ='Субвенции '!CC397 -> 8621.1 | F92: ='Субвенции '!CC397 -> 8621.1 | H92: ='Субвенции '!CD397 -> 1322.908 | I92: =H92/E92*100 -> 15.345003
A93: 4. | B93: Иные межбюджетные трансферты | D93: =SUM(D94:D161) -> 6840267.9 | E93: =SUM(E94:E161) -> 13171516 | F93: =SUM(F94:F161) -> 13147129 | G93: =SUM(G94:G161) -> 24387.422 | H93: =SUM(H94:H161) -> 1233809.6 | I93: =H93/E93*100 -> 9.3672558
A94: 4.1. | B94: Иные межбюджетные трансферты бюджетам муниципальных районов и городских округов области на осуществление мероприятий в области энергосбережения и повышения энергетической эффективности | C94: 000 1403 6310179140 540 | D94: =Иные!H326 -> 100000 | E94: =Иные!I326 -> 100000 | F94: =Иные!I326 -> 100000 | H94: =Иные!J326 -> 12403 | I94: =H94/E94*100 -> 12.403
A95: 4.2. | B95: Иные межбюджетные трансферты бюджетам муниципальных районов, муниципальных округов и городских округов области на размещение социально значимой информации в печатных средствах массовой информации, учрежденных органами местного самоуправления, и в сетевых изданиях данных печатных средств массовой информации, учрежденных органами местного самоуправления | C95: 000 1204 6610278600 540 | D95: =Иные!L326 -> 40000 | E95: =Иные!M326 -> 40000 | F95: =Иные!M326 -> 40000 | H95: =Иные!N326 -> 14817.688 | I95: =H95/E95*100 -> 37.044221
A96: 4.3. | B96: Иные межбюджетные трансферты бюджетам муниципальных районов, муниципальных округов и городских округов области на оснащение и укрепление материально-технической базы дошкольных образовательных организация | C96: 000 0701 5130479150 540 | D96: =Иные!P326 -> 71831 | E96: =Иные!Q326 -> 71831 | F96: =Иные!Q326 -> 71831 | H96: =Иные!R326 -> 13748.465 | I96: =H96/E96*100 -> 19.140017
A97: 4.4. | B97: Иные межбюджетные трансферты бюджетам муниципальных районов, муниципальных округов и городских округов области на оснащение и укрепление материально-технической базы общеобразовательных организациях | C97: 000 0702 5130479150 540 | D97: =Иные!T326 -> 250471 | E97: =Иные!U326 -> 250471 | F97: =Иные!U326 -> 250471 | H97: =Иные!V326 -> 42835.783 | I97: =H97/E97*100 -> 17.102093
A98: 4.5. | B98: Иные межбюджетные трансферты бюджетам муниципальных районов, муниципальных округов и городских округов области на оснащение и укрепление материально-технической базы в учреждениях дополнительного образования детей в сфере образования | C98: 000 0703 5130479150 540 | D98: =Иные!X326 -> 60439 | E98: =Иные!Y326 -> 60439 | F98: =Иные!Y326 -> 60439 | H98: =Иные!Z326 -> 6216.3204 | I98: =H98/E98*100 -> 10.28528
A99: 4.6. | B99: Иные межбюджетные трансферты бюджетам муниципальных районов, муниципальных округов и городских округов области на оснащение и укрепление материально-технической базы в учреждениях дополнительного образования детей в сфере культуры | C99: 000 0703 5531279150 540 | D99: =Иные!AB326 -> 16927 | E99: =Иные!AC326 -> 17209 | F99: =Иные!AC326 -> 17209 | H99: =Иные!AD326 -> 32.21067 | I99: =H99/E99*100 -> 0.1871734
A100: 4.7. | B100: Иные межбюджетные трансферты бюджетам муниципальных районов, муниципальных округов и городских округов области на финансовое обеспечение центров образования естественно-научной и технологической направленностей, а также цифрового и гуманитарного профилей в муниципальных общеобразовательных организациях в части расходов на оплату труда с начислениями | C100: 000 0702 5130379260 540 | D100: =Иные!AF326 -> 782223.8 | E100: =Иные!AG326 -> 782223.8 | F100: =Иные!AG326 -> 782223.8 | H100: =Иные!AH326 -> 132700.3 | I100: =H100/E100*100 -> 16.964492
...

Sheet Всего (с выдел. нераспред)
A1: Сведения о предоставленных из бюджета Саратовской области межбюджетных трансфертах бюджетам муниципальных образований за 1 квартал 2026 года
H2: =H9+H401+H403+H407-H408 -> 0 | I2: =I9+I401+I403+I407-I408 -> 0 | J2: =J9+J401+J403+J407-J408 -> 0 | K2: =K9+K401+K403+K407-K408 -> 0 | L2: =L9+L401+L403+L407-L408 -> 0 | AD2: тыс. рублей
A3: Наименование муниципальных образований | B3: Всего | H3: в том числе
H4: Дотации | N4: Субсидии | T4: Субвенции | Z4: Иные межбюджетные трансферты
B6: первоначальные бюджетные назначения 1 | C6: уточненные бюджетные назначения | F6: исполнено | G6: % исполнения | H6: первоначальные бюджетные назначения 1 | I6: уточненные бюджетные назначения | L6: исполнено | M6: % исполнения | N6: первоначальные бюджетные назначения 1 | O6: уточненные бюджетные назначения | R6: исполнено | S6: % исполнения | T6: первоначальные бюджетные назначения 1 | U6: уточненные бюджетные назначения | X6: исполнено | Y6: % исполнения | Z6: первоначальные бюджетные назначения 1 | AA6: уточненные бюджетные назначения | AD6: исполнено | AE6: % исполнения
C7: Сводная бюджетная роспись | D7: на основании | I7: Сводная бюджетная роспись | J7: на основании | O7: Сводная бюджетная роспись | P7: на основании | U7: Сводная бюджетная роспись | V7: на основании | AA7: Сводная бюджетная роспись | AB7: на основании
D8: закона о бюджете 2 | E8: иных нормативных правовых актов | J8: закона о бюджете 2 | K8: иных нормативных правовых актов | P8: закона о бюджете 2 | Q8: иных нормативных правовых актов | V8: закона о бюджете 2 | W8: иных нормативных правовых актов | AB8: закона о бюджете 2 | AC8: иных нормативных правовых актов
A9: Муниципальные районы области (консолидированный) | B9: =H9+N9+T9+Z9 -> 37471850 | C9: =I9+O9+U9+AA9 -> 40599275 | D9: =J9+P9+V9+AB9 -> 40584670 | E9: =K9+Q9+W9+AC9 -> 14605.807 | F9: =L9+R9+X9+AD9 -> 8160155.4 | G9: =F9/C9*100 -> 20.099264 | H9: =H12+H16+H25+H39+H54+H59+H77+H83+H100+H105+H117+H126+H140+H153+H164+H177+H190+H204+H208+H220+H229+H236+H249+H262+H276+H284+H294+H305+H315+H324+H333+H343+H354+H363+H372+H385+H394 -> 5238546 | I9: =I12+I16+I25+I39+I54+I59+I77+I83+I100+I105+I117+I126+I140+I153+I164+I177+I190+I204+I208+I220+I229+I236+I249+I262+I276+I284+I294+I305+I315+I324+I333+I343+I354+I363+I372+I385+I394 -> 5252914.3 | J9: =J12+J16+J25+J39+J54+J59+J77+J83+J100+J105+J117+J126+J140+J153+J164+J177+J190+J204+J208+J220+J229+J236+J249+J262+J276+J284+J294+J305+J315+J324+J333+J343+J354+J363+J372+J385+J394 -> 5252914.3 | K9: =K12+K16+K25+K39+K54+K59+K77+K83+K100+K105+K117+K126+K140+K153+K164+K177+K190+K204+K208+K220+K229+K236+K249+K262+K276+K284+K294+K305+K315+K324+K333+K343+K354+K363+K372+K385+K394 -> 0 | L9: =L12+L16+L25+L39+L54+L59+L77+L83+L100+L105+L117+L126+L140+L153+L164+L177+L190+L204+L208+L220+L229+L236+L249+L262+L276+L284+L294+L305+L315+L324+L333+L343+L354+L363+L372+L385+L394 -> 1476567.6 | M9: =L9/I9*100 -> 28.109493 | N9: =N12+N16+N25+N39+N54+N59+N77+N83+N100+N105+N117+N126+N140+N153+N164+N177+N190+N204+N208+N220+N229+N236+N249+N262+N276+N284+N294+N305+N315+N324+N333+N343+N354+N363+N372+N385+N394 -> 7929772.4 | O9: =O12+O16+O25+O39+O54+O59+O77+O83+O100+O105+O117+O126+O140+O153+O164+O177+O190+O204+O208+O220+O229+O236+O249+O262+O276+O284+O294+O305+O315+O324+O333+O343+O354+O363+O372+O385+O394 -> 8547713.3 | P9: =P12+P16+P25+P39+P54+P59+P77+P83+P100+P105+P117+P126+P140+P153+P164+P177+P190+P204+P208+P220+P229+P236+P249+P262+P276+P284+P294+P305+P315+P324+P333+P343+P354+P363+P372+P385+P394 -> 8547713.3 | Q9: =Q12+Q16+Q25+Q39+Q54+Q59+Q77+Q83+Q100+Q105+Q117+Q126+Q140+Q153+Q164+Q177+Q190+Q204+Q208+Q220+Q229+Q236+Q249+Q262+Q276+Q284+Q294+Q305+Q315+Q324+Q333+Q343+Q354+Q363+Q372+Q385+Q394 -> 0 | R9: =R12+R16+R25+R39+R54+R59+R77+R83+R100+R105+R117+R126+R140+R153+R164+R177+R190+R204+R208+R220+R229+R236+R249+R262+R276+R284+R294+R305+R315+R324+R333+R343+R354+R363+R372+R385+R394 -> 1867611.3 | S9: =R9/O9*100 -> 21.849251 | T9: =T12+T16+T25+T39+T54+T59+T77+T83+T100+T105+T117+T126+T140+T153+T164+T177+T190+T204+T208+T220+T229+T236+T249+T262+T276+T284+T294+T305+T315+T324+T333+T343+T354+T363+T372+T385+T394 -> 21823564 | U9: =U12+U16+U25+U39+U54+U59+U77+U83+U100+U105+U117+U126+U140+U153+U164+U177+U190+U204+U208+U220+U229+U236+U249+U262+U276+U284+U294+U305+U315+U324+U333+U343+U354+U363+U372+U385+U394 -> 22857790 | V9: =V12+V16+V25+V39+V54+V59+V77+V83+V100+V105+V117+V126+V140+V153+V164+V177+V190+V204+V208+V220+V229+V236+V249+V262+V276+V284+V294+V305+V315+V324+V333+V343+V354+V363+V372+V385+V394 -> 22857790 | W9: =W12+W16+W25+W39+W54+W59+W77+W83+W100+W105+W117+W126+W140+W153+W164+W177+W190+W204+W208+W220+W229+W236+W249+W262+W276+W284+W294+W305+W315+W324+W333+W343+W354+W363+W372+W385+W394 -> 0 | X9: =X12+X16+X25+X39+X54+X59+X77+X83+X100+X105+X117+X126+X140+X153+X164+X177+X190+X204+X208+X220+X229+X236+X249+X262+X276+X284+X294+X305+X315+X324+X333+X343+X354+X363+X372+X385+X394 -> 4301445.8 | Y9: =X9/U9*100 -> 18.818292 | Z9: =Z12+Z16+Z25+Z39+Z54+Z59+Z77+Z83+Z100+Z105+Z117+Z126+Z140+Z153+Z164+Z177+Z190+Z204+Z208+Z220+Z229+Z236+Z249+Z262+Z276+Z284+Z294+Z305+Z315+Z324+Z333+Z343+Z354+Z363+Z372+Z385+Z394 -> 2479967.8 | AA9: =AA12+AA16+AA25+AA39+AA54+AA59+AA77+AA83+AA100+AA105+AA117+AA126+AA140+AA153+AA164+AA177+AA190+AA204+AA208+AA220+AA229+AA236+AA249+AA262+AA276+AA284+AA294+AA305+AA315+AA324+AA333+AA343+AA354+AA363+AA372+AA385+AA394 -> 3940857.4 | AB9: =AB12+AB16+AB25+AB39+AB54+AB59+AB77+AB83+AB100+AB105+AB117+AB126+AB140+AB153+AB164+AB177+AB190+AB204+AB208+AB220+AB229+AB236+AB249+AB262+AB276+AB284+AB294+AB305+AB315+AB324+AB333+AB343+AB354+AB363+AB372+AB385+AB394 -> 3926251.6 | AC9: =AC12+AC16+AC25+AC39+AC54+AC59+AC77+AC83+AC100+AC105+AC117+AC126+AC140+AC153+AC164+AC177+AC190+AC204+AC208+AC220+AC229+AC236+AC249+AC262+AC276+AC284+AC294+AC305+AC315+AC324+AC333+AC343+AC354+AC363+AC372+AC385+AC394 -> 14605.807 | AD9: =AD12+AD16+AD25+AD39+AD54+AD59+AD77+AD83+AD100+AD105+AD117+AD126+AD140+AD153+AD164+AD177+AD190+AD204+AD208+AD220+AD229+AD236+AD249+AD262+AD276+AD284+AD294+AD305+AD315+AD324+AD333+AD343+AD354+AD363+AD372+AD385+AD394 -> 514530.66 | AE9: =AD9/AA9*100 -> 13.056312
A10: Муниципальные районы области (собственный): | B10: =H10+N10+T10+Z10 -> 33731070 | C10: =I10+O10+U10+AA10 -> 36425628 | D10: =J10+P10+V10+AB10 -> 36411130 | E10: =K10+Q10+W10+AC10 -> 14498.083 | F10: =L10+R10+X10+AD10 -> 7083759.7 | G10: =F10/C10*100 -> 19.447186 | H10: =H13+H17+H26+H40+H55+H60+H78+H84+H101+H106+H118+H127+H141+H154+H165+H178+H191+H205+H209+H221+H230+H237+H250+H263+H277+H285+H295+H306+H316+H325+H334+H344+H355+H364+H373+H386+H395 -> 5238546 | I10: =I13+I17+I26+I40+I55+I60+I78+I84+I101+I106+I118+I127+I141+I154+I165+I178+I191+I205+I209+I221+I230+I237+I250+I263+I277+I285+I295+I306+I316+I325+I334+I344+I355+I364+I373+I386+I395 -> 5252914.3 | J10: =J13+J17+J26+J40+J55+J60+J78+J84+J101+J106+J118+J127+J141+J154+J165+J178+J191+J205+J209+J221+J230+J237+J250+J263+J277+J285+J295+J306+J316+J325+J334+J344+J355+J364+J373+J386+J395 -> 5252914.3 | K10: =K13+K17+K26+K40+K55+K60+K78+K84+K101+K106+K118+K127+K141+K154+K165+K178+K191+K205+K209+K221+K230+K237+K250+K263+K277+K285+K295+K306+K316+K325+K334+K344+K355+K364+K373+K386+K395 -> 0 | L10: =L13+L17+L26+L40+L55+L60+L78+L84+L101+L106+L118+L127+L141+L154+L165+L178+L191+L205+L209+L221+L230+L237+L250+L263+L277+L285+L295+L306+L316+L325+L334+L344+L355+L364+L373+L386+L395 -> 1476567.6 | M10: =L10/I10*100 -> 28.109493 | N10: =N13+N17+N26+N40+N55+N60+N78+N84+N101+N106+N118+N127+N141+N154+N165+N178+N191+N205+N209+N221+N230+N237+N250+N263+N277+N285+N295+N306+N316+N325+N334+N344+N355+N364+N373+N386+N395 -> 4993250.4 | O10: =O13+O17+O26+O40+O55+O60+O78+O84+O101+O106+O118+O127+O141+O154+O165+O178+O191+O205+O209+O221+O230+O237+O250+O263+O277+O285+O295+O306+O316+O325+O334+O344+O355+O364+O373+O386+O395 -> 5291013.5 | P10: =P13+P17+P26+P40+P55+P60+P78+P84+P101+P106+P118+P127+P141+P154+P165+P178+P191+P205+P209+P221+P230+P237+P250+P263+P277+P285+P295+P306+P316+P325+P334+P344+P355+P364+P373+P386+P395 -> 5291013.5 | Q10: =Q13+Q17+Q26+Q40+Q55+Q60+Q78+Q84+Q101+Q106+Q118+Q127+Q141+Q154+Q165+Q178+Q191+Q205+Q209+Q221+Q230+Q237+Q250+Q263+Q277+Q285+Q295+Q306+Q316+Q325+Q334+Q344+Q355+Q364+Q373+Q386+Q395 -> 0 | R10: =R13+R17+R26+R40+R55+R60+R78+R84+R101+R106+R118+R127+R141+R154+R165+R178+R191+R205+R209+R221+R230+R237+R250+R263+R277+R285+R295+R306+R316+R325+R334+R344+R355+R364+R373+R386+R395 -> 905148.31 | S10: =R10/O10*100 -> 17.107276 | T10: =T13+T17+T26+T40+T55+T60+T78+T84+T101+T106+T118+T127+T141+T154+T165+T178+T191+T205+T209+T221+T230+T237+T250+T263+T277+T285+T295+T306+T316+T325+T334+T344+T355+T364+T373+T386+T395 -> 21715454 | U10: =U13+U17+U26+U40+U55+U60+U78+U84+U101+U106+U118+U127+U141+U154+U165+U178+U191+U205+U209+U221+U230+U237+U250+U263+U277+U285+U295+U306+U316+U325+U334+U344+U355+U364+U373+U386+U395 -> 22749680 | V10: =V13+V17+V26+V40+V55+V60+V78+V84+V101+V106+V118+V127+V141+V154+V165+V178+V191+V205+V209+V221+V230+V237+V250+V263+V277+V285+V295+V306+V316+V325+V334+V344+V355+V364+V373+V386+V395 -> 22749680 | W10: =W13+W17+W26+W40+W55+W60+W78+W84+W101+W106+W118+W127+W141+W154+W165+W178+W191+W205+W209+W221+W230+W237+W250+W263+W277+W285+W295+W306+W316+W325+W334+W344+W355+W364+W373+W386+W395 -> 0 | X10: =X13+X17+X26+X40+X55+X60+X78+X84+X101+X106+X118+X127+X141+X154+X165+X178+X191+X205+X209+X221+X230+X237+X250+X263+X277+X285+X295+X306+X316+X325+X334+X344+X355+X364+X373+X386+X395 -> 4285093.5 | Y10: =X10/U10*100 -> 18.835841 | Z10: =Z13+Z17+Z26+Z40+Z55+Z60+Z78+Z84+Z101+Z106+Z118+Z127+Z141+Z154+Z165+Z178+Z191+Z205+Z209+Z221+Z230+Z237+Z250+Z263+Z277+Z285+Z295+Z306+Z316+Z325+Z334+Z344+Z355+Z364+Z373+Z386+Z395 -> 1783820 | AA10: =AA13+AA17+AA26+AA40+AA55+AA60+AA78+AA84+AA101+AA106+AA118+AA127+AA141+AA154+AA165+AA178+AA191+AA205+AA209+AA221+AA230+AA237+AA250+AA263+AA277+AA285+AA295+AA306+AA316+AA325+AA334+AA344+AA355+AA364+AA373+AA386+AA395 -> 3132020 | AB10: =AB13+AB17+AB26+AB40+AB55+AB60+AB78+AB84+AB101+AB106+AB118+AB127+AB141+AB154+AB165+AB178+AB191+AB205+AB209+AB221+AB230+AB237+AB250+AB263+AB277+AB285+AB295+AB306+AB316+AB325+AB334+AB344+AB355+AB364+AB373+AB386+AB395 -> 3117521.9 | AC10: =AC13+AC17+AC26+AC40+AC55+AC60+AC78+AC84+AC101+AC106+AC118+AC127+AC141+AC154+AC165+AC178+AC191+AC205+AC209+AC221+AC230+AC237+AC250+AC263+AC277+AC285+AC295+AC306+AC316+AC325+AC334+AC344+AC355+AC364+AC373+AC386+AC395 -> 14498.083 | AD10: =AD13+AD17+AD26+AD40+AD55+AD60+AD78+AD84+AD101+AD106+AD118+AD127+AD141+AD154+AD165+AD178+AD191+AD205+AD209+AD221+AD230+AD237+AD250+AD263+AD277+AD285+AD295+AD306+AD316+AD325+AD334+AD344+AD355+AD364+AD373+AD386+AD395 -> 416950.29 | AE10: =AD10/AA10*100 -> 13.312504
A11: Поселения: | B11: =H11+N11+T11+Z11 -> 3740780.1 | C11: =I11+O11+U11+AA11 -> 4173647.5 | D11: =J11+P11+V11+AB11 -> 4173539.8 | E11: =K11+Q11+W11+AC11 -> 107.72365 | F11: =L11+R11+X11+AD11 -> 1076395.7 | G11: =F11/C11*100 -> 25.790287 | I11: =SUM(I14:I15)+SUM(I18:I24)+SUM(I27:I38)+SUM(I41:I53)+SUM(I56:I58)+SUM(I61:I76)+SUM(I79:I82)+SUM(I85:I99)+SUM(I102:I104)+SUM(I107:I116)+SUM(I119:I125)+SUM(I128:I139)+SUM(I142:I152)+SUM(I155:I163)+SUM(I166:I176)+SUM(I179:I189)+SUM(I192:I203)+SUM(I206:I207)+SUM(I210:I219)+SUM(I222:I228)+SUM(I231:I235)+SUM(I238:I248)+SUM(I251:I261)+SUM(I264:I275)+SUM(I278:I283)+SUM(I286:I293)+SUM(I296:I304)+SUM(I307:I314)+SUM(I317:I323)+SUM(I326:I332)+SUM(I335:I342)+SUM(I345:I353)+SUM(I356:I362)+SUM(I365:I371)+SUM(I374:I384)+SUM(I387:I393)+SUM(I396:I400) -> 0 | J11: =SUM(J14:J15)+SUM(J18:J24)+SUM(J27:J38)+SUM(J41:J53)+SUM(J56:J58)+SUM(J61:J76)+SUM(J79:J82)+SUM(J85:J99)+SUM(J102:J104)+SUM(J107:J116)+SUM(J119:J125)+SUM(J128:J139)+SUM(J142:J152)+SUM(J155:J163)+SUM(J166:J176)+SUM(J179:J189)+SUM(J192:J203)+SUM(J206:J207)+SUM(J210:J219)+SUM(J222:J228)+SUM(J231:J235)+SUM(J238:J248)+SUM(J251:J261)+SUM(J264:J275)+SUM(J278:J283)+SUM(J286:J293)+SUM(J296:J304)+SUM(J307:J314)+SUM(J317:J323)+SUM(J326:J332)+SUM(J335:J342)+SUM(J345:J353)+SUM(J356:J362)+SUM(J365:J371)+SUM(J374:J384)+SUM(J387:J393)+SUM(J396:J400) -> 0 | K11: =SUM(K14:K15)+SUM(K18:K24)+SUM(K27:K38)+SUM(K41:K53)+SUM(K56:K58)+SUM(K61:K76)+SUM(K79:K82)+SUM(K85:K99)+SUM(K102:K104)+SUM(K107:K116)+SUM(K119:K125)+SUM(K128:K139)+SUM(K142:K152)+SUM(K155:K163)+SUM(K166:K176)+SUM(K179:K189)+SUM(K192:K203)+SUM(K206:K207)+SUM(K210:K219)+SUM(K222:K228)+SUM(K231:K235)+SUM(K238:K248)+SUM(K251:K261)+SUM(K264:K275)+SUM(K278:K283)+SUM(K286:K293)+SUM(K296:K304)+SUM(K307:K314)+SUM(K317:K323)+SUM(K326:K332)+SUM(K335:K342)+SUM(K345:K353)+SUM(K356:K362)+SUM(K365:K371)+SUM(K374:K384)+SUM(K387:K393)+SUM(K396:K400) -> 0 | L11: =SUM(L14:L15)+SUM(L18:L24)+SUM(L27:L38)+SUM(L41:L53)+SUM(L56:L58)+SUM(L61:L76)+SUM(L79:L82)+SUM(L85:L99)+SUM(L102:L104)+SUM(L107:L116)+SUM(L119:L125)+SUM(L128:L139)+SUM(L142:L152)+SUM(L155:L163)+SUM(L166:L176)+SUM(L179:L189)+SUM(L192:L203)+SUM(L206:L207)+SUM(L210:L219)+SUM(L222:L228)+SUM(L231:L235)+SUM(L238:L248)+SUM(L251:L261)+SUM(L264:L275)+SUM(L278:L283)+SUM(L286:L293)+SUM(L296:L304)+SUM(L307:L314)+SUM(L317:L323)+SUM(L326:L332)+SUM(L335:L342)+SUM(L345:L353)+SUM(L356:L362)+SUM(L365:L371)+SUM(L374:L384)+SUM(L387:L393)+SUM(L396:L400) -> 0 | N11: =SUM(N14:N15)+SUM(N18:N24)+SUM(N27:N38)+SUM(N41:N53)+SUM(N56:N58)+SUM(N61:N76)+SUM(N79:N82)+SUM(N85:N99)+SUM(N102:N104)+SUM(N107:N116)+SUM(N119:N125)+SUM(N128:N139)+SUM(N142:N152)+SUM(N155:N163)+SUM(N166:N176)+SUM(N179:N189)+SUM(N192:N203)+SUM(N206:N207)+SUM(N210:N219)+SUM(N222:N228)+SUM(N231:N235)+SUM(N238:N248)+SUM(N251:N261)+SUM(N264:N275)+SUM(N278:N283)+SUM(N286:N293)+SUM(N296:N304)+SUM(N307:N314)+SUM(N317:N323)+SUM(N326:N332)+SUM(N335:N342)+SUM(N345:N353)+SUM(N356:N362)+SUM(N365:N371)+SUM(N374:N384)+SUM(N387:N393)+SUM(N396:N400) -> 2936522 | O11: =SUM(O14:O15)+SUM(O18:O24)+SUM(O27:O38)+SUM(O41:O53)+SUM(O56:O58)+SUM(O61:O76)+SUM(O79:O82)+SUM(O85:O99)+SUM(O102:O104)+SUM(O107:O116)+SUM(O119:O125)+SUM(O128:O139)+SUM(O142:O152)+SUM(O155:O163)+SUM(O166:O176)+SUM(O179:O189)+SUM(O192:O203)+SUM(O206:O207)+SUM(O210:O219)+SUM(O222:O228)+SUM(O231:O235)+SUM(O238:O248)+SUM(O251:O261)+SUM(O264:O275)+SUM(O278:O283)+SUM(O286:O293)+SUM(O296:O304)+SUM(O307:O314)+SUM(O317:O323)+SUM(O326:O332)+SUM(O335:O342)+SUM(O345:O353)+SUM(O356:O362)+SUM(O365:O371)+SUM(O374:O384)+SUM(O387:O393)+SUM(O396:O400) -> 3256699.8 | P11: =SUM(P14:P15)+SUM(P18:P24)+SUM(P27:P38)+SUM(P41:P53)+SUM(P56:P58)+SUM(P61:P76)+SUM(P79:P82)+SUM(P85:P99)+SUM(P102:P104)+SUM(P107:P116)+SUM(P119:P125)+SUM(P128:P139)+SUM(P142:P152)+SUM(P155:P163)+SUM(P166:P176)+SUM(P179:P189)+SUM(P192:P203)+SUM(P206:P207)+SUM(P210:P219)+SUM(P222:P228)+SUM(P231:P235)+SUM(P238:P248)+SUM(P251:P261)+SUM(P264:P275)+SUM(P278:P283)+SUM(P286:P293)+SUM(P296:P304)+SUM(P307:P314)+SUM(P317:P323)+SUM(P326:P332)+SUM(P335:P342)+SUM(P345:P353)+SUM(P356:P362)+SUM(P365:P371)+SUM(P374:P384)+SUM(P387:P393)+SUM(P396:P400) -> 3256699.8 | Q11: =SUM(Q14:Q15)+SUM(Q18:Q24)+SUM(Q27:Q38)+SUM(Q41:Q53)+SUM(Q56:Q58)+SUM(Q61:Q76)+SUM(Q79:Q82)+SUM(Q85:Q99)+SUM(Q102:Q104)+SUM(Q107:Q116)+SUM(Q119:Q125)+SUM(Q128:Q139)+SUM(Q142:Q152)+SUM(Q155:Q163)+SUM(Q166:Q176)+SUM(Q179:Q189)+SUM(Q192:Q203)+SUM(Q206:Q207)+SUM(Q210:Q219)+SUM(Q222:Q228)+SUM(Q231:Q235)+SUM(Q238:Q248)+SUM(Q251:Q261)+SUM(Q264:Q275)+SUM(Q278:Q283)+SUM(Q286:Q293)+SUM(Q296:Q304)+SUM(Q307:Q314)+SUM(Q317:Q323)+SUM(Q326:Q332)+SUM(Q335:Q342)+SUM(Q345:Q353)+SUM(Q356:Q362)+SUM(Q365:Q371)+SUM(Q374:Q384)+SUM(Q387:Q393)+SUM(Q396:Q400) -> 0 | R11: =SUM(R14:R15)+SUM(R18:R24)+SUM(R27:R38)+SUM(R41:R53)+SUM(R56:R58)+SUM(R61:R76)+SUM(R79:R82)+SUM(R85:R99)+SUM(R102:R104)+SUM(R107:R116)+SUM(R119:R125)+SUM(R128:R139)+SUM(R142:R152)+SUM(R155:R163)+SUM(R166:R176)+SUM(R179:R189)+SUM(R192:R203)+SUM(R206:R207)+SUM(R210:R219)+SUM(R222:R228)+SUM(R231:R235)+SUM(R238:R248)+SUM(R251:R261)+SUM(R264:R275)+SUM(R278:R283)+SUM(R286:R293)+SUM(R296:R304)+SUM(R307:R314)+SUM(R317:R323)+SUM(R326:R332)+SUM(R335:R342)+SUM(R345:R353)+SUM(R356:R362)+SUM(R365:R371)+SUM(R374:R384)+SUM(R387:R393)+SUM(R396:R400) -> 962463 | S11: =R11/O11*100 -> 29.553323 | T11: =SUM(T14:T15)+SUM(T18:T24)+SUM(T27:T38)+SUM(T41:T53)+SUM(T56:T58)+SUM(T61:T76)+SUM(T79:T82)+SUM(T85:T99)+SUM(T102:T104)+SUM(T107:T116)+SUM(T119:T125)+SUM(T128:T139)+SUM(T142:T152)+SUM(T155:T163)+SUM(T166:T176)+SUM(T179:T189)+SUM(T192:T203)+SUM(T206:T207)+SUM(T210:T219)+SUM(T222:T228)+SUM(T231:T235)+SUM(T238:T248)+SUM(T251:T261)+SUM(T264:T275)+SUM(T278:T283)+SUM(T286:T293)+SUM(T296:T304)+SUM(T307:T314)+SUM(T317:T323)+SUM(T326:T332)+SUM(T335:T342)+SUM(T345:T353)+SUM(T356:T362)+SUM(T365:T371)+SUM(T374:T384)+SUM(T387:T393)+SUM(T396:T400) -> 108110.3 | U11: =SUM(U14:U15)+SUM(U18:U24)+SUM(U27:U38)+SUM(U41:U53)+SUM(U56:U58)+SUM(U61:U76)+SUM(U79:U82)+SUM(U85:U99)+SUM(U102:U104)+SUM(U107:U116)+SUM(U119:U125)+SUM(U128:U139)+SUM(U142:U152)+SUM(U155:U163)+SUM(U166:U176)+SUM(U179:U189)+SUM(U192:U203)+SUM(U206:U207)+SUM(U210:U219)+SUM(U222:U228)+SUM(U231:U235)+SUM(U238:U248)+SUM(U251:U261)+SUM(U264:U275)+SUM(U278:U283)+SUM(U286:U293)+SUM(U296:U304)+SUM(U307:U314)+SUM(U317:U323)+SUM(U326:U332)+SUM(U335:U342)+SUM(U345:U353)+SUM(U356:U362)+SUM(U365:U371)+SUM(U374:U384)+SUM(U387:U393)+SUM(U396:U400) -> 108110.3 | V11: =SUM(V14:V15)+SUM(V18:V24)+SUM(V27:V38)+SUM(V41:V53)+SUM(V56:V58)+SUM(V61:V76)+SUM(V79:V82)+SUM(V85:V99)+SUM(V102:V104)+SUM(V107:V116)+SUM(V119:V125)+SUM(V128:V139)+SUM(V142:V152)+SUM(V155:V163)+SUM(V166:V176)+SUM(V179:V189)+SUM(V192:V203)+SUM(V206:V207)+SUM(V210:V219)+SUM(V222:V228)+SUM(V231:V235)+SUM(V238:V248)+SUM(V251:V261)+SUM(V264:V275)+SUM(V278:V283)+SUM(V286:V293)+SUM(V296:V304)+SUM(V307:V314)+SUM(V317:V323)+SUM(V326:V332)+SUM(V335:V342)+SUM(V345:V353)+SUM(V356:V362)+SUM(V365:V371)+SUM(V374:V384)+SUM(V387:V393)+SUM(V396:V400) -> 108110.3 | W11: =SUM(W14:W15)+SUM(W18:W24)+SUM(W27:W38)+SUM(W41:W53)+SUM(W56:W58)+SUM(W61:W76)+SUM(W79:W82)+SUM(W85:W99)+SUM(W102:W104)+SUM(W107:W116)+SUM(W119:W125)+SUM(W128:W139)+SUM(W142:W152)+SUM(W155:W163)+SUM(W166:W176)+SUM(W179:W189)+SUM(W192:W203)+SUM(W206:W207)+SUM(W210:W219)+SUM(W222:W228)+SUM(W231:W235)+SUM(W238:W248)+SUM(W251:W261)+SUM(W264:W275)+SUM(W278:W283)+SUM(W286:W293)+SUM(W296:W304)+SUM(W307:W314)+SUM(W317:W323)+SUM(W326:W332)+SUM(W335:W342)+SUM(W345:W353)+SUM(W356:W362)+SUM(W365:W371)+SUM(W374:W384)+SUM(W387:W393)+SUM(W396:W400) -> 0 | X11: =SUM(X14:X15)+SUM(X18:X24)+SUM(X27:X38)+SUM(X41:X53)+SUM(X56:X58)+SUM(X61:X76)+SUM(X79:X82)+SUM(X85:X99)+SUM(X102:X104)+SUM(X107:X116)+SUM(X119:X125)+SUM(X128:X139)+SUM(X142:X152)+SUM(X155:X163)+SUM(X166:X176)+SUM(X179:X189)+SUM(X192:X203)+SUM(X206:X207)+SUM(X210:X219)+SUM(X222:X228)+SUM(X231:X235)+SUM(X238:X248)+SUM(X251:X261)+SUM(X264:X275)+SUM(X278:X283)+SUM(X286:X293)+SUM(X296:X304)+SUM(X307:X314)+SUM(X317:X323)+SUM(X326:X332)+SUM(X335:X342)+SUM(X345:X353)+SUM(X356:X362)+SUM(X365:X371)+SUM(X374:X384)+SUM(X387:X393)+SUM(X396:X400) -> 16352.311 | Y11: =X11/U11*100 -> 15.125581 | Z11: =SUM(Z14:Z15)+SUM(Z18:Z24)+SUM(Z27:Z38)+SUM(Z41:Z53)+SUM(Z56:Z58)+SUM(Z61:Z76)+SUM(Z79:Z82)+SUM(Z85:Z99)+SUM(Z102:Z104)+SUM(Z107:Z116)+SUM(Z119:Z125)+SUM(Z128:Z139)+SUM(Z142:Z152)+SUM(Z155:Z163)+SUM(Z166:Z176)+SUM(Z179:Z189)+SUM(Z192:Z203)+SUM(Z206:Z207)+SUM(Z210:Z219)+SUM(Z222:Z228)+SUM(Z231:Z235)+SUM(Z238:Z248)+SUM(Z251:Z261)+SUM(Z264:Z275)+SUM(Z278:Z283)+SUM(Z286:Z293)+SUM(Z296:Z304)+SUM(Z307:Z314)+SUM(Z317:Z323)+SUM(Z326:Z332)+SUM(Z335:Z342)+SUM(Z345:Z353)+SUM(Z356:Z362)+SUM(Z365:Z371)+SUM(Z374:Z384)+SUM(Z387:Z393)+SUM(Z396:Z400) -> 696147.78 | AA11: =SUM(AA14:AA15)+SUM(AA18:AA24)+SUM(AA27:AA38)+SUM(AA41:AA53)+SUM(AA56:AA58)+SUM(AA61:AA76)+SUM(AA79:AA82)+SUM(AA85:AA99)+SUM(AA102:AA104)+SUM(AA107:AA116)+SUM(AA119:AA125)+SUM(AA128:AA139)+SUM(AA142:AA152)+SUM(AA155:AA163)+SUM(AA166:AA176)+SUM(AA179:AA189)+SUM(AA192:AA203)+SUM(AA206:AA207)+SUM(AA210:AA219)+SUM(AA222:AA228)+SUM(AA231:AA235)+SUM(AA238:AA248)+SUM(AA251:AA261)+SUM(AA264:AA275)+SUM(AA278:AA283)+SUM(AA286:AA293)+SUM(AA296:AA304)+SUM(AA307:AA314)+SUM(AA317:AA323)+SUM(AA326:AA332)+SUM(AA335:AA342)+SUM(AA345:AA353)+SUM(AA356:AA362)+SUM(AA365:AA371)+SUM(AA374:AA384)+SUM(AA387:AA393)+SUM(AA396:AA400) -> 808837.41 | AB11: =SUM(AB14:AB15)+SUM(AB18:AB24)+SUM(AB27:AB38)+SUM(AB41:AB53)+SUM(AB56:AB58)+SUM(AB61:AB76)+SUM(AB79:AB82)+SUM(AB85:AB99)+SUM(AB102:AB104)+SUM(AB107:AB116)+SUM(AB119:AB125)+SUM(AB128:AB139)+SUM(AB142:AB152)+SUM(AB155:AB163)+SUM(AB166:AB176)+SUM(AB179:AB189)+SUM(AB192:AB203)+SUM(AB206:AB207)+SUM(AB210:AB219)+SUM(AB222:AB228)+SUM(AB231:AB235)+SUM(AB238:AB248)+SUM(AB251:AB261)+SUM(AB264:AB275)+SUM(AB278:AB283)+SUM(AB286:AB293)+SUM(AB296:AB304)+SUM(AB307:AB314)+SUM(AB317:AB323)+SUM(AB326:AB332)+SUM(AB335:AB342)+SUM(AB345:AB353)+SUM(AB356:AB362)+SUM(AB365:AB371)+SUM(AB374:AB384)+SUM(AB387:AB393)+SUM(AB396:AB400) -> 808729.68 | AC11: =SUM(AC14:AC15)+SUM(AC18:AC24)+SUM(AC27:AC38)+SUM(AC41:AC53)+SUM(AC56:AC58)+SUM(AC61:AC76)+SUM(AC79:AC82)+SUM(AC85:AC99)+SUM(AC102:AC104)+SUM(AC107:AC116)+SUM(AC119:AC125)+SUM(AC128:AC139)+SUM(AC142:AC152)+SUM(AC155:AC163)+SUM(AC166:AC176)+SUM(AC179:AC189)+SUM(AC192:AC203)+SUM(AC206:AC207)+SUM(AC210:AC219)+SUM(AC222:AC228)+SUM(AC231:AC235)+SUM(AC238:AC248)+SUM(AC251:AC261)+SUM(AC264:AC275)+SUM(AC278:AC283)+SUM(AC286:AC293)+SUM(AC296:AC304)+SUM(AC307:AC314)+SUM(AC317:AC323)+SUM(AC326:AC332)+SUM(AC335:AC342)+SUM(AC345:AC353)+SUM(AC356:AC362)+SUM(AC365:AC371)+SUM(AC374:AC384)+SUM(AC387:AC393)+SUM(AC396:AC400) -> 107.72365 | AD11: =SUM(AD14:AD15)+SUM(AD18:AD24)+SUM(AD27:AD38)+SUM(AD41:AD53)+SUM(AD56:AD58)+SUM(AD61:AD76)+SUM(AD79:AD82)+SUM(AD85:AD99)+SUM(AD102:AD104)+SUM(AD107:AD116)+SUM(AD119:AD125)+SUM(AD128:AD139)+SUM(AD142:AD152)+SUM(AD155:AD163)+SUM(AD166:AD176)+SUM(AD179:AD189)+SUM(AD192:AD203)+SUM(AD206:AD207)+SUM(AD210:AD219)+SUM(AD222:AD228)+SUM(AD231:AD235)+SUM(AD238:AD248)+SUM(AD251:AD261)+SUM(AD264:AD275)+SUM(AD278:AD283)+SUM(AD286:AD293)+SUM(AD296:AD304)+SUM(AD307:AD314)+SUM(AD317:AD323)+SUM(AD326:AD332)+SUM(AD335:AD342)+SUM(AD345:AD353)+SUM(AD356:AD362)+SUM(AD365:AD371)+SUM(AD374:AD384)+SUM(AD387:AD393)+SUM(AD396:AD400) -> 97580.368 | AE11: =AD11/AA11*100 -> 12.064275
A12: Александрово-Гайский район (консолидированный) | B12: =H12+N12+T12+Z12 -> 585126.66 | C12: =I12+O12+U12+AA12 -> 649508.24 | D12: =J12+P12+V12+AB12 -> 641000.75 | E12: =K12+Q12+W12+AC12 -> 8507.4962 | F12: =L12+R12+X12+AD12 -> 123558.97 | G12: =F12/C12*100 -> 19.023465 | H12: =H13+H14+H15 -> 144896.6 | I12: =I13+I14+I15 -> 144896.6 | J12: =J13+J14+J15 -> 144896.6 | K12: =K13+K14+K15 -> 0 | L12: =L13+L14+L15 -> 44405.9 | M12: =L12/I12*100 -> 30.646613 | N12: =N13+N14+N15 -> 90383.463 | O12: =O13+O14+O15 -> 92049.847 | P12: =P13+P14+P15 -> 92049.847 | Q12: =Q13+Q14+Q15 -> 0 | R12: =R13+R14+R15 -> 6561.1742 | S12: =R12/O12*100 -> 7.1278491 | T12: =T13+T14+T15 -> 302949.2 | U12: =U13+U14+U15 -> 319928.7 | V12: =V13+V14+V15 -> 319928.7 | W12: =W13+W14+W15 -> 0 | X12: =X13+X14+X15 -> 58181.189 | Y12: =X12/U12*100 -> 18.185674 | Z12: =Z13+Z14+Z15 -> 46897.4 | AA12: =AA13+AA14+AA15 -> 92633.096 | AB12: =AB13+AB14+AB15 -> 84125.6 | AC12: =AC13+AC14+AC15 -> 8507.4962 | AD12: =AD13+AD14+AD15 -> 14410.708 | AE12: =AD12/AA12*100 -> 15.55676
A13: Александрово-Гайский район (собственный) | B13: =H13+N13+T13+Z13 -> 520173.66 | C13: =I13+O13+U13+AA13 -> 581239.44 | D13: =J13+P13+V13+AB13 -> 572731.95 | E13: =K13+Q13+W13+AC13 -> 8507.4962 | F13: =L13+R13+X13+AD13 -> 123055.32 | G13: =F13/C13*100 -> 21.171193 | H13: =Дотации!B14 -> 144896.6 | I13: =Дотации!C14 -> 144896.6 | J13: =Дотации!D14 -> 144896.6 | K13: =Дотации!E13 -> 0 | L13: =Дотации!F14 -> 44405.9 | M13: =L13/I13*100 -> 30.646613 | N13: =Субсидии!B14 -> 40707.463 | O13: =Субсидии!C14 -> 39373.847 | P13: =Субсидии!D14 -> 39373.847 | Q13: =Субсидии!E14 -> 0 | R13: =Субсидии!F14 -> 6561.1742 | S13: =R13/O13*100 -> 16.663788 | T13: ='Субвенции '!B16 -> 300765.9 | U13: ='Субвенции '!C16 -> 317745.4 | V13: ='Субвенции '!D16 -> 317745.4 | W13: ='Субвенции '!E16 -> 0 | X13: ='Субвенции '!F16 -> 57756.492 | Y13: =X13/U13*100 -> 18.176972 | Z13: =Иные!B14 -> 33803.7 | AA13: =Иные!C14 -> 79223.596 | AB13: =Иные!D14 -> 70716.1 | AC13: =Иные!E14 -> 8507.4962 | AD13: =Иные!F14 -> 14331.758 | AE13: =AD13/AA13*100 -> 18.090265
A14: Александрово-Гайское МО | B14: =H14+N14+T14+Z14 -> 60107.6 | C14: =I14+O14+U14+AA14 -> 63107.6 | D14: =J14+P14+V14+AB14 -> 63107.6 | E14: =K14+Q14+W14+AC14 -> 0 | F14: =L14+R14+X14+AD14 -> 376.01817 | G14: =F14/C14*100 -> 0.59583659 | H14: =Дотации!B15 -> 0 | I14: =Дотации!C15 -> 0 | J14: =Дотации!D15 -> 0 | K14: =Дотации!E15 -> 0 | L14: =Дотации!F15 -> 0 | N14: =Субсидии!B15 -> 45824 | O14: =Субсидии!C15 -> 48824 | P14: =Субсидии!D15 -> 48824 | Q14: =Субсидии!E15 -> 0 | R14: =Субсидии!F15 -> 0 | S14: =R14/O14*100 -> 0 | T14: ='Субвенции '!B17 -> 1926.3 | U14: ='Субвенции '!C17 -> 1926.3 | V14: ='Субвенции '!D17 -> 1926.3 | W14: ='Субвенции '!E17 -> 0 | X14: ='Субвенции '!F17 -> 376.01817 | Y14: =X14/U14*100 -> 19.520229 | Z14: =Иные!B15 -> 12357.3 | AA14: =Иные!C15 -> 12357.3 | AB14: =Иные!D15 -> 12357.3 | AC14: =Иные!E15 -> 0 | AD14: =Иные!F15 -> 0 | AE14: =AD14/AA14*100 -> 0
A15: Новоалександровское МО | B15: =H15+N15+T15+Z15 -> 4845.4 | C15: =I15+O15+U15+AA15 -> 5161.2 | D15: =J15+P15+V15+AB15 -> 5161.2 | E15: =K15+Q15+W15+AC15 -> 0 | F15: =L15+R15+X15+AD15 -> 127.62962 | G15: =F15/C15*100 -> 2.4728672 | N15: =Субсидии!B16 -> 3852 | O15: =Субсидии!C16 -> 3852 | P15: =Субсидии!D16 -> 3852 | Q15: =Субсидии!E16 -> 0 | R15: =Субсидии!F16 -> 0 | S15: =R15/O15*100 -> 0 | T15: ='Субвенции '!B18 -> 257 | U15: ='Субвенции '!C18 -> 257 | V15: ='Субвенции '!D18 -> 257 | W15: ='Субвенции '!E18 -> 0 | X15: ='Субвенции '!F18 -> 48.67962 | Y15: =X15/U15*100 -> 18.941486 | Z15: =Иные!B16 -> 736.4 | AA15: =Иные!C16 -> 1052.2 | AB15: =Иные!D16 -> 1052.2 | AC15: =Иные!E16 -> 0 | AD15: =Иные!F16 -> 78.95 | AE15: =AD15/AA15*100 -> 7.5033264
A16: Аркадакский район (консолидированный) | B16: =H16+N16+T16+Z16 -> 585777.19 | C16: =I16+O16+U16+AA16 -> 618476.95 | D16: =J16+P16+V16+AB16 -> 618476.95 | E16: =K16+Q16+W16+AC16 -> 0 | F16: =L16+R16+X16+AD16 -> 105511.53 | G16: =F16/C16*100 -> 17.059898 | H16: =SUM(H17:H24) -> 72956.1 | I16: =SUM(I17:I24) -> 72956.1 | J16: =SUM(J17:J24) -> 72956.1 | K16: =SUM(K17:K24) -> 0 | L16: =SUM(L17:L24) -> 18239.1 | M16: =L16/I16*100 -> 25.000103 | N16: =SUM(N17:N24) -> 76234.668 | O16: =SUM(O17:O24) -> 75030.126 | P16: =SUM(P17:P24) -> 75030.126 | Q16: =SUM(Q17:Q24) -> 0 | R16: =SUM(R17:R24) -> 8850.435 | S16: =R16/O16*100 -> 11.795842 | T16: =SUM(T17:T24) -> 407685.1 | U16: =SUM(U17:U24) -> 423611.7 | V16: =SUM(V17:V24) -> 423611.7 | W16: =SUM(W17:W24) -> 0 | X16: =SUM(X17:X24) -> 70045.256 | Y16: =X16/U16*100 -> 16.53525 | Z16: =SUM(Z17:Z24) -> 28901.319 | AA16: =SUM(AA17:AA24) -> 46879.019 | AB16: =SUM(AB17:AB24) -> 46879.019 | AC16: =SUM(AC17:AC24) -> 0 | AD16: =SUM(AD17:AD24) -> 8376.7437 | AE16: =AD16/AA16*100 -> 17.868854
A17: Аркадакский район (собственный) | B17: =H17+N17+T17+Z17 -> 548283.27 | C17: =I17+O17+U17+AA17 -> 577271.42 | D17: =J17+P17+V17+AB17 -> 577271.42 | E17: =K17+Q17+W17+AC17 -> 0 | F17: =L17+R17+X17+AD17 -> 104980.18 | G17: =F17/C17*100 -> 18.185584 | H17: =Дотации!B16 -> 72956.1 | I17: =Дотации!C16 -> 72956.1 | J17: =Дотации!D16 -> 72956.1 | K17: =Дотации!E16 -> 0 | L17: =Дотации!F16 -> 18239.1 | M17: =L17/I17*100 -> 25.000103 | N17: =Субсидии!B18 -> 46294.668 | O17: =Субсидии!C18 -> 42501.118 | P17: =Субсидии!D18 -> 42501.118 | Q17: =Субсидии!E18 -> 0 | R17: =Субсидии!F18 -> 8850.435 | S17: =R17/O17*100 -> 20.824005 | T17: ='Субвенции '!B20 -> 405187.6 | U17: ='Субвенции '!C20 -> 421114.2 | V17: ='Субвенции '!D20 -> 421114.2 | W17: ='Субвенции '!E20 -> 0 | X17: ='Субвенции '!F20 -> 69674.281 | Y17: =X17/U17*100 -> 16.545222 | Z17: =Иные!B18 -> 23844.9 | AA17: =Иные!C18 -> 40700 | AB17: =Иные!D18 -> 40700 | AC17: =Иные!E18 -> 0 | AD17: =Иные!F18 -> 8216.3633 | AE17: =AD17/AA17*100 -> 20.187625
A18: город Аркадак | B18: =H18+N18+T18+Z18 -> 12191.319 | C18: =I18+O18+U18+AA18 -> 12191.319 | D18: =J18+P18+V18+AB18 -> 12191.319 | E18: =K18+Q18+W18+AC18 -> 0 | F18: =L18+R18+X18+AD18 -> 164.32294 | G18: =F18/C18*100 -> 1.3478684 | N18: =Субсидии!B19 -> 6000 | O18: =Субсидии!C19 -> 6000 | P18: =Субсидии!D19 -> 6000 | Q18: =Субсидии!E19 -> 0 | R18: =Субсидии!F19 -> 0 | S18: =R18/O18*100 -> 0 | T18: ='Субвенции '!B21 -> 1134.9 | U18: ='Субвенции '!C21 -> 1134.9 | V18: ='Субвенции '!D21 -> 1134.9 | W18: ='Субвенции '!E21 -> 0 | X18: ='Субвенции '!F21 -> 164.32294 | Y18: =X18/U18*100 -> 14.479068 | Z18: =Иные!B19 -> 5056.4195 | AA18: =Иные!C19 -> 5056.4195 | AB18: =Иные!D19 -> 5056.4195 | AC18: =Иные!E19 -> 0 | AD18: =Иные!F19 -> 0 | AE18: =AD18/AA18*100 -> 0
A19: Большежуравское МО | B19: =H19+N19+T19+Z19 -> 3386.1 | C19: =I19+O19+U19+AA19 -> 4760.8187 | D19: =J19+P19+V19+AB19 -> 4760.8187 | E19: =K19+Q19+W19+AC19 -> 0 | F19: =L19+R19+X19+AD19 -> 82.11904 | G19: =F19/C19*100 -> 1.7248932 | N19: =Субсидии!B20 -> 3159 | O19: =Субсидии!C20 -> 4188.9187 | P19: =Субсидии!D20 -> 4188.9187 | Q19: =Субсидии!E20 -> 0 | R19: =Субсидии!F20 -> 0 | S19: =R19/O19*100 -> 0 | T19: ='Субвенции '!B22 -> 227.1 | U19: ='Субвенции '!C22 -> 227.1 | V19: ='Субвенции '!D22 -> 227.1 | W19: ='Субвенции '!E22 -> 0 | X19: ='Субвенции '!F22 -> 32.86438 | Y19: =X19/U19*100 -> 14.471325 | Z19: =Иные!B20 -> 0 | AA19: =Иные!C20 -> 344.8 | AB19: =Иные!D20 -> 344.8 | AC19: =Иные!E20 -> 0 | AD19: =Иные!F20 -> 49.25466 | AE19: =AD19/AA19*100 -> 14.284994
A20: Краснознаменское МО | B20: =H20+N20+T20+Z20 -> 4472.1 | C20: =I20+O20+U20+AA20 -> 4741.4 | D20: =J20+P20+V20+AB20 -> 4741.4 | E20: =K20+Q20+W20+AC20 -> 0 | F20: =L20+R20+X20+AD20 -> 71.33508 | G20: =F20/C20*100 -> 1.5045151 | N20: =Субсидии!B21 -> 4245 | O20: =Субсидии!C21 -> 4245 | P20: =Субсидии!D21 -> 4245 | Q20: =Субсидии!E21 -> 0 | R20: =Субсидии!F21 -> 0 | S20: =R20/O20*100 -> 0 | T20: ='Субвенции '!B23 -> 227.1 | U20: ='Субвенции '!C23 -> 227.1 | V20: ='Субвенции '!D23 -> 227.1 | W20: ='Субвенции '!E23 -> 0 | X20: ='Субвенции '!F23 -> 32.86358 | Y20: =X20/U20*100 -> 14.470973 | Z20: =Иные!B21 -> 0 | AA20: =Иные!C21 -> 269.3 | AB20: =Иные!D21 -> 269.3 | AC20: =Иные!E21 -> 0 | AD20: =Иные!F21 -> 38.4715 | AE20: =AD20/AA20*100 -> 14.285741
A21: Львовское МО | B21: =H21+N21+T21+Z21 -> 3191.1 | C21: =I21+O21+U21+AA21 -> 3226.9 | D21: =J21+P21+V21+AB21 -> 3226.9 | E21: =K21+Q21+W21+AC21 -> 0 | F21: =L21+R21+X21+AD21 -> 47.44695 | G21: =F21/C21*100 -> 1.470357 | N21: =Субсидии!B22 -> 2964 | O21: =Субсидии!C22 -> 2964 | P21: =Субсидии!D22 -> 2964 | Q21: =Субсидии!E22 -> 0 | R21: =Субсидии!F22 -> 0 | S21: =R21/O21*100 -> 0 | T21: ='Субвенции '!B24 -> 227.1 | U21: ='Субвенции '!C24 -> 227.1 | V21: ='Субвенции '!D24 -> 227.1 | W21: ='Субвенции '!E24 -> 0 | X21: ='Субвенции '!F24 -> 42.33009 | Y21: =X21/U21*100 -> 18.639406 | Z21: =Иные!B22 -> 0 | AA21: =Иные!C22 -> 35.8 | AB21: =Иные!D22 -> 35.8 | AC21: =Иные!E22 -> 0 | AD21: =Иные!F22 -> 5.11686 | AE21: =AD21/AA21*100 -> 14.292905
A22: Малиновское МО | B22: =H22+N22+T22+Z22 -> 4745.1 | C22: =I22+O22+U22+AA22 -> 4948.5 | D22: =J22+P22+V22+AB22 -> 4948.5 | E22: =K22+Q22+W22+AC22 -> 0 | F22: =L22+R22+X22+AD22 -> 61.93042 | G22: =F22/C22*100 -> 1.2514988 | N22: =Субсидии!B23 -> 4518 | O22: =Субсидии!C23 -> 4518 | P22: =Субсидии!D23 -> 4518 | Q22: =Субсидии!E23 -> 0 | R22: =Субсидии!F23 -> 0 | S22: =R22/O22*100 -> 0 | T22: ='Субвенции '!B25 -> 227.1 | U22: ='Субвенции '!C25 -> 227.1 | V22: ='Субвенции '!D25 -> 227.1 | W22: ='Субвенции '!E25 -> 0 | X22: ='Субвенции '!F25 -> 32.86458 | Y22: =X22/U22*100 -> 14.471413 | Z22: =Иные!B23 -> 0 | AA22: =Иные!C23 -> 203.4 | AB22: =Иные!D23 -> 203.4 | AC22: =Иные!E23 -> 0 | AD22: =Иные!F23 -> 29.06584 | AE22: =AD22/AA22*100 -> 14.28999
A23: Росташовское МО | B23: =H23+N23+T23+Z23 -> 5099.1 | C23: =I23+O23+U23+AA23 -> 5869.1 | D23: =J23+P23+V23+AB23 -> 5869.1 | E23: =K23+Q23+W23+AC23 -> 0 | F23: =L23+R23+X23+AD23 -> 32.86458 | G23: =F23/C23*100 -> 0.55995945 | N23: =Субсидии!B24 -> 4872 | O23: =Субсидии!C24 -> 5642 | P23: =Субсидии!D24 -> 5642 | Q23: =Субсидии!E24 -> 0 | R23: =Субсидии!F24 -> 0 | S23: =R23/O23*100 -> 0 | T23: ='Субвенции '!B26 -> 227.1 | U23: ='Субвенции '!C26 -> 227.1 | V23: ='Субвенции '!D26 -> 227.1 | W23: ='Субвенции '!E26 -> 0 | X23: ='Субвенции '!F26 -> 32.86458 | Y23: =X23/U23*100 -> 14.471413
A24: Семеновское МО | B24: =H24+N24+T24+Z24 -> 4409.1 | C24: =I24+O24+U24+AA24 -> 5467.4896 | D24: =J24+P24+V24+AB24 -> 5467.4896 | E24: =K24+Q24+W24+AC24 -> 0 | F24: =L24+R24+X24+AD24 -> 71.33607 | G24: =F24/C24*100 -> 1.3047317 | N24: =Субсидии!B25 -> 4182 | O24: =Субсидии!C25 -> 4971.0896 | P24: =Субсидии!D25 -> 4971.0896 | Q24: =Субсидии!E25 -> 0 | R24: =Субсидии!F25 -> 0 | S24: =R24/O24*100 -> 0 | T24: ='Субвенции '!B27 -> 227.1 | U24: ='Субвенции '!C27 -> 227.1 | V24: ='Субвенции '!D27 -> 227.1 | W24: ='Субвенции '!E27 -> 0 | X24: ='Субвенции '!F27 -> 32.86457 | Y24: =X24/U24*100 -> 14.471409 | Z24: =Иные!B24 -> 0 | AA24: =Иные!C24 -> 269.3 | AB24: =Иные!D24 -> 269.3 | AC24: =Иные!E24 -> 0 | AD24: =Иные!F24 -> 38.4715 | AE24: =AD24/AA24*100 -> 14.285741
A25: Аткарский район (консолидированный) | B25: =H25+N25+T25+Z25 -> 1747542.8 | C25: =I25+O25+U25+AA25 -> 1939292.3 | D25: =J25+P25+V25+AB25 -> 1939292.3 | E25: =K25+Q25+W25+AC25 -> 0 | F25: =L25+R25+X25+AD25 -> 794213.46 | G25: =F25/C25*100 -> 40.953777 | H25: =SUM(H26:H38) -> 163251.2 | I25: =SUM(I26:I38) -> 163251.2 | J25: =SUM(J26:J38) -> 163251.2 | K25: =SUM(K26:K38) -> 0 | L25: =SUM(L26:L38) -> 40812.9 | M25: =L25/I25*100 -> 25.000061 | N25: =SUM(N26:N38) -> 901707.22 | O25: =SUM(O26:O38) -> 909480.83 | P25: =SUM(P26:P38) -> 909480.83 | Q25: =SUM(Q26:Q38) -> 0 | R25: =SUM(R26:R38) -> 594749.92 | S25: =R25/O25*100 -> 65.394442 | T25: =SUM(T26:T38) -> 623173.1 | U25: =SUM(U26:U38) -> 666224.6 | V25: =SUM(V26:V38) -> 666224.6 | W25: =SUM(W26:W38) -> 0 | X25: =SUM(X26:X38) -> 139149.23 | Y25: =X25/U25*100 -> 20.886234 | Z25: =SUM(Z26:Z38) -> 59411.3 | AA25: =SUM(AA26:AA38) -> 200335.7 | AB25: =SUM(AB26:AB38) -> 200335.7 | AC25: =SUM(AC26:AC38) -> 0 | AD25: =SUM(AD26:AD38) -> 19501.416 | AE25: =AD25/AA25*100 -> 9.7343687
A26: Аткарский район (собственный) | B26: =H26+N26+T26+Z26 -> 1202724.3 | C26: =I26+O26+U26+AA26 -> 1393059.3 | D26: =J26+P26+V26+AB26 -> 1393059.3 | E26: =K26+Q26+W26+AC26 -> 0 | F26: =L26+R26+X26+AD26 -> 305773.66 | G26: =F26/C26*100 -> 21.949794 | H26: =Дотации!B18 -> 163251.2 | I26: =Дотации!C19 -> 163251.2 | J26: =Дотации!D19 -> 163251.2 | K26: =Дотации!E18 -> 0 | L26: =Дотации!F19 -> 40812.9 | M26: =L26/I26*100 -> 25.000061 | N26: =Субсидии!B27 -> 365861.69 | O26: =Субсидии!C27 -> 372220.84 | P26: =Субсидии!D27 -> 372220.84 | Q26: =Субсидии!E27 -> 0 | R26: =Субсидии!F27 -> 106735.09 | S26: =R26/O26*100 -> 28.675204 | T26: ='Субвенции '!B29 -> 619200.1 | U26: ='Субвенции '!C29 -> 662251.6 | V26: ='Субвенции '!D29 -> 662251.6 | W26: ='Субвенции '!E29 -> 0 | X26: ='Субвенции '!F29 -> 138724.26 | Y26: =X26/U26*100 -> 20.947365 | Z26: =Иные!B26 -> 54411.3 | AA26: =Иные!C26 -> 195335.7 | AB26: =Иные!D26 -> 195335.7 | AC26: =Иные!E26 -> 0 | AD26: =Иные!F26 -> 19501.416 | AE26: =AD26/AA26*100 -> 9.9835389
A27: город Аткарск | B27: =H27+N27+T27+Z27 -> 507284.63 | C27: =I27+O27+U27+AA27 -> 507284.63 | D27: =J27+P27+V27+AB27 -> 507284.63 | E27: =K27+Q27+W27+AC27 -> 0 | F27: =L27+R27+X27+AD27 -> 488222.31 | G27: =F27/C27*100 -> 96.242284 | H27: =Дотации!B20 -> 0 | I27: =Дотации!C20 -> 0 | J27: =Дотации!D20 -> 0 | L27: =Дотации!F20 -> 0 | N27: =Субсидии!B28 -> 500014.83 | O27: =Субсидии!C28 -> 500014.83 | P27: =Субсидии!D28 -> 500014.83 | Q27: =Субсидии!E28 -> 0 | R27: =Субсидии!F28 -> 488014.83 | S27: =R27/O27*100 -> 97.600071 | T27: ='Субвенции '!B30 -> 2269.8 | U27: ='Субвенции '!C30 -> 2269.8 | V27: ='Субвенции '!D30 -> 2269.8 | W27: ='Субвенции '!E30 -> 0 | X27: ='Субвенции '!F30 -> 207.48483 | Y27: =X27/U27*100 -> 9.1411063 | Z27: =Иные!B27 -> 5000 | AA27: =Иные!C27 -> 5000 | AB27: =Иные!D27 -> 5000 | AC27: =Иные!E27 -> 0 | AD27: =Иные!F27 -> 0 | AE27: =AD27/AA27*100 -> 0
A28: Барановское МО | B28: =H28+N28+T28+Z28 -> 5003.1 | C28: =I28+O28+U28+AA28 -> 5003.1 | D28: =J28+P28+V28+AB28 -> 5003.1 | E28: =K28+Q28+W28+AC28 -> 0 | F28: =L28+R28+X28+AD28 -> 31.22559 | G28: =F28/C28*100 -> 0.62412484 | N28: =Субсидии!B29 -> 4776 | O28: =Субсидии!C29 -> 4776 | P28: =Субсидии!D29 -> 4776 | Q28: =Субсидии!E29 -> 0 | R28: =Субсидии!F29 -> 0 | S28: =R28/O28*100 -> 0 | T28: ='Субвенции '!B31 -> 227.1 | U28: ='Субвенции '!C31 -> 227.1 | V28: ='Субвенции '!D31 -> 227.1 | W28: ='Субвенции '!E31 -> 0 | X28: ='Субвенции '!F31 -> 31.22559 | Y28: =X28/U28*100 -> 13.749709 | Z28: =Иные!B28 -> 0 | AA28: =Иные!C28 -> 0 | AB28: =Иные!D28 -> 0 | AC28: =Иные!E28 -> 0 | AD28: =Иные!F28 -> 0
A29: Большеекатериновское МО | B29: =H29+N29+T29+Z29 -> 0 | C29: =I29+O29+U29+AA29 -> 0 | D29: =J29+P29+V29+AB29 -> 0 | E29: =K29+Q29+W29+AC29 -> 0 | F29: =L29+R29+X29+AD29 -> 0 | N29: =Субсидии!B30 -> 0 | O29: =Субсидии!C30 -> 0 | P29: =Субсидии!D30 -> 0 | Q29: =Субсидии!E30 -> 0 | R29: =Субсидии!F30 -> 0 | T29: ='Субвенции '!B32 -> 0 | U29: ='Субвенции '!C32 -> 0 | V29: ='Субвенции '!D32 -> 0 | W29: ='Субвенции '!E32 -> 0 | X29: ='Субвенции '!F32 -> 0
A30: Даниловское МО | B30: =H30+N30+T30+Z30 -> 8112.7 | C30: =I30+O30+U30+AA30 -> 8112.7 | D30: =J30+P30+V30+AB30 -> 8112.7 | E30: =K30+Q30+W30+AC30 -> 0 | F30: =L30+R30+X30+AD30 -> 75.55625 | G30: =F30/C30*100 -> 0.93133297 | N30: =Субсидии!B31 -> 7545 | O30: =Субсидии!C31 -> 7545 | P30: =Субсидии!D31 -> 7545 | Q30: =Субсидии!E31 -> 0 | R30: =Субсидии!F31 -> 0 | S30: =R30/O30*100 -> 0 | T30: ='Субвенции '!B33 -> 567.7 | U30: ='Субвенции '!C33 -> 567.7 | V30: ='Субвенции '!D33 -> 567.7 | W30: ='Субвенции '!E33 -> 0 | X30: ='Субвенции '!F33 -> 75.55625 | Y30: =X30/U30*100 -> 13.309186 | Z30: =Иные!B29 -> 0 | AA30: =Иные!C29 -> 0 | AB30: =Иные!D29 -> 0 | AC30: =Иные!E29 -> 0 | AD30: =Иные!F29 -> 0
A31: Ершовское МО | B31: =H31+N31+T31+Z31 -> 6291.8 | C31: =I31+O31+U31+AA31 -> 6291.82 | D31: =J31+P31+V31+AB31 -> 6291.82 | E31: =K31+Q31+W31+AC31 -> 0 | F31: =L31+R31+X31+AD31 -> 30.7886 | G31: =F31/C31*100 -> 0.48934331 | N31: =Субсидии!B32 -> 6064.7 | O31: =Субсидии!C32 -> 6064.72 | P31: =Субсидии!D32 -> 6064.72 | Q31: =Субсидии!E32 -> 0 | R31: =Субсидии!F32 -> 0 | S31: =R31/O31*100 -> 0 | T31: ='Субвенции '!B34 -> 227.1 | U31: ='Субвенции '!C34 -> 227.1 | V31: ='Субвенции '!D34 -> 227.1 | W31: ='Субвенции '!E34 -> 0 | X31: ='Субвенции '!F34 -> 30.7886 | Y31: =X31/U31*100 -> 13.557288
A32: Кочетовское МО | B32: =H32+N32+T32+Z32 -> 5684.1 | C32: =I32+O32+U32+AA32 -> 5684.1 | D32: =J32+P32+V32+AB32 -> 5684.1 | E32: =K32+Q32+W32+AC32 -> 0 | F32: =L32+R32+X32+AD32 -> 32.53115 | G32: =F32/C32*100 -> 0.5723184 | N32: =Субсидии!B33 -> 5457 | O32: =Субсидии!C33 -> 5457 | P32: =Субсидии!D33 -> 5457 | Q32: =Субсидии!E33 -> 0 | R32: =Субсидии!F33 -> 0 | S32: =R32/O32*100 -> 0 | T32: ='Субвенции '!B35 -> 227.1 | U32: ='Субвенции '!C35 -> 227.1 | V32: ='Субвенции '!D35 -> 227.1 | W32: ='Субвенции '!E35 -> 0 | X32: ='Субвенции '!F35 -> 32.53115 | Y32: =X32/U32*100 -> 14.324593
A33: Лопуховское МО | B33: =H33+N33+T33+Z33 -> 6074.1 | C33: =I33+O33+U33+AA33 -> 7488.534 | D33: =J33+P33+V33+AB33 -> 7488.534 | E33: =K33+Q33+W33+AC33 -> 0 | F33: =L33+R33+X33+AD33 -> 31.27355 | G33: =F33/C33*100 -> 0.41761912 | N33: =Субсидии!B34 -> 5847 | O33: =Субсидии!C34 -> 7261.434 | P33: =Субсидии!D34 -> 7261.434 | Q33: =Субсидии!E34 -> 0 | R33: =Субсидии!F34 -> 0 | S33: =R33/O33*100 -> 0 | T33: ='Субвенции '!B36 -> 227.1 | U33: ='Субвенции '!C36 -> 227.1 | V33: ='Субвенции '!D36 -> 227.1 | W33: ='Субвенции '!E36 -> 0 | X33: ='Субвенции '!F36 -> 31.27355 | Y33: =X33/U33*100 -> 13.770828
A34: Озерное МО | B34: =H34+N34+T34+Z34 -> 6368.1 | C34: =I34+O34+U34+AA34 -> 6368.1 | D34: =J34+P34+V34+AB34 -> 6368.1 | E34: =K34+Q34+W34+AC34 -> 0 | F34: =L34+R34+X34+AD34 -> 16.11016 | G34: =F34/C34*100 -> 0.25298221 | N34: =Субсидии!B35 -> 6141 | O34: =Субсидии!C35 -> 6141 | P34: =Субсидии!D35 -> 6141 | Q34: =Субсидии!E35 -> 0 | R34: =Субсидии!F35 -> 0 | S34: =R34/O34*100 -> 0 | T34: ='Субвенции '!B37 -> 227.1 | U34: ='Субвенции '!C37 -> 227.1 | V34: ='Субвенции '!D37 -> 227.1 | W34: ='Субвенции '!E37 -> 0 | X34: ='Субвенции '!F37 -> 16.11016 | Y34: =X34/U34*100 -> 7.0938617
A35: Песчанское МО | B35: =H35+N35+T35+Z35 -> 0 | C35: =I35+O35+U35+AA35 -> 0 | D35: =J35+P35+V35+AB35 -> 0 | E35: =K35+Q35+W35+AC35 -> 0 | F35: =L35+R35+X35+AD35 -> 0 | N35: =Субсидии!B36 -> 0 | O35: =Субсидии!C36 -> 0 | P35: =Субсидии!D36 -> 0 | Q35: =Субсидии!E36 -> 0 | R35: =Субсидии!F36 -> 0 | T35: ='Субвенции '!B38 -> 0 | U35: ='Субвенции '!C38 -> 0 | V35: ='Субвенции '!D38 -> 0 | W35: ='Субвенции '!E38 -> 0 | X35: ='Субвенции '!F38 -> 0
A36: Петровское МО | B36: =H36+N36+T36+Z36 -> 0 | C36: =I36+O36+U36+AA36 -> 0 | D36: =J36+P36+V36+AB36 -> 0 | E36: =K36+Q36+W36+AC36 -> 0 | F36: =L36+R36+X36+AD36 -> 0 | N36: =Субсидии!B37 -> 0 | O36: =Субсидии!C37 -> 0 | P36: =Субсидии!D37 -> 0 | Q36: =Субсидии!E37 -> 0 | R36: =Субсидии!F37 -> 0 | T36: ='Субвенции '!B39 -> 0 | U36: ='Субвенции '!C39 -> 0 | V36: ='Субвенции '!D39 -> 0 | W36: ='Субвенции '!E39 -> 0 | X36: ='Субвенции '!F39 -> 0
A37: Тургеневское МО | B37: =H37+N37+T37+Z37 -> 0 | C37: =I37+O37+U37+AA37 -> 0 | D37: =J37+P37+V37+AB37 -> 0 | E37: =K37+Q37+W37+AC37 -> 0 | F37: =L37+R37+X37+AD37 -> 0 | N37: =Субсидии!B38 -> 0 | O37: =Субсидии!C38 -> 0 | P37: =Субсидии!D38 -> 0 | Q37: =Субсидии!E38 -> 0 | R37: =Субсидии!F38 -> 0 | T37: ='Субвенции '!B40 -> 0 | U37: ='Субвенции '!C40 -> 0 | V37: ='Субвенции '!D40 -> 0 | W37: ='Субвенции '!E40 -> 0 | X37: ='Субвенции '!F40 -> 0
A38: Языковское МО | B38: =H38+N38+T38+Z38 -> 0 | C38: =I38+O38+U38+AA38 -> 0 | D38: =J38+P38+V38+AB38 -> 0 | E38: =K38+Q38+W38+AC38 -> 0 | F38: =L38+R38+X38+AD38 -> 0 | N38: =Субсидии!B39 -> 0 | O38: =Субсидии!C39 -> 0 | P38: =Субсидии!D39 -> 0 | Q38: =Субсидии!E39 -> 0 | R38: =Субсидии!F39 -> 0 | T38: ='Субвенции '!B41 -> 0 | U38: ='Субвенции '!C41 -> 0 | V38: ='Субвенции '!D41 -> 0 | W38: ='Субвенции '!E41 -> 0 | X38: ='Субвенции '!F41 -> 0
A39: Базарно-Карабулакский район (консолидированный) | B39: =H39+N39+T39+Z39 -> 780521.57 | C39: =I39+O39+U39+AA39 -> 854358.92 | D39: =J39+P39+V39+AB39 -> 854358.92 | E39: =K39+Q39+W39+AC39 -> 0 | F39: =L39+R39+X39+AD39 -> 188811.37 | G39: =F39/C39*100 -> 22.099771 | H39: =SUM(H40:H53) -> 170861 | I39: =SUM(I40:I53) -> 170861 | J39: =SUM(J40:J53) -> 170861 | K39: =SUM(K40:K53) -> 0 | L39: =SUM(L40:L53) -> 55397 | M39: =L39/I39*100 -> 32.422261 | N39: =SUM(N40:N53) -> 132535.17 | O39: =SUM(O40:O53) -> 153847.32 | P39: =SUM(P40:P53) -> 153847.32 | Q39: =SUM(Q40:Q53) -> 0 | R39: =SUM(R40:R53) -> 28919.245 | S39: =R39/O39*100 -> 18.797366 | T39: =SUM(T40:T53) -> 430592.9 | U39: =SUM(U40:U53) -> 458061.8 | V39: =SUM(V40:V53) -> 458061.8 | W39: =SUM(W40:W53) -> 0 | X39: =SUM(X40:X53) -> 93407.482 | Y39: =X39/U39*100 -> 20.391895 | Z39: =SUM(Z40:Z53) -> 46532.5 | AA39: =SUM(AA40:AA53) -> 71588.8 | AB39: =SUM(AB40:AB53) -> 71588.8 | AC39: =SUM(AC40:AC53) -> 0 | AD39: =SUM(AD40:AD53) -> 11087.639 | AE39: =AD39/AA39*100 -> 15.487953
A40: Базарно-Карабулакский район (собственный) | B40: =H40+N40+T40+Z40 -> 729581.47 | C40: =I40+O40+U40+AA40 -> 800718.82 | D40: =J40+P40+V40+AB40 -> 800718.82 | E40: =K40+Q40+W40+AC40 -> 0 | F40: =L40+R40+X40+AD40 -> 187250.33 | G40: =F40/C40*100 -> 23.385279 | H40: =Дотации!B21 -> 170861 | I40: =Дотации!C21 -> 170861 | J40: =Дотации!D21 -> 170861 | K40: =Дотации!E21 -> 0 | L40: =Дотации!F21 -> 55397 | M40: =L40/I40*100 -> 32.422261 | N40: =Субсидии!B41 -> 91801.172 | O40: =Субсидии!C41 -> 113113.32 | P40: =Субсидии!D41 -> 113113.32 | Q40: =Субсидии!E41 -> 0 | R40: =Субсидии!F41 -> 28919.245 | S40: =R40/O40*100 -> 25.566612 | T40: ='Субвенции '!B43 -> 427527.2 | U40: ='Субвенции '!C43 -> 454996.1 | V40: ='Субвенции '!D43 -> 454996.1 | W40: ='Субвенции '!E43 -> 0 | X40: ='Субвенции '!F43 -> 92810.641 | Y40: =X40/U40*100 -> 20.398118 | Z40: =Иные!B31 -> 39392.1 | AA40: =Иные!C31 -> 61748.4 | AB40: =Иные!D31 -> 61748.4 | AC40: =Иные!E31 -> 0 | AD40: =Иные!F31 -> 10123.445 | AE40: =AD40/AA40*100 -> 16.394668
A41: Алексеевское МО | B41: =H41+N41+T41+Z41 -> 9044.1 | C41: =I41+O41+U41+AA41 -> 9362 | D41: =J41+P41+V41+AB41 -> 9362 | E41: =K41+Q41+W41+AC41 -> 0 | F41: =L41+R41+X41+AD41 -> 159.41486 | G41: =F41/C41*100 -> 1.7027864 | N41: =Субсидии!B42 -> 7116 | O41: =Субсидии!C42 -> 7116 | P41: =Субсидии!D42 -> 7116 | Q41: =Субсидии!E42 -> 0 | R41: =Субсидии!F42 -> 0 | S41: =R41/O41*100 -> 0 | T41: ='Субвенции '!B44 -> 567.7 | U41: ='Субвенции '!C44 -> 567.7 | V41: ='Субвенции '!D44 -> 567.7 | W41: ='Субвенции '!E44 -> 0 | X41: ='Субвенции '!F44 -> 107.52336 | Y41: =X41/U41*100 -> 18.940173 | Z41: =Иные!B32 -> 1360.4 | AA41: =Иные!C32 -> 1678.3 | AB41: =Иные!D32 -> 1678.3 | AC41: =Иные!E32 -> 0 | AD41: =Иные!F32 -> 51.8915
A42: Базарно-Карабулакское МО | B42: =H42+N42+T42+Z42 -> 6000 | C42: =I42+O42+U42+AA42 -> 6000 | D42: =J42+P42+V42+AB42 -> 6000 | E42: =K42+Q42+W42+AC42 -> 0 | F42: =L42+R42+X42+AD42 -> 0 | G42: =F42/C42*100 -> 0 | N42: =Субсидии!B43 -> 6000 | O42: =Субсидии!C43 -> 6000 | P42: =Субсидии!D43 -> 6000 | Q42: =Субсидии!E43 -> 0 | R42: =Субсидии!F43 -> 0 | S42: =R42/O42*100 -> 0 | Z42: =Иные!B33 -> 0 | AA42: =Иные!C33 -> 0 | AB42: =Иные!D33 -> 0 | AC42: =Иные!E33 -> 0 | AD42: =Иные!F33 -> 0
A43: Большечечуйское МО | B43: =H43+N43+T43+Z43 -> 2524.9 | C43: =I43+O43+U43+AA43 -> 2598.3 | D43: =J43+P43+V43+AB43 -> 2598.3 | E43: =K43+Q43+W43+AC43 -> 0 | F43: =L43+R43+X43+AD43 -> 67.73303 | G43: =F43/C43*100 -> 2.606821 | N43: =Субсидии!B44 -> 1929 | O43: =Субсидии!C44 -> 1929 | P43: =Субсидии!D44 -> 1929 | Q43: =Субсидии!E44 -> 0 | R43: =Субсидии!F44 -> 0 | S43: =R43/O43*100 -> 0 | T43: ='Субвенции '!B45 -> 227.1 | U43: ='Субвенции '!C45 -> 227.1 | V43: ='Субвенции '!D45 -> 227.1 | W43: ='Субвенции '!E45 -> 0 | X43: ='Субвенции '!F45 -> 49.38303 | Y43: =X43/U43*100 -> 21.745059 | Z43: =Иные!B34 -> 368.8 | AA43: =Иные!C34 -> 442.2 | AB43: =Иные!D34 -> 442.2 | AC43: =Иные!E34 -> 0 | AD43: =Иные!F34 -> 18.35 | AE43: =AD43/AA43*100 -> 4.149706
A44: Вязовское МО | B44: =H44+N44+T44+Z44 -> 0 | C44: =I44+O44+U44+AA44 -> 0 | D44: =J44+P44+V44+AB44 -> 0 | E44: =K44+Q44+W44+AC44 -> 0 | F44: =L44+R44+X44+AD44 -> 0 | T44: ='Субвенции '!B46 -> 0 | U44: ='Субвенции '!C46 -> 0 | V44: ='Субвенции '!D46 -> 0 | W44: ='Субвенции '!E46 -> 0 | X44: ='Субвенции '!F46 -> 0
A45: Липовское МО | B45: =H45+N45+T45+Z45 -> 7114.4 | C45: =I45+O45+U45+AA45 -> 7593.9 | D45: =J45+P45+V45+AB45 -> 7593.9 | E45: =K45+Q45+W45+AC45 -> 0 | F45: =L45+R45+X45+AD45 -> 225.63805 | G45: =F45/C45*100 -> 2.9713066 | N45: =Субсидии!B45 -> 5496 | O45: =Субсидии!C45 -> 5496 | P45: =Субсидии!D45 -> 5496 | Q45: =Субсидии!E45 -> 0 | R45: =Субсидии!F45 -> 0 | S45: =R45/O45*100 -> 0 | T45: ='Субвенции '!B47 -> 567.7 | U45: ='Субвенции '!C47 -> 567.7 | V45: ='Субвенции '!D47 -> 567.7 | W45: ='Субвенции '!E47 -> 0 | X45: ='Субвенции '!F47 -> 124.36 | Y45: =X45/U45*100 -> 21.905936 | Z45: =Иные!B35 -> 1050.7 | AA45: =Иные!C35 -> 1530.2 | AB45: =Иные!D35 -> 1530.2 | AC45: =Иные!E35 -> 0 | AD45: =Иные!F35 -> 101.27805 | AE45: =AD45/AA45*100 -> 6.6186152
A46: Максимовское МО | B46: =H46+N46+T46+Z46 -> 6148.5 | C46: =I46+O46+U46+AA46 -> 6322.6 | D46: =J46+P46+V46+AB46 -> 6322.6 | E46: =K46+Q46+W46+AC46 -> 0 | F46: =L46+R46+X46+AD46 -> 91.88425 | G46: =F46/C46*100 -> 1.4532669 | N46: =Субсидии!B46 -> 4971 | O46: =Субсидии!C46 -> 4971 | P46: =Субсидии!D46 -> 4971 | Q46: =Субсидии!E46 -> 0 | R46: =Субсидии!F46 -> 0 | S46: =R46/O46*100 -> 0 | T46: ='Субвенции '!B48 -> 227.1 | U46: ='Субвенции '!C48 -> 227.1 | V46: ='Субвенции '!D48 -> 227.1 | W46: ='Субвенции '!E48 -> 0 | X46: ='Субвенции '!F48 -> 48.35925 | Y46: =X46/U46*100 -> 21.294254 | Z46: =Иные!B36 -> 950.4 | AA46: =Иные!C36 -> 1124.5 | AB46: =Иные!D36 -> 1124.5 | AC46: =Иные!E36 -> 0 | AD46: =Иные!F36 -> 43.525 | AE46: =AD46/AA46*100 -> 3.8706092
A47: Свободинское МО | B47: =H47+N47+T47+Z47 -> 1067.7 | C47: =I47+O47+U47+AA47 -> 1513.3 | D47: =J47+P47+V47+AB47 -> 1513.3 | E47: =K47+Q47+W47+AC47 -> 0 | F47: =L47+R47+X47+AD47 -> 721.14793 | G47: =F47/C47*100 -> 47.653997 | N47: =Субсидии!B47 -> 0 | O47: =Субсидии!C47 -> 0 | P47: =Субсидии!D47 -> 0 | Q47: =Субсидии!E47 -> 0 | R47: =Субсидии!F47 -> 0 | T47: ='Субвенции '!B49 -> 567.7 | U47: ='Субвенции '!C49 -> 567.7 | V47: ='Субвенции '!D49 -> 567.7 | W47: ='Субвенции '!E49 -> 0 | X47: ='Субвенции '!F49 -> 109.74793 | Y47: =X47/U47*100 -> 19.332029 | Z47: =Иные!B37 -> 500 | AA47: =Иные!C37 -> 945.6 | AB47: =Иные!D37 -> 945.6 | AC47: =Иные!E37 -> 0 | AD47: =Иные!F37 -> 611.4 | AE47: =AD47/AA47*100 -> 64.65736
A48: Старобурасское МО | B48: =H48+N48+T48+Z48 -> 3060.9 | C48: =I48+O48+U48+AA48 -> 3266.4 | D48: =J48+P48+V48+AB48 -> 3266.4 | E48: =K48+Q48+W48+AC48 -> 0 | F48: =L48+R48+X48+AD48 -> 39.5959 | G48: =F48/C48*100 -> 1.2122183 | N48: =Субсидии!B48 -> 2379 | O48: =Субсидии!C48 -> 2379 | P48: =Субсидии!D48 -> 2379 | Q48: =Субсидии!E48 -> 0 | R48: =Субсидии!F48 -> 0 | S48: =R48/O48*100 -> 0 | T48: ='Субвенции '!B50 -> 227.1 | U48: ='Субвенции '!C50 -> 227.1 | V48: ='Субвенции '!D50 -> 227.1 | W48: ='Субвенции '!E50 -> 0 | X48: ='Субвенции '!F50 -> 39.5959 | Y48: =X48/U48*100 -> 17.435447 | Z48: =Иные!B38 -> 454.8 | AA48: =Иные!C38 -> 660.3 | AB48: =Иные!D38 -> 660.3 | AC48: =Иные!E38 -> 0 | AD48: =Иные!F38 -> 0 | AE48: =AD48/AA48*100 -> 0
A49: Старожуковское МО | B49: =H49+N49+T49+Z49 -> 6813.1 | C49: =I49+O49+U49+AA49 -> 7266.1 | D49: =J49+P49+V49+AB49 -> 7266.1 | E49: =K49+Q49+W49+AC49 -> 0 | F49: =L49+R49+X49+AD49 -> 39.3939 | G49: =F49/C49*100 -> 0.54216017 | N49: =Субсидии!B49 -> 5529 | O49: =Субсидии!C49 -> 5529 | P49: =Субсидии!D49 -> 5529 | Q49: =Субсидии!E49 -> 0 | R49: =Субсидии!F49 -> 0 | S49: =R49/O49*100 -> 0 | T49: ='Субвенции '!B51 -> 227.1 | U49: ='Субвенции '!C51 -> 227.1 | V49: ='Субвенции '!D51 -> 227.1 | W49: ='Субвенции '!E51 -> 0 | X49: ='Субвенции '!F51 -> 39.3939 | Y49: =X49/U49*100 -> 17.346499 | Z49: =Иные!B39 -> 1057 | AA49: =Иные!C39 -> 1510 | AB49: =Иные!D39 -> 1510 | AC49: =Иные!E39 -> 0 | AD49: =Иные!F39 -> 0 | AE49: =AD49/AA49*100 -> 0
A50: Тепляковское МО | B50: =H50+N50+T50+Z50 -> 0 | C50: =I50+O50+U50+AA50 -> 0 | D50: =J50+P50+V50+AB50 -> 0 | E50: =K50+Q50+W50+AC50 -> 0 | F50: =L50+R50+X50+AD50 -> 0 | T50: ='Субвенции '!B52 -> 0 | U50: ='Субвенции '!C52 -> 0 | V50: ='Субвенции '!D52 -> 0 | W50: ='Субвенции '!E52 -> 0 | X50: ='Субвенции '!F52 -> 0
A51: Хватовское МО | B51: =H51+N51+T51+Z51 -> 0 | C51: =I51+O51+U51+AA51 -> 0 | D51: =J51+P51+V51+AB51 -> 0 | E51: =K51+Q51+W51+AC51 -> 0 | F51: =L51+R51+X51+AD51 -> 0 | T51: ='Субвенции '!B53 -> 0 | U51: ='Субвенции '!C53 -> 0 | V51: ='Субвенции '!D53 -> 0 | W51: ='Субвенции '!E53 -> 0 | X51: ='Субвенции '!F53 -> 0
A52: Шняевское МО | B52: =H52+N52+T52+Z52 -> 2432 | C52: =I52+O52+U52+AA52 -> 2685.1 | D52: =J52+P52+V52+AB52 -> 2685.1 | E52: =K52+Q52+W52+AC52 -> 0 | F52: =L52+R52+X52+AD52 -> 102.35871 | G52: =F52/C52*100 -> 3.8121005 | N52: =Субсидии!B50 -> 1851 | O52: =Субсидии!C50 -> 1851 | P52: =Субсидии!D50 -> 1851 | Q52: =Субсидии!E50 -> 0 | R52: =Субсидии!F50 -> 0 | S52: =R52/O52*100 -> 0 | T52: ='Субвенции '!B54 -> 227.1 | U52: ='Субвенции '!C54 -> 227.1 | V52: ='Субвенции '!D54 -> 227.1 | W52: ='Субвенции '!E54 -> 0 | X52: ='Субвенции '!F54 -> 39.08371 | Y52: =X52/U52*100 -> 17.209912 | Z52: =Иные!B40 -> 353.9 | AA52: =Иные!C40 -> 607 | AB52: =Иные!D40 -> 607 | AC52: =Иные!E40 -> 0 | AD52: =Иные!F40 -> 63.275 | AE52: =AD52/AA52*100 -> 10.424217
A53: Яковлевское МО | B53: =H53+N53+T53+Z53 -> 6734.5 | C53: =I53+O53+U53+AA53 -> 7032.4 | D53: =J53+P53+V53+AB53 -> 7032.4 | E53: =K53+Q53+W53+AC53 -> 0 | F53: =L53+R53+X53+AD53 -> 113.86888 | G53: =F53/C53*100 -> 1.6192037 | N53: =Субсидии!B51 -> 5463 | O53: =Субсидии!C51 -> 5463 | P53: =Субсидии!D51 -> 5463 | Q53: =Субсидии!E51 -> 0 | R53: =Субсидии!F51 -> 0 | S53: =R53/O53*100 -> 0 | T53: ='Субвенции '!B55 -> 227.1 | U53: ='Субвенции '!C55 -> 227.1 | V53: ='Субвенции '!D55 -> 227.1 | W53: ='Субвенции '!E55 -> 0 | X53: ='Субвенции '!F55 -> 39.3939 | Y53: =X53/U53*100 -> 17.346499 | Z53: =Иные!B41 -> 1044.4 | AA53: =Иные!C41 -> 1342.3 | AB53: =Иные!D41 -> 1342.3 | AC53: =Иные!E41 -> 0 | AD53: =Иные!F41 -> 74.47498 | AE53: =AD53/AA53*100 -> 5.5483111
A54: Балаковский район (консолидированный) | B54: =H54+N54+T54+Z54 -> 3294933.2 | C54: =I54+O54+U54+AA54 -> 3487537 | D54: =J54+P54+V54+AB54 -> 3487537 | E54: =K54+Q54+W54+AC54 -> 0 | F54: =L54+R54+X54+AD54 -> 619600.35 | G54: =F54/C54*100 -> 17.76613 | H54: =SUM(H55:H58) -> 0 | I54: =SUM(I55:I58) -> 0 | J54: =SUM(J55:J58) -> 0 | K54: =SUM(K55:K58) -> 0 | L54: =SUM(L55:L58) -> 0 | N54: =SUM(N55:N58) -> 483313.86 | O54: =SUM(O55:O58) -> 593950.36 | P54: =SUM(P55:P58) -> 593950.36 | Q54: =SUM(Q55:Q58) -> 0 | R54: =SUM(R55:R58) -> 68855.177 | S54: =R54/O54*100 -> 11.592749 | T54: =SUM(T55:T58) -> 2588780 | U54: =SUM(U55:U58) -> 2604404.7 | V54: =SUM(V55:V58) -> 2604404.7 | W54: =SUM(W55:W58) -> 0 | X54: =SUM(X55:X58) -> 448389.72 | Y54: =X54/U54*100 -> 17.216591 | Z54: =SUM(Z55:Z58) -> 222839.36 | AA54: =SUM(AA55:AA58) -> 289181.96 | AB54: =SUM(AB55:AB58) -> 289181.96 | AC54: =SUM(AC55:AC58) -> 0 | AD54: =SUM(AD55:AD58) -> 102355.46 | AE54: =AD54/AA54*100 -> 35.394828
A55: Балаковский район (собственный) | B55: =H55+N55+T55+Z55 -> 3017039.9 | C55: =I55+O55+U55+AA55 -> 3107581 | D55: =J55+P55+V55+AB55 -> 3107581 | E55: =K55+Q55+W55+AC55 -> 0 | F55: =L55+R55+X55+AD55 -> 533130.87 | G55: =F55/C55*100 -> 17.155816 | H55: =Дотации!B23 -> 0 | I55: =Дотации!C23 -> 0 | J55: =Дотации!D23 -> 0 | K55: =Дотации!E23 -> 0 | L55: =Дотации!F23 -> 0 | N55: =Субсидии!B53 -> 297149.32 | O55: =Субсидии!C53 -> 305723.08 | P55: =Субсидии!D53 -> 305723.08 | Q55: =Субсидии!E53 -> 0 | R55: =Субсидии!F53 -> 57919.98 | S55: =R55/O55*100 -> 18.945243 | T55: ='Субвенции '!B57 -> 2587077.4 | U55: ='Субвенции '!C57 -> 2602702.1 | V55: ='Субвенции '!D57 -> 2602702.1 | W55: ='Субвенции '!E57 -> 0 | X55: ='Субвенции '!F57 -> 448125.43 | Y55: =X55/U55*100 -> 17.217699 | Z55: =Иные!B43 -> 132813.2 | AA55: =Иные!C43 -> 199155.8 | AB55: =Иные!D43 -> 199155.8 | AC55: =Иные!E43 -> 0 | AD55: =Иные!F43 -> 27085.464 | AE55: =AD55/AA55*100 -> 13.600138
A56: город Балаково | B56: =H56+N56+T56+Z56 -> 142396.96 | C56: =I56+O56+U56+AA56 -> 242396.95 | D56: =J56+P56+V56+AB56 -> 242396.95 | E56: =K56+Q56+W56+AC56 -> 0 | F56: =L56+R56+X56+AD56 -> 76640.782 | G56: =F56/C56*100 -> 31.617882 | N56: =Субсидии!B54 -> 52370.8 | O56: =Субсидии!C54 -> 152370.79 | P56: =Субсидии!D54 -> 152370.79 | Q56: =Субсидии!E54 -> 0 | R56: =Субсидии!F54 -> 1370.7865 | S56: =R56/O56*100 -> 0.89963866 | Z56: =Иные!B44 -> 90026.164 | AA56: =Иные!C44 -> 90026.164 | AB56: =Иные!D44 -> 90026.164 | AC56: =Иные!E44 -> 0 | AD56: =Иные!F44 -> 75269.995 | AE56: =AD56/AA56*100 -> 83.609022
A57: Быково-Отрогское МО | B57: =H57+N57+T57+Z57 -> 35664.9 | C57: =I57+O57+U57+AA57 -> 37727.66 | D57: =J57+P57+V57+AB57 -> 37727.66 | E57: =K57+Q57+W57+AC57 -> 0 | F57: =L57+R57+X57+AD57 -> 154.88387 | G57: =F57/C57*100 -> 0.41053134 | N57: =Субсидии!B56 -> 34530 | O57: =Субсидии!C56 -> 36592.76 | P57: =Субсидии!D56 -> 36592.76 | Q57: =Субсидии!E56 -> 0 | R57: =Субсидии!F56 -> 0 | S57: =R57/O57*100 -> 0 | T57: ='Субвенции '!B58 -> 1134.9 | U57: ='Субвенции '!C58 -> 1134.9 | V57: ='Субвенции '!D58 -> 1134.9 | W57: ='Субвенции '!E58 -> 0 | X57: ='Субвенции '!F58 -> 154.88387 | Y57: =X57/U57*100 -> 13.647358 | Z57: =Иные!B46 -> 0 | AA57: =Иные!C46 -> 0 | AB57: =Иные!D46 -> 0 | AC57: =Иные!E46 -> 0 | AD57: =Иные!F46 -> 0
A58: Натальинское МО | B58: =H58+N58+T58+Z58 -> 99831.435 | C58: =I58+O58+U58+AA58 -> 99831.435 | D58: =J58+P58+V58+AB58 -> 99831.435 | E58: =K58+Q58+W58+AC58 -> 0 | F58: =L58+R58+X58+AD58 -> 9673.8169 | G58: =F58/C58*100 -> 9.6901511 | N58: =Субсидии!B55 -> 99263.735 | O58: =Субсидии!C55 -> 99263.735 | P58: =Субсидии!D55 -> 99263.735 | Q58: =Субсидии!E55 -> 0 | R58: =Субсидии!F55 -> 9564.4109 | S58: =R58/O58*100 -> 9.6353526 | T58: ='Субвенции '!B59 -> 567.7 | U58: ='Субвенции '!C59 -> 567.7 | V58: ='Субвенции '!D59 -> 567.7 | W58: ='Субвенции '!E59 -> 0 | X58: ='Субвенции '!F59 -> 109.40598 | Y58: =X58/U58*100 -> 19.271795 | Z58: =Иные!B45 -> 0 | AA58: =Иные!C45 -> 0 | AB58: =Иные!D45 -> 0 | AC58: =Иные!E45 -> 0 | AD58: =Иные!F45 -> 0
A59: Балашовский район (консолидированный) | B59: =H59+N59+T59+Z59 -> 2104089.5 | C59: =I59+O59+U59+AA59 -> 2353226.2 | D59: =J59+P59+V59+AB59 -> 2353226.2 | E59: =K59+Q59+W59+AC59 -> 0 | F59: =L59+R59+X59+AD59 -> 428608.9 | G59: =F59/C59*100 -> 18.213672 | H59: =SUM(H60:H76) -> 344790 | I59: =SUM(I60:I76) -> 344790 | J59: =SUM(J60:J76) -> 344790 | K59: =SUM(K60:K76) -> 0 | L59: =SUM(L60:L76) -> 86197.5 | M59: =L59/I59*100 -> 25 | N59: =SUM(N60:N76) -> 355077.9 | O59: =SUM(O60:O76) -> 398107.11 | P59: =SUM(P60:P76) -> 398107.11 | Q59: =SUM(Q60:Q76) -> 0 | R59: =SUM(R60:R76) -> 62634.767 | S59: =R59/O59*100 -> 15.733145 | T59: =SUM(T60:T76) -> 1248699.8 | U59: =SUM(U60:U76) -> 1345645.3 | V59: =SUM(V60:V76) -> 1345645.3 | W59: =SUM(W60:W76) -> 0 | X59: =SUM(X60:X76) -> 260263.06 | Y59: =X59/U59*100 -> 19.341134 | Z59: =SUM(Z60:Z76) -> 155521.82 | AA59: =SUM(AA60:AA76) -> 264683.82 | AB59: =SUM(AB60:AB76) -> 264683.82 | AC59: =SUM(AC60:AC76) -> 0 | AD59: =SUM(AD60:AD76) -> 19513.575 | AE59: =AD59/AA59*100 -> 7.3724096
A60: Балашовский район (собственный) | B60: =H60+N60+T60+Z60 -> 1944420.6 | C60: =I60+O60+U60+AA60 -> 2151193 | D60: =J60+P60+V60+AB60 -> 2151193 | E60: =K60+Q60+W60+AC60 -> 0 | F60: =L60+R60+X60+AD60 -> 423135.42 | G60: =F60/C60*100 -> 19.669803 | H60: =Дотации!B26 -> 344790 | I60: =Дотации!C26 -> 344790 | J60: =Дотации!D26 -> 344790 | K60: =Дотации!E26 -> 0 | L60: =Дотации!F26 -> 86197.5 | M60: =L60/I60*100 -> 25 | N60: =Субсидии!B58 -> 260619.26 | O60: =Субсидии!C58 -> 266086.21 | P60: =Субсидии!D58 -> 266086.21 | Q60: =Субсидии!E58 -> 0 | R60: =Субсидии!F58 -> 58564.122 | S60: =R60/O60*100 -> 22.009454 | T60: ='Субвенции '!B61 -> 1243590.3 | U60: ='Субвенции '!C61 -> 1340535.8 | V60: ='Субвенции '!D61 -> 1340535.8 | W60: ='Субвенции '!E61 -> 0 | X60: ='Субвенции '!F61 -> 259382.52 | Y60: =X60/U60*100 -> 19.349168 | Z60: =Иные!B48 -> 95421 | AA60: =Иные!C48 -> 199781 | AB60: =Иные!D48 -> 199781 | AC60: =Иные!E48 -> 0 | AD60: =Иные!F48 -> 18991.279 | AE60: =AD60/AA60*100 -> 9.5060484
A61: город Балашов | B61: =H61+N61+T61+Z61 -> 84171.464 | C61: =I61+O61+U61+AA61 -> 116824.53 | D61: =J61+P61+V61+AB61 -> 116824.53 | E61: =K61+Q61+W61+AC61 -> 0 | F61: =L61+R61+X61+AD61 -> 4098.1414 | G61: =F61/C61*100 -> 3.5079461 | H61: =Дотации!B27 -> 0 | I61: =Дотации!C27 -> 0 | J61: =Дотации!D27 -> 0 | K61: =Дотации!E27 -> 0 | L61: =Дотации!F27 -> 0 | N61: =Субсидии!B59 -> 24070.645 | O61: =Субсидии!C59 -> 56723.707 | P61: =Субсидии!D59 -> 56723.707 | Q61: =Субсидии!E59 -> 0 | R61: =Субсидии!F59 -> 4070.6453 | S61: =R61/O61*100 -> 7.1762682 | Z61: =Иные!B49 -> 60100.819 | AA61: =Иные!C49 -> 60100.819 | AB61: =Иные!D49 -> 60100.819 | AC61: =Иные!E49 -> 0 | AD61: =Иные!F49 -> 27.49611 | AE61: =AD61/AA61*100 -> 0.045749976
A62: Барковское МО | B62: =H62+N62+T62+Z62 -> 5852.1 | C62: =I62+O62+U62+AA62 -> 6182.2 | D62: =J62+P62+V62+AB62 -> 6182.2 | E62: =K62+Q62+W62+AC62 -> 0 | F62: =L62+R62+X62+AD62 -> 91.87952 | G62: =F62/C62*100 -> 1.4861946 | N62: =Субсидии!B60 -> 5625 | O62: =Субсидии!C60 -> 5625 | P62: =Субсидии!D60 -> 5625 | Q62: =Субсидии!E60 -> 0 | R62: =Субсидии!F60 -> 0 | S62: =R62/O62*100 -> 0 | T62: ='Субвенции '!B62 -> 227.1 | U62: ='Субвенции '!C62 -> 227.1 | V62: ='Субвенции '!D62 -> 227.1 | W62: ='Субвенции '!E62 -> 0 | X62: ='Субвенции '!F62 -> 32.87329 | Y62: =X62/U62*100 -> 14.475249 | Z62: =Иные!B50 -> 0 | AA62: =Иные!C50 -> 330.1 | AB62: =Иные!D50 -> 330.1 | AC62: =Иные!E50 -> 0 | AD62: =Иные!F50 -> 59.00623 | AE62: =AD62/AA62*100 -> 17.875259
A63: Большемеликское МО | B63: =H63+N63+T63+Z63 -> 7416.7 | C63: =I63+O63+U63+AA63 -> 7775.1 | D63: =J63+P63+V63+AB63 -> 7775.1 | E63: =K63+Q63+W63+AC63 -> 0 | F63: =L63+R63+X63+AD63 -> 167.12295 | G63: =F63/C63*100 -> 2.1494637 | N63: =Субсидии!B61 -> 6849 | O63: =Субсидии!C61 -> 6849 | P63: =Субсидии!D61 -> 6849 | Q63: =Субсидии!E61 -> 0 | R63: =Субсидии!F61 -> 0 | S63: =R63/O63*100 -> 0 | T63: ='Субвенции '!B63 -> 567.7 | U63: ='Субвенции '!C63 -> 567.7 | V63: ='Субвенции '!D63 -> 567.7 | W63: ='Субвенции '!E63 -> 0 | X63: ='Субвенции '!F63 -> 98.25531 | Y63: =X63/U63*100 -> 17.307611 | Z63: =Иные!B51 -> 0 | AA63: =Иные!C51 -> 358.4 | AB63: =Иные!D51 -> 358.4 | AC63: =Иные!E51 -> 0 | AD63: =Иные!F51 -> 68.86764 | AE63: =AD63/AA63*100 -> 19.215301
A64: Лесновское МО | B64: =H64+N64+T64+Z64 -> 2994.1 | C64: =I64+O64+U64+AA64 -> 3398.2 | D64: =J64+P64+V64+AB64 -> 3398.2 | E64: =K64+Q64+W64+AC64 -> 0 | F64: =L64+R64+X64+AD64 -> 84.22562 | G64: =F64/C64*100 -> 2.4785363 | N64: =Субсидии!B62 -> 2767 | O64: =Субсидии!C62 -> 2897 | P64: =Субсидии!D62 -> 2897 | Q64: =Субсидии!E62 -> 0 | R64: =Субсидии!F62 -> 0 | S64: =R64/O64*100 -> 0 | T64: ='Субвенции '!B64 -> 227.1 | U64: ='Субвенции '!C64 -> 227.1 | V64: ='Субвенции '!D64 -> 227.1 | W64: ='Субвенции '!E64 -> 0 | X64: ='Субвенции '!F64 -> 40.84872 | Y64: =X64/U64*100 -> 17.987107 | Z64: =Иные!B52 -> 0 | AA64: =Иные!C52 -> 274.1 | AB64: =Иные!D52 -> 274.1 | AC64: =Иные!E52 -> 0 | AD64: =Иные!F52 -> 43.3769 | AE64: =AD64/AA64*100 -> 15.82521
A65: Малосеменовское МО | B65: =H65+N65+T65+Z65 -> 3047.1 | C65: =I65+O65+U65+AA65 -> 4401.789 | D65: =J65+P65+V65+AB65 -> 4401.789 | E65: =K65+Q65+W65+AC65 -> 0 | F65: =L65+R65+X65+AD65 -> 33.55845 | G65: =F65/C65*100 -> 0.76238207 | N65: =Субсидии!B63 -> 2820 | O65: =Субсидии!C63 -> 4081.589 | P65: =Субсидии!D63 -> 4081.589 | Q65: =Субсидии!E63 -> 0 | R65: =Субсидии!F63 -> 0 | S65: =R65/O65*100 -> 0 | T65: ='Субвенции '!B65 -> 227.1 | U65: ='Субвенции '!C65 -> 227.1 | V65: ='Субвенции '!D65 -> 227.1 | W65: ='Субвенции '!E65 -> 0 | X65: ='Субвенции '!F65 -> 33.55845 | Y65: =X65/U65*100 -> 14.776948 | Z65: =Иные!B53 -> 0 | AA65: =Иные!C53 -> 93.1 | AB65: =Иные!D53 -> 93.1 | AC65: =Иные!E53 -> 0 | AD65: =Иные!F53 -> 0 | AE65: =AD65/AA65*100 -> 0
A66: Новопокровское МО | B66: =H66+N66+T66+Z66 -> 3740.1 | C66: =I66+O66+U66+AA66 -> 4109.8 | D66: =J66+P66+V66+AB66 -> 4109.8 | E66: =K66+Q66+W66+AC66 -> 0 | F66: =L66+R66+X66+AD66 -> 98.9033 | G66: =F66/C66*100 -> 2.4065234 | N66: =Субсидии!B64 -> 3513 | O66: =Субсидии!C64 -> 3513 | P66: =Субсидии!D64 -> 3513 | Q66: =Субсидии!E64 -> 0 | R66: =Субсидии!F64 -> 0 | S66: =R66/O66*100 -> 0 | T66: ='Субвенции '!B66 -> 227.1 | U66: ='Субвенции '!C66 -> 227.1 | V66: ='Субвенции '!D66 -> 227.1 | W66: ='Субвенции '!E66 -> 0 | X66: ='Субвенции '!F66 -> 35.93596 | Y66: =X66/U66*100 -> 15.823849 | Z66: =Иные!B54 -> 0 | AA66: =Иные!C54 -> 369.7 | AB66: =Иные!D54 -> 369.7 | AC66: =Иные!E54 -> 0 | AD66: =Иные!F54 -> 62.96734 | AE66: =AD66/AA66*100 -> 17.03201
A67: Октябрьское МО | B67: =H67+N67+T67+Z67 -> 4997.1 | C67: =I67+O67+U67+AA67 -> 6114 | D67: =J67+P67+V67+AB67 -> 6114 | E67: =K67+Q67+W67+AC67 -> 0 | F67: =L67+R67+X67+AD67 -> 79.40017 | G67: =F67/C67*100 -> 1.2986616 | N67: =Субсидии!B65 -> 4770 | O67: =Субсидии!C65 -> 5520 | P67: =Субсидии!D65 -> 5520 | Q67: =Субсидии!E65 -> 0 | R67: =Субсидии!F65 -> 0 | S67: =R67/O67*100 -> 0 | T67: ='Субвенции '!B67 -> 227.1 | U67: ='Субвенции '!C67 -> 227.1 | V67: ='Субвенции '!D67 -> 227.1 | W67: ='Субвенции '!E67 -> 0 | X67: ='Субвенции '!F67 -> 39.16439 | Y67: =X67/U67*100 -> 17.245438 | Z67: =Иные!B63 -> 0 | AA67: =Иные!C63 -> 366.9 | AB67: =Иные!D63 -> 366.9 | AC67: =Иные!E63 -> 0 | AD67: =Иные!F63 -> 40.23578
A68: Пинеровское МО | B68: =H68+N68+T68+Z68 -> 567.7 | C68: =I68+O68+U68+AA68 -> 902.1 | D68: =J68+P68+V68+AB68 -> 902.1 | E68: =K68+Q68+W68+AC68 -> 0 | F68: =L68+R68+X68+AD68 -> 176.1075 | G68: =F68/C68*100 -> 19.521949 | N68: =Субсидии!B67 -> 0 | O68: =Субсидии!C67 -> 0 | P68: =Субсидии!D67 -> 0 | Q68: =Субсидии!E67 -> 0 | R68: =Субсидии!F67 -> 0 | T68: ='Субвенции '!B69 -> 567.7 | U68: ='Субвенции '!C69 -> 567.7 | V68: ='Субвенции '!D69 -> 567.7 | W68: ='Субвенции '!E69 -> 0 | X68: ='Субвенции '!F69 -> 101.71246 | Y68: =X68/U68*100 -> 17.916586 | Z68: =Иные!B57 -> 0 | AA68: =Иные!C57 -> 334.4 | AB68: =Иные!D57 -> 334.4 | AC68: =Иные!E57 -> 0 | AD68: =Иные!F57 -> 74.39504 | AE68: =AD68/AA68*100 -> 22.247321
A69: Первомайское МО | B69: =H69+N69+T69+Z69 -> 3629.1 | C69: =I69+O69+U69+AA69 -> 4409.6 | D69: =J69+P69+V69+AB69 -> 4409.6 | E69: =K69+Q69+W69+AC69 -> 0 | F69: =L69+R69+X69+AD69 -> 40.48482 | G69: =F69/C69*100 -> 0.9181064 | N69: =Субсидии!B66 -> 3402 | O69: =Субсидии!C66 -> 3952 | P69: =Субсидии!D66 -> 3952 | Q69: =Субсидии!E66 -> 0 | R69: =Субсидии!F66 -> 0 | S69: =R69/O69*100 -> 0 | T69: ='Субвенции '!B68 -> 227.1 | U69: ='Субвенции '!C68 -> 227.1 | V69: ='Субвенции '!D68 -> 227.1 | W69: ='Субвенции '!E68 -> 0 | X69: ='Субвенции '!F68 -> 40.48482 | Y69: =X69/U69*100 -> 17.826869 | Z69: =Иные!B55 -> 0 | AA69: =Иные!C55 -> 230.5 | AB69: =Иные!D55 -> 230.5 | AC69: =Иные!E55 -> 0 | AD69: =Иные!F55 -> 0 | AE69: =AD69/AA69*100 -> 0
A70: Репинское МО | B70: =H70+N70+T70+Z70 -> 10732.7 | C70: =I70+O70+U70+AA70 -> 13194.102 | D70: =J70+P70+V70+AB70 -> 13194.102 | E70: =K70+Q70+W70+AC70 -> 0 | F70: =L70+R70+X70+AD70 -> 106.37389 | G70: =F70/C70*100 -> 0.80622304 | N70: =Субсидии!B68 -> 10165 | O70: =Субсидии!C68 -> 12202.602 | P70: =Субсидии!D68 -> 12202.602 | Q70: =Субсидии!E68 -> 0 | R70: =Субсидии!F68 -> 0 | S70: =R70/O70*100 -> 0 | T70: ='Субвенции '!B70 -> 567.7 | U70: ='Субвенции '!C70 -> 567.7 | V70: ='Субвенции '!D70 -> 567.7 | W70: ='Субвенции '!E70 -> 0 | X70: ='Субвенции '!F70 -> 106.37389 | Y70: =X70/U70*100 -> 18.737694 | Z70: =Иные!B56 -> 0 | AA70: =Иные!C56 -> 423.8 | AB70: =Иные!D56 -> 423.8 | AC70: =Иные!E56 -> 0 | AD70: =Иные!F56 -> 0 | AE70: =AD70/AA70*100 -> 0
A71: Родничковское МО | B71: =H71+N71+T71+Z71 -> 4760.1 | C71: =I71+O71+U71+AA71 -> 4988.3 | D71: =J71+P71+V71+AB71 -> 4988.3 | E71: =K71+Q71+W71+AC71 -> 0 | F71: =L71+R71+X71+AD71 -> 83.12509 | G71: =F71/C71*100 -> 1.6664012 | N71: =Субсидии!B69 -> 4533 | O71: =Субсидии!C69 -> 4533 | P71: =Субсидии!D69 -> 4533 | Q71: =Субсидии!E69 -> 0 | R71: =Субсидии!F69 -> 0 | S71: =R71/O71*100 -> 0 | T71: ='Субвенции '!B71 -> 227.1 | U71: ='Субвенции '!C71 -> 227.1 | V71: ='Субвенции '!D71 -> 227.1 | W71: ='Субвенции '!E71 -> 0 | X71: ='Субвенции '!F71 -> 39.43859 | Y71: =X71/U71*100 -> 17.366178 | Z71: =Иные!B58 -> 0 | AA71: =Иные!C58 -> 228.2 | AB71: =Иные!D58 -> 228.2 | AC71: =Иные!E58 -> 0 | AD71: =Иные!F58 -> 43.6865 | AE71: =AD71/AA71*100 -> 19.143953
A72: Соцземледельское МО | B72: =H72+N72+T72+Z72 -> 3491.1 | C72: =I72+O72+U72+AA72 -> 3750.1 | D72: =J72+P72+V72+AB72 -> 3750.1 | E72: =K72+Q72+W72+AC72 -> 0 | F72: =L72+R72+X72+AD72 -> 82.05237 | G72: =F72/C72*100 -> 2.1880049 | N72: =Субсидии!B70 -> 3264 | O72: =Субсидии!C70 -> 3264 | P72: =Субсидии!D70 -> 3264 | Q72: =Субсидии!E70 -> 0 | R72: =Субсидии!F70 -> 0 | S72: =R72/O72*100 -> 0 | T72: ='Субвенции '!B72 -> 227.1 | U72: ='Субвенции '!C72 -> 227.1 | V72: ='Субвенции '!D72 -> 227.1 | W72: ='Субвенции '!E72 -> 0 | X72: ='Субвенции '!F72 -> 38.75624 | Y72: =X72/U72*100 -> 17.065716 | Z72: =Иные!B59 -> 0 | AA72: =Иные!C59 -> 259 | AB72: =Иные!D59 -> 259 | AC72: =Иные!E59 -> 0 | AD72: =Иные!F59 -> 43.29613 | AE72: =AD72/AA72*100 -> 16.716653
A73: Старохоперское МО | B73: =H73+N73+T73+Z73 -> 2831.1 | C73: =I73+O73+U73+AA73 -> 3103.8 | D73: =J73+P73+V73+AB73 -> 3103.8 | E73: =K73+Q73+W73+AC73 -> 0 | F73: =L73+R73+X73+AD73 -> 48.26812 | G73: =F73/C73*100 -> 1.5551298 | N73: =Субсидии!B71 -> 2604 | O73: =Субсидии!C71 -> 2604 | P73: =Субсидии!D71 -> 2604 | Q73: =Субсидии!E71 -> 0 | R73: =Субсидии!F71 -> 0 | S73: =R73/O73*100 -> 0 | T73: ='Субвенции '!B73 -> 227.1 | U73: ='Субвенции '!C73 -> 227.1 | V73: ='Субвенции '!D73 -> 227.1 | W73: ='Субвенции '!E73 -> 0 | X73: ='Субвенции '!F73 -> 48.26812 | Y73: =X73/U73*100 -> 21.254126 | Z73: =Иные!B60 -> 0 | AA73: =Иные!C60 -> 272.7 | AB73: =Иные!D60 -> 272.7 | AC73: =Иные!E60 -> 0 | AD73: =Иные!F60 -> 0 | AE73: =AD73/AA73*100 -> 0
A74: Терновское МО | B74: =H74+N74+T74+Z74 -> 5858.1 | C74: =I74+O74+U74+AA74 -> 5908.5 | D74: =J74+P74+V74+AB74 -> 5908.5 | E74: =K74+Q74+W74+AC74 -> 0 | F74: =L74+R74+X74+AD74 -> 42.63142 | G74: =F74/C74*100 -> 0.72152695 | N74: =Субсидии!B72 -> 5631 | O74: =Субсидии!C72 -> 5631 | P74: =Субсидии!D72 -> 5631 | Q74: =Субсидии!E72 -> 0 | R74: =Субсидии!F72 -> 0 | S74: =R74/O74*100 -> 0 | T74: ='Субвенции '!B74 -> 227.1 | U74: ='Субвенции '!C74 -> 227.1 | V74: ='Субвенции '!D74 -> 227.1 | W74: ='Субвенции '!E74 -> 0 | X74: ='Субвенции '!F74 -> 37.30514 | Y74: =X74/U74*100 -> 16.426746 | Z74: =Иные!B61 -> 0 | AA74: =Иные!C61 -> 50.4 | AB74: =Иные!D61 -> 50.4 | AC74: =Иные!E61 -> 0 | AD74: =Иные!F61 -> 5.32628 | AE74: =AD74/AA74*100 -> 10.568016
A75: Тростянское МО | B75: =H75+N75+T75+Z75 -> 7587.7 | C75: =I75+O75+U75+AA75 -> 8214.8 | D75: =J75+P75+V75+AB75 -> 8214.8 | E75: =K75+Q75+W75+AC75 -> 0 | F75: =L75+R75+X75+AD75 -> 82.48594 | G75: =F75/C75*100 -> 1.0041138 | N75: =Субсидии!B73 -> 7020 | O75: =Субсидии!C73 -> 7020 | P75: =Субсидии!D73 -> 7020 | Q75: =Субсидии!E73 -> 0 | R75: =Субсидии!F73 -> 0 | S75: =R75/O75*100 -> 0 | T75: ='Субвенции '!B75 -> 567.7 | U75: ='Субвенции '!C75 -> 567.7 | V75: ='Субвенции '!D75 -> 567.7 | W75: ='Субвенции '!E75 -> 0 | X75: ='Субвенции '!F75 -> 82.48594 | Y75: =X75/U75*100 -> 14.529847 | Z75: =Иные!B62 -> 0 | AA75: =Иные!C62 -> 627.1 | AB75: =Иные!D62 -> 627.1 | AC75: =Иные!E62 -> 0 | AD75: =Иные!F62 -> 0 | AE75: =AD75/AA75*100 -> 0
A76: Хоперское МО | B76: =H76+N76+T76+Z76 -> 7992.7 | C76: =I76+O76+U76+AA76 -> 8756.3 | D76: =J76+P76+V76+AB76 -> 8756.3 | E76: =K76+Q76+W76+AC76 -> 0 | F76: =L76+R76+X76+AD76 -> 158.72135 | G76: =F76/C76*100 -> 1.8126532 | N76: =Субсидии!B74 -> 7425 | O76: =Субсидии!C74 -> 7605 | P76: =Субсидии!D74 -> 7605 | Q76: =Субсидии!E74 -> 0 | R76: =Субсидии!F74 -> 0 | S76: =R76/O76*100 -> 0 | T76: ='Субвенции '!B76 -> 567.7 | U76: ='Субвенции '!C76 -> 567.7 | V76: ='Субвенции '!D76 -> 567.7 | W76: ='Субвенции '!E76 -> 0 | X76: ='Субвенции '!F76 -> 105.07858 | Y76: =X76/U76*100 -> 18.509526 | Z76: =Иные!B64 -> 0 | AA76: =Иные!C64 -> 583.6 | AB76: =Иные!D64 -> 583.6 | AC76: =Иные!E64 -> 0 | AD76: =Иные!F64 -> 53.64277 | AE76: =AD76/AA76*100 -> 9.1917015
A77: Балтайский район (консолидированный) | B77: =H77+N77+T77+Z77 -> 391271.13 | C77: =I77+O77+U77+AA77 -> 479102.75 | D77: =J77+P77+V77+AB77 -> 479102.75 | E77: =K77+Q77+W77+AC77 -> 0 | F77: =L77+R77+X77+AD77 -> 76318.663 | G77: =F77/C77*100 -> 15.929498 | H77: =SUM(H78:H82) -> 80911.5 | I77: =SUM(I78:I82) -> 80911.5 | J77: =SUM(J78:J82) -> 80911.5 | K77: =SUM(K78:K82) -> 0 | L77: =SUM(L78:L82) -> 20227.8 | M77: =L77/I77*100 -> 24.999907 | N77: =SUM(N78:N82) -> 70951.33 | O77: =SUM(O78:O82) -> 135090.15 | P77: =SUM(P78:P82) -> 135090.15 | Q77: =SUM(Q78:Q82) -> 0 | R77: =SUM(R78:R82) -> 7837.7007 | S77: =R77/O77*100 -> 5.80183 | T77: =SUM(T78:T82) -> 208314.1 | U77: =SUM(U78:U82) -> 224940.1 | V77: =SUM(V78:V82) -> 224940.1 | W77: =SUM(W78:W82) -> 0 | X77: =SUM(X78:X82) -> 42592.272 | Y77: =X77/U77*100 -> 18.934939 | Z77: =SUM(Z78:Z82) -> 31094.2 | AA77: =SUM(AA78:AA82) -> 38161 | AB77: =SUM(AB78:AB82) -> 38161 | AC77: =SUM(AC78:AC82) -> 0 | AD77: =SUM(AD78:AD82) -> 5660.8902 | AE77: =AD77/AA77*100 -> 14.834229
A78: Балтайский район (собственный) | B78: =H78+N78+T78+Z78 -> 349089.73 | C78: =I78+O78+U78+AA78 -> 436089.09 | D78: =J78+P78+V78+AB78 -> 436089.09 | E78: =K78+Q78+W78+AC78 -> 0 | F78: =L78+R78+X78+AD78 -> 76110.174 | G78: =F78/C78*100 -> 17.452896 | H78: =Дотации!B28 -> 80911.5 | I78: =Дотации!C28 -> 80911.5 | J78: =Дотации!D28 -> 80911.5 | K78: =Дотации!E28 -> 0 | L78: =Дотации!F28 -> 20227.8 | M78: =L78/I78*100 -> 24.999907 | N78: =Субсидии!B76 -> 35911.33 | O78: =Субсидии!C76 -> 99461.895 | P78: =Субсидии!D76 -> 99461.895 | Q78: =Субсидии!E76 -> 0 | R78: =Субсидии!F76 -> 7837.7007 | S78: =R78/O78*100 -> 7.8801039 | T78: ='Субвенции '!B78 -> 206724.5 | U78: ='Субвенции '!C78 -> 223350.5 | V78: ='Субвенции '!D78 -> 223350.5 | W78: ='Субвенции '!E78 -> 0 | X78: ='Субвенции '!F78 -> 42383.783 | Y78: =X78/U78*100 -> 18.976355 | Z78: =Иные!B66 -> 25542.4 | AA78: =Иные!C66 -> 32365.2 | AB78: =Иные!D66 -> 32365.2 | AC78: =Иные!E66 -> 0 | AD78: =Иные!F66 -> 5660.8902 | AE78: =AD78/AA78*100 -> 17.49067
A79: Балтайское МО | B79: =H79+N79+T79+Z79 -> 23391.9 | C79: =I79+O79+U79+AA79 -> 23391.9 | D79: =J79+P79+V79+AB79 -> 23391.9 | E79: =K79+Q79+W79+AC79 -> 0 | F79: =L79+R79+X79+AD79 -> 73.47078 | G79: =F79/C79*100 -> 0.31408641 | N79: =Субсидии!B77 -> 20124 | O79: =Субсидии!C77 -> 20124 | P79: =Субсидии!D77 -> 20124 | Q79: =Субсидии!E77 -> 0 | R79: =Субсидии!F77 -> 0 | S79: =R79/O79*100 -> 0 | T79: ='Субвенции '!B79 -> 567.7 | U79: ='Субвенции '!C79 -> 567.7 | V79: ='Субвенции '!D79 -> 567.7 | W79: ='Субвенции '!E79 -> 0 | X79: ='Субвенции '!F79 -> 73.47078 | Y79: =X79/U79*100 -> 12.941832 | Z79: =Иные!B67 -> 2700.2 | AA79: =Иные!C67 -> 2700.2 | AB79: =Иные!D67 -> 2700.2 | AC79: =Иные!E67 -> 0 | AD79: =Иные!F67 -> 0 | AE79: =AD79/AA79*100 -> 0
A80: Барнуковское МО | B80: =H80+N80+T80+Z80 -> 3932.8 | C80: =I80+O80+U80+AA80 -> 4521.052 | D80: =J80+P80+V80+AB80 -> 4521.052 | E80: =K80+Q80+W80+AC80 -> 0 | F80: =L80+R80+X80+AD80 -> 28.2198 | G80: =F80/C80*100 -> 0.62418658 | N80: =Субсидии!B78 -> 3111 | O80: =Субсидии!C78 -> 3699.252 | P80: =Субсидии!D78 -> 3699.252 | Q80: =Субсидии!E78 -> 0 | R80: =Субсидии!F78 -> 0 | S80: =R80/O80*100 -> 0 | T80: ='Субвенции '!B80 -> 227.1 | U80: ='Субвенции '!C80 -> 227.1 | V80: ='Субвенции '!D80 -> 227.1 | W80: ='Субвенции '!E80 -> 0 | X80: ='Субвенции '!F80 -> 28.2198 | Y80: =X80/U80*100 -> 12.426156 | Z80: =Иные!B68 -> 594.7 | AA80: =Иные!C68 -> 594.7 | AB80: =Иные!D68 -> 594.7 | AC80: =Иные!E68 -> 0 | AD80: =Иные!F68 -> 0 | AE80: =AD80/AA80*100 -> 0
A81: Большеозерское МО | B81: =H81+N81+T81+Z81 -> 6187.8 | C81: =I81+O81+U81+AA81 -> 6187.8 | D81: =J81+P81+V81+AB81 -> 6187.8 | E81: =K81+Q81+W81+AC81 -> 0 | F81: =L81+R81+X81+AD81 -> 21.696 | G81: =F81/C81*100 -> 0.35062542 | N81: =Субсидии!B79 -> 5004 | O81: =Субсидии!C79 -> 5004 | P81: =Субсидии!D79 -> 5004 | Q81: =Субсидии!E79 -> 0 | R81: =Субсидии!F79 -> 0 | S81: =R81/O81*100 -> 0 | T81: ='Субвенции '!B81 -> 227.1 | U81: ='Субвенции '!C81 -> 227.1 | V81: ='Субвенции '!D81 -> 227.1 | W81: ='Субвенции '!E81 -> 0 | X81: ='Субвенции '!F81 -> 21.696 | Y81: =X81/U81*100 -> 9.5535007 | Z81: =Иные!B69 -> 956.7 | AA81: =Иные!C69 -> 956.7 | AB81: =Иные!D69 -> 956.7 | AC81: =Иные!E69 -> 0 | AD81: =Иные!F69 -> 0 | AE81: =AD81/AA81*100 -> 0
A82: Царевщинское МО | B82: =H82+N82+T82+Z82 -> 8668.9 | C82: =I82+O82+U82+AA82 -> 8912.9 | D82: =J82+P82+V82+AB82 -> 8912.9 | E82: =K82+Q82+W82+AC82 -> 0 | F82: =L82+R82+X82+AD82 -> 85.10192 | G82: =F82/C82*100 -> 0.9548174 | N82: =Субсидии!B80 -> 6801 | O82: =Субсидии!C80 -> 6801 | P82: =Субсидии!D80 -> 6801 | Q82: =Субсидии!E80 -> 0 | R82: =Субсидии!F80 -> 0 | S82: =R82/O82*100 -> 0 | T82: ='Субвенции '!B82 -> 567.7 | U82: ='Субвенции '!C82 -> 567.7 | V82: ='Субвенции '!D82 -> 567.7 | W82: ='Субвенции '!E82 -> 0 | X82: ='Субвенции '!F82 -> 85.10192 | Y82: =X82/U82*100 -> 14.99065 | Z82: =Иные!B70 -> 1300.2 | AA82: =Иные!C70 -> 1544.2 | AB82: =Иные!D70 -> 1544.2 | AC82: =Иные!E70 -> 0 | AD82: =Иные!F70 -> 0 | AE82: =AD82/AA82*100 -> 0
A83: Вольский район (консолидированный) | B83: =H83+N83+T83+Z83 -> 1306908.1 | C83: =I83+O83+U83+AA83 -> 1573625 | D83: =J83+P83+V83+AB83 -> 1573625 | E83: =K83+Q83+W83+AC83 -> 0 | F83: =L83+R83+X83+AD83 -> 272750.26 | G83: =F83/C83*100 -> 17.332609 | H83: =SUM(H84:H99) -> 100551 | I83: =SUM(I84:I99) -> 100551 | J83: =SUM(J84:J99) -> 100551 | K83: =SUM(K84:K99) -> 0 | L83: =SUM(L84:L99) -> 25137.9 | M83: =L83/I83*100 -> 25.000149 | N83: =SUM(N84:N99) -> 229367.34 | O83: =SUM(O84:O99) -> 334215.38 | P83: =SUM(P84:P99) -> 334215.38 | Q83: =SUM(Q84:Q99) -> 0 | R83: =SUM(R84:R99) -> 27211.781 | S83: =R83/O83*100 -> 8.1419895 | T83: =SUM(T84:T99) -> 901571.3 | U83: =SUM(U84:U99) -> 981333.9 | V83: =SUM(V84:V99) -> 981333.9 | W83: =SUM(W84:W99) -> 0 | X83: =SUM(X84:X99) -> 203078.02 | Y83: =X83/U83*100 -> 20.69408 | Z83: =SUM(Z84:Z99) -> 75418.419 | AA83: =SUM(AA84:AA99) -> 157524.72 | AB83: =SUM(AB84:AB99) -> 157524.72 | AC83: =SUM(AC84:AC99) -> 0 | AD83: =SUM(AD84:AD99) -> 17322.559 | AE83: =AD83/AA83*100 -> 10.996725
A84: Вольский район (собственный) | B84: =H84+N84+T84+Z84 -> 1230399.4 | C84: =I84+O84+U84+AA84 -> 1476517.3 | D84: =J84+P84+V84+AB84 -> 1476517.3 | E84: =K84+Q84+W84+AC84 -> 0 | F84: =L84+R84+X84+AD84 -> 270310.56 | G84: =F84/C84*100 -> 18.307307 | H84: =Дотации!B30 -> 100551 | I84: =Дотации!C30 -> 100551 | J84: =Дотации!D30 -> 100551 | K84: =Дотации!E30 -> 0 | L84: =Дотации!F30 -> 25137.9 | M84: =L84/I84*100 -> 25.000149 | N84: =Субсидии!B82 -> 162501.34 | O84: =Субсидии!C82 -> 247254.34 | P84: =Субсидии!D82 -> 247254.34 | Q84: =Субсидии!E82 -> 0 | R84: =Субсидии!F82 -> 25419.681 | S84: =R84/O84*100 -> 10.280783 | T84: ='Субвенции '!B84 -> 897029.5 | U84: ='Субвенции '!C84 -> 976792.1 | V84: ='Субвенции '!D84 -> 976792.1 | W84: ='Субвенции '!E84 -> 0 | X84: ='Субвенции '!F84 -> 202430.42 | Y84: =X84/U84*100 -> 20.724002 | Z84: =Иные!B72 -> 70317.6 | AA84: =Иные!C72 -> 151919.9 | AB84: =Иные!D72 -> 151919.9 | AC84: =Иные!E72 -> 0 | AD84: =Иные!F72 -> 17322.559 | AE84: =AD84/AA84*100 -> 11.402429
A85: город Вольск | B85: =H85+N85+T85+Z85 -> 25100.819 | C85: =I85+O85+U85+AA85 -> 42401.856 | D85: =J85+P85+V85+AB85 -> 42401.856 | E85: =K85+Q85+W85+AC85 -> 0 | F85: =L85+R85+X85+AD85 -> 1792.1 | G85: =F85/C85*100 -> 4.2264659 | N85: =Субсидии!B83 -> 20000 | O85: =Субсидии!C83 -> 37301.037 | P85: =Субсидии!D83 -> 37301.037 | Q85: =Субсидии!E83 -> 0 | R85: =Субсидии!F83 -> 1792.1 | S85: =R85/O85*100 -> 4.8044241 | Z85: =Иные!B73 -> 5100.8191 | AA85: =Иные!C73 -> 5100.8191 | AB85: =Иные!D73 -> 5100.8191 | AC85: =Иные!E73 -> 0 | AD85: =Иные!F73 -> 0 | AE85: =AD85/AA85*100 -> 0
A86: Барановское МО | B86: =H86+N86+T86+Z86 -> 3290.1 | C86: =I86+O86+U86+AA86 -> 3290.1 | D86: =J86+P86+V86+AB86 -> 3290.1 | E86: =K86+Q86+W86+AC86 -> 0 | F86: =L86+R86+X86+AD86 -> 32.88407 | G86: =F86/C86*100 -> 0.99948543 | N86: =Субсидии!B84 -> 3063 | O86: =Субсидии!C84 -> 3063 | P86: =Субсидии!D84 -> 3063 | Q86: =Субсидии!E84 -> 0 | R86: =Субсидии!F84 -> 0 | S86: =R86/O86*100 -> 0 | T86: ='Субвенции '!B85 -> 227.1 | U86: ='Субвенции '!C85 -> 227.1 | V86: ='Субвенции '!D85 -> 227.1 | W86: ='Субвенции '!E85 -> 0 | X86: ='Субвенции '!F85 -> 32.88407 | Y86: =X86/U86*100 -> 14.479996
A87: Белогорновское МО | B87: =H87+N87+T87+Z87 -> 2504.1 | C87: =I87+O87+U87+AA87 -> 4948.101 | D87: =J87+P87+V87+AB87 -> 4948.101 | E87: =K87+Q87+W87+AC87 -> 0 | F87: =L87+R87+X87+AD87 -> 32.86457 | G87: =F87/C87*100 -> 0.66418551 | N87: =Субсидии!B85 -> 2277 | O87: =Субсидии!C85 -> 4721.001 | P87: =Субсидии!D85 -> 4721.001 | Q87: =Субсидии!E85 -> 0 | R87: =Субсидии!F85 -> 0 | S87: =R87/O87*100 -> 0 | T87: ='Субвенции '!B86 -> 227.1 | U87: ='Субвенции '!C86 -> 227.1 | V87: ='Субвенции '!D86 -> 227.1 | W87: ='Субвенции '!E86 -> 0 | X87: ='Субвенции '!F86 -> 32.86457 | Y87: =X87/U87*100 -> 14.471409
A88: Верхнечернавское МО | B88: =H88+N88+T88+Z88 -> 3005.1 | C88: =I88+O88+U88+AA88 -> 3005.1 | D88: =J88+P88+V88+AB88 -> 3005.1 | E88: =K88+Q88+W88+AC88 -> 0 | F88: =L88+R88+X88+AD88 -> 32.86457 | G88: =F88/C88*100 -> 1.0936265 | N88: =Субсидии!B86 -> 2778 | O88: =Субсидии!C86 -> 2778 | P88: =Субсидии!D86 -> 2778 | Q88: =Субсидии!E86 -> 0 | R88: =Субсидии!F86 -> 0 | S88: =R88/O88*100 -> 0 | T88: ='Субвенции '!B87 -> 227.1 | U88: ='Субвенции '!C87 -> 227.1 | V88: ='Субвенции '!D87 -> 227.1 | W88: ='Субвенции '!E87 -> 0 | X88: ='Субвенции '!F87 -> 32.86457 | Y88: =X88/U88*100 -> 14.471409
A89: Колоярское МО | B89: =H89+N89+T89+Z89 -> 2816.1 | C89: =I89+O89+U89+AA89 -> 2816.1 | D89: =J89+P89+V89+AB89 -> 2816.1 | E89: =K89+Q89+W89+AC89 -> 0 | F89: =L89+R89+X89+AD89 -> 32.86457 | G89: =F89/C89*100 -> 1.1670243 | N89: =Субсидии!B88 -> 2589 | O89: =Субсидии!C88 -> 2589 | P89: =Субсидии!D88 -> 2589 | Q89: =Субсидии!E88 -> 0 | R89: =Субсидии!F88 -> 0 | S89: =R89/O89*100 -> 0 | T89: ='Субвенции '!B88 -> 227.1 | U89: ='Субвенции '!C88 -> 227.1 | V89: ='Субвенции '!D88 -> 227.1 | W89: ='Субвенции '!E88 -> 0 | X89: ='Субвенции '!F88 -> 32.86457 | Y89: =X89/U89*100 -> 14.471409
A90: Кряжимское МО | B90: =H90+N90+T90+Z90 -> 2039.1 | C90: =I90+O90+U90+AA90 -> 2039.1 | D90: =J90+P90+V90+AB90 -> 2039.1 | E90: =K90+Q90+W90+AC90 -> 0 | F90: =L90+R90+X90+AD90 -> 32.86457 | G90: =F90/C90*100 -> 1.6117194 | N90: =Субсидии!B87 -> 1812 | O90: =Субсидии!C87 -> 1812 | P90: =Субсидии!D87 -> 1812 | Q90: =Субсидии!E87 -> 0 | R90: =Субсидии!F87 -> 0 | S90: =R90/O90*100 -> 0 | T90: ='Субвенции '!B89 -> 227.1 | U90: ='Субвенции '!C89 -> 227.1 | V90: ='Субвенции '!D89 -> 227.1 | W90: ='Субвенции '!E89 -> 0 | X90: ='Субвенции '!F89 -> 32.86457 | Y90: =X90/U90*100 -> 14.471409
A91: Куриловское МО | B91: =H91+N91+T91+Z91 -> 4106.1 | C91: =I91+O91+U91+AA91 -> 4117.1 | D91: =J91+P91+V91+AB91 -> 4117.1 | E91: =K91+Q91+W91+AC91 -> 0 | F91: =L91+R91+X91+AD91 -> 32.81812 | G91: =F91/C91*100 -> 0.79711739 | N91: =Субсидии!B89 -> 3879 | O91: =Субсидии!C89 -> 3879 | P91: =Субсидии!D89 -> 3879 | Q91: =Субсидии!E89 -> 0 | R91: =Субсидии!F89 -> 0 | S91: =R91/O91*100 -> 0 | T91: ='Субвенции '!B90 -> 227.1 | U91: ='Субвенции '!C90 -> 227.1 | V91: ='Субвенции '!D90 -> 227.1 | W91: ='Субвенции '!E90 -> 0 | X91: ='Субвенции '!F90 -> 32.81812 | Y91: =X91/U91*100 -> 14.450956 | Z91: =Иные!B74 -> 0 | AA91: =Иные!C74 -> 11 | AB91: =Иные!D74 -> 11 | AC91: =Иные!E74 -> 0 | AD91: =Иные!F74 -> 0
A92: Междуреченское МО | B92: =H92+N92+T92+Z92 -> 2963.1 | C92: =I92+O92+U92+AA92 -> 3313.1 | D92: =J92+P92+V92+AB92 -> 3313.1 | E92: =K92+Q92+W92+AC92 -> 0 | F92: =L92+R92+X92+AD92 -> 17.96546 | G92: =F92/C92*100 -> 0.54225529 | N92: =Субсидии!B90 -> 2736 | O92: =Субсидии!C90 -> 3086 | P92: =Субсидии!D90 -> 3086 | Q92: =Субсидии!E90 -> 0 | R92: =Субсидии!F90 -> 0 | S92: =R92/O92*100 -> 0 | T92: ='Субвенции '!B91 -> 227.1 | U92: ='Субвенции '!C91 -> 227.1 | V92: ='Субвенции '!D91 -> 227.1 | W92: ='Субвенции '!E91 -> 0 | X92: ='Субвенции '!F91 -> 17.96546 | Y92: =X92/U92*100 -> 7.9108146
A93: Нижнечернавское МО | B93: =H93+N93+T93+Z93 -> 2348.1 | C93: =I93+O93+U93+AA93 -> 2348.1 | D93: =J93+P93+V93+AB93 -> 2348.1 | E93: =K93+Q93+W93+AC93 -> 0 | F93: =L93+R93+X93+AD93 -> 32.86457 | G93: =F93/C93*100 -> 1.399624 | N93: =Субсидии!B91 -> 2121 | O93: =Субсидии!C91 -> 2121 | P93: =Субсидии!D91 -> 2121 | Q93: =Субсидии!E91 -> 0 | R93: =Субсидии!F91 -> 0 | S93: =R93/O93*100 -> 0 | T93: ='Субвенции '!B92 -> 227.1 | U93: ='Субвенции '!C92 -> 227.1 | V93: ='Субвенции '!D92 -> 227.1 | W93: ='Субвенции '!E92 -> 0 | X93: ='Субвенции '!F92 -> 32.86457 | Y93: =X93/U93*100 -> 14.471409
A94: Покровское МО | B94: =H94+N94+T94+Z94 -> 1691.1 | C94: =I94+O94+U94+AA94 -> 1691.1 | D94: =J94+P94+V94+AB94 -> 1691.1 | E94: =K94+Q94+W94+AC94 -> 0 | F94: =L94+R94+X94+AD94 -> 32.81812 | G94: =F94/C94*100 -> 1.9406375 | N94: =Субсидии!B92 -> 1464 | O94: =Субсидии!C92 -> 1464 | P94: =Субсидии!D92 -> 1464 | Q94: =Субсидии!E92 -> 0 | R94: =Субсидии!F92 -> 0 | S94: =R94/O94*100 -> 0 | T94: ='Субвенции '!B93 -> 227.1 | U94: ='Субвенции '!C93 -> 227.1 | V94: ='Субвенции '!D93 -> 227.1 | W94: ='Субвенции '!E93 -> 0 | X94: ='Субвенции '!F93 -> 32.81812 | Y94: =X94/U94*100 -> 14.450956 | AA94: =Иные!C75 -> 0 | AC94: =Иные!E75 -> 0 | AD94: =Иные!F75 -> 0
A95: Сенное МО | B95: =H95+N95+T95+Z95 -> 1077.7 | C95: =I95+O95+U95+AA95 -> 1288.2 | D95: =J95+P95+V95+AB95 -> 1288.2 | E95: =K95+Q95+W95+AC95 -> 0 | F95: =L95+R95+X95+AD95 -> 87.56263 | G95: =F95/C95*100 -> 6.7972854 | N95: =Субсидии!B93 -> 510 | O95: =Субсидии!C93 -> 510 | P95: =Субсидии!D93 -> 510 | Q95: =Субсидии!E93 -> 0 | R95: =Субсидии!F93 -> 0 | T95: ='Субвенции '!B94 -> 567.7 | U95: ='Субвенции '!C94 -> 567.7 | V95: ='Субвенции '!D94 -> 567.7 | W95: ='Субвенции '!E94 -> 0 | X95: ='Субвенции '!F94 -> 87.56263 | Y95: =X95/U95*100 -> 15.424103 | Z95: =Иные!B76 -> 0 | AA95: =Иные!C76 -> 210.5 | AB95: =Иные!D76 -> 210.5 | AC95: =Иные!E76 -> 0 | AD95: =Иные!F76 -> 0
A96: Талалихинское МО | B96: =H96+N96+T96+Z96 -> 1493.1 | C96: =I96+O96+U96+AA96 -> 1493.1 | D96: =J96+P96+V96+AB96 -> 1493.1 | E96: =K96+Q96+W96+AC96 -> 0 | F96: =L96+R96+X96+AD96 -> 32.86457 | G96: =F96/C96*100 -> 2.2010964 | N96: =Субсидии!B94 -> 1266 | O96: =Субсидии!C94 -> 1266 | P96: =Субсидии!D94 -> 1266 | Q96: =Субсидии!E94 -> 0 | R96: =Субсидии!F94 -> 0 | S96: =R96/O96*100 -> 0 | T96: ='Субвенции '!B95 -> 227.1 | U96: ='Субвенции '!C95 -> 227.1 | V96: ='Субвенции '!D95 -> 227.1 | W96: ='Субвенции '!E95 -> 0 | X96: ='Субвенции '!F95 -> 32.86457 | Y96: =X96/U96*100 -> 14.471409
A97: Терсинское МО | B97: =H97+N97+T97+Z97 -> 9171.7 | C97: =I97+O97+U97+AA97 -> 9171.7 | D97: =J97+P97+V97+AB97 -> 9171.7 | E97: =K97+Q97+W97+AC97 -> 0 | F97: =L97+R97+X97+AD97 -> 82.16147 | G97: =F97/C97*100 -> 0.89581506 | N97: =Субсидии!B95 -> 8604 | O97: =Субсидии!C95 -> 8604 | P97: =Субсидии!D95 -> 8604 | Q97: =Субсидии!E95 -> 0 | R97: =Субсидии!F95 -> 0 | S97: =R97/O97*100 -> 0 | T97: ='Субвенции '!B96 -> 567.7 | U97: ='Субвенции '!C96 -> 567.7 | V97: ='Субвенции '!D96 -> 567.7 | W97: ='Субвенции '!E96 -> 0 | X97: ='Субвенции '!F96 -> 82.16147 | Y97: =X97/U97*100 -> 14.472692
A98: Черкасское МО | B98: =H98+N98+T98+Z98 -> 9945.7 | C98: =I98+O98+U98+AA98 -> 10163.3 | D98: =J98+P98+V98+AB98 -> 10163.3 | E98: =K98+Q98+W98+AC98 -> 0 | F98: =L98+R98+X98+AD98 -> 82.16147 | G98: =F98/C98*100 -> 0.80841331 | N98: =Субсидии!B96 -> 9378 | O98: =Субсидии!C96 -> 9378 | P98: =Субсидии!D96 -> 9378 | Q98: =Субсидии!E96 -> 0 | R98: =Субсидии!F96 -> 0 | S98: =R98/O98*100 -> 0 | T98: ='Субвенции '!B97 -> 567.7 | U98: ='Субвенции '!C97 -> 567.7 | V98: ='Субвенции '!D97 -> 567.7 | W98: ='Субвенции '!E97 -> 0 | X98: ='Субвенции '!F97 -> 82.16147 | Y98: =X98/U98*100 -> 14.472692 | Z98: =Иные!B77 -> 0 | AA98: =Иные!C77 -> 217.6 | AB98: =Иные!D77 -> 217.6 | AC98: =Иные!E77 -> 0 | AD98: =Иные!F77 -> 0
A99: Широкобуеракское МО | B99: =H99+N99+T99+Z99 -> 4956.7 | C99: =I99+O99+U99+AA99 -> 5021.6 | D99: =J99+P99+V99+AB99 -> 5021.6 | E99: =K99+Q99+W99+AC99 -> 0 | F99: =L99+R99+X99+AD99 -> 82.04536 | G99: =F99/C99*100 -> 1.633849 | N99: =Субсидии!B97 -> 4389 | O99: =Субсидии!C97 -> 4389 | P99: =Субсидии!D97 -> 4389 | Q99: =Субсидии!E97 -> 0 | R99: =Субсидии!F97 -> 0 | T99: ='Субвенции '!B98 -> 567.7 | U99: ='Субвенции '!C98 -> 567.7 | V99: ='Субвенции '!D98 -> 567.7 | W99: ='Субвенции '!E98 -> 0 | X99: ='Субвенции '!F98 -> 82.04536 | Y99: =X99/U99*100 -> 14.452239 | AA99: =Иные!C78 -> 64.9 | AB99: =Иные!D78 -> 64.9 | AD99: =Иные!F78 -> 0 | AE99: =AD99/AA99*100 -> 0
A100: Воскресенский район (консолидированный) | B100: =H100+N100+T100+Z100 -> 416279.62 | C100: =I100+O100+U100+AA100 -> 437383.48 | D100: =J100+P100+V100+AB100 -> 437383.48 | E100: =K100+Q100+W100+AC100 -> 0 | F100: =L100+R100+X100+AD100 -> 82706.911 | G100: =F100/C100*100 -> 18.909473 | H100: =SUM(H101:H104) -> 79980.3 | I100: =SUM(I101:I104) -> 79980.3 | J100: =SUM(J101:J104) -> 79980.3 | K100: =SUM(K101:K104) -> 0 | L100: =SUM(L101:L104) -> 19995 | M100: =L100/I100*100 -> 24.999906 | N100: =SUM(N101:N104) -> 72568.116 | O100: =SUM(O101:O104) -> 71366.776 | P100: =SUM(P101:P104) -> 71366.776 | Q100: =SUM(Q101:Q104) -> 0 | R100: =SUM(R101:R104) -> 5438.0783 | S100: =R100/O100*100 -> 7.6199019 | T100: =SUM(T101:T104) -> 243369.2 | U100: =SUM(U101:U104) -> 257087.4 | V100: =SUM(V101:V104) -> 257087.4 | W100: =SUM(W101:W104) -> 0 | X100: =SUM(X101:X104) -> 52915.623 | Y100: =X100/U100*100 -> 20.582737 | Z100: =SUM(Z101:Z104) -> 20362 | AA100: =SUM(AA101:AA104) -> 28949 | AB100: =SUM(AB101:AB104) -> 28949 | AC100: =SUM(AC101:AC104) -> 0 | AD100: =SUM(AD101:AD104) -> 4358.2096 | AE100: =AD100/AA100*100 -> 15.054785
A101: Воскресенский район (собственный) | B101: =H101+N101+T101+Z101 -> 371263.52 | C101: =I101+O101+U101+AA101 -> 389094.59 | D101: =J101+P101+V101+AB101 -> 389094.59 | E101: =K101+Q101+W101+AC101 -> 0 | F101: =L101+R101+X101+AD101 -> 82379.093 | G101: =F101/C101*100 -> 21.171997 | H101: =Дотации!B32 -> 79980.3 | I101: =Дотации!C32 -> 79980.3 | J101: =Дотации!D32 -> 79980.3 | K101: =Дотации!E32 -> 0 | L101: =Дотации!F32 -> 19995 | M101: =L101/I101*100 -> 24.999906 | N101: =Субсидии!B99 -> 34255.116 | O101: =Субсидии!C99 -> 30053.786 | P101: =Субсидии!D99 -> 30053.786 | Q101: =Субсидии!E99 -> 0 | R101: =Субсидии!F99 -> 5438.0783 | S101: =R101/O101*100 -> 18.094487 | T101: ='Субвенции '!B100 -> 241666.1 | U101: ='Субвенции '!C100 -> 255384.3 | V101: ='Субвенции '!D100 -> 255384.3 | W101: ='Субвенции '!E100 -> 0 | X101: ='Субвенции '!F100 -> 52624.261 | Y101: =X101/U101*100 -> 20.605911 | Z101: =Иные!B80 -> 15362 | AA101: =Иные!C80 -> 23676.2 | AB101: =Иные!D80 -> 23676.2 | AC101: =Иные!E80 -> 0 | AD101: =Иные!F80 -> 4321.7536 | AE101: =AD101/AA101*100 -> 18.253578
...

Sheet Дотации
A2: Сведения о предоставлении из бюджета Саратовской области межбюджетных трансфертов местным бюджетам за 1 квартал 2026 года
S4: тыс.рублей
A5: Наименование муниципальных образований | B5: Дотации, всего | H5: в том числе
H6: бюджетам городских округов области, связанные с особым режимом безопасного функционирования закрытых административно-территориальных образований | L6: на выравнивание бюджетной обеспеченности муниципальных районов (муниципальных округов, городских округов) области | P6: бюджетам муниципальных районов области на поддержку мер по обеспечению сбалансированности местных бюджетов
B7: первоначальные бюджетные назначения 1 | C7: уточненные бюджетные назначения | F7: исполнено | G7: % исполнения | H7: первоначальные бюджетные назначения 1 | I7: уточненные бюджетжетные назначения 2 | J7: исполнено | K7: % исполнения | L7: первоначальные бюджетные назначения 1 | M7: уточненные бюджетжетные назначения 2 | N7: исполнено | O7: % исполнения | P7: первоначальные бюджетные назначения 1 | Q7: уточненные бюджетжетные назначения 2 | R7: исполнено | S7: % исполнения
C8: сводная бюджетная роспись | D8: на основании
D9: закона о бюджете 2 | E9: иных нормативных правовых актов
A10: Муниципальные районы области (консолидированный) | B10: =H10+L10+P10 -> 5238546 | C10: =I10+M10+Q10 -> 5252914.3 | D10: =I10+M10+Q10 -> 5252914.3 | F10: =J10+N10+R10 -> 1476567.6 | G10: =F10/C10*100 -> 28.109493 | L10: =L13+L16+L18+L21+L23+L25+L28+L30+L32+L34+L36+L38+L40+L42+L44+L46+L48+L50+L52+L54+L56+L58+L60+L62+L64+L67+L69+L71+L73+L75+L77+L80+L82+L84+L86+L88+L90 -> 4658278.8 | M10: =M13+M16+M18+M21+M23+M25+M28+M30+M32+M34+M36+M38+M40+M42+M44+M46+M48+M50+M52+M54+M56+M58+M60+M62+M64+M67+M69+M71+M73+M75+M77+M80+M82+M84+M86+M88+M90 -> 4658278.8 | N10: =N13+N16+N18+N21+N23+N25+N28+N30+N32+N34+N36+N38+N40+N42+N44+N46+N48+N50+N52+N54+N56+N58+N60+N62+N64+N67+N69+N71+N73+N75+N77+N80+N82+N84+N86+N88+N90 -> 1320700.9 | O10: =N10/M10*100 -> 28.351693 | P10: =P13+P16+P18+P21+P23+P25+P28+P30+P32+P34+P36+P38+P40+P42+P44+P46+P48+P50+P52+P54+P56+P58+P60+P62+P64+P67+P69+P71+P73+P75+P77+P80+P82+P84+P86+P88+P90 -> 580267.2 | Q10: =Q13+Q16+Q18+Q21+Q23+Q25+Q28+Q30+Q32+Q34+Q36+Q38+Q40+Q42+Q44+Q46+Q48+Q50+Q52+Q54+Q56+Q58+Q60+Q62+Q64+Q67+Q69+Q71+Q73+Q75+Q77+Q80+Q82+Q84+Q86+Q88+Q90 -> 594635.5 | R10: =R13+R16+R18+R21+R23+R25+R28+R30+R32+R34+R36+R38+R40+R42+R44+R46+R48+R50+R52+R54+R56+R58+R60+R62+R64+R67+R69+R71+R73+R75+R77+R80+R82+R84+R86+R88+R90 -> 155866.7 | S10: =R10/Q10*100 -> 26.212142
A11: Муниципальные районы области (собственный): | B11: =H11+L11+P11 -> 5238546 | C11: =I11+M11+Q11 -> 5252914.3 | D11: =I11+M11+Q11 -> 5252914.3 | F11: =J11+N11+R11 -> 1476567.6 | G11: =F11/C11*100 -> 28.109493 | L11: =L14+L17+L19+L22+L24+L26+L29+L31+L33+L35+L37+L39+L41+L43+L45+L47+L49+L51+L53+L55+L57+L59+L61+L63+L65+L68+L70+L72+L74+L76+L78+L81+L83+L85+L87+L89+L91 -> 4658278.8 | M11: =M14+M17+M19+M22+M24+M26+M29+M31+M33+M35+M37+M39+M41+M43+M45+M47+M49+M51+M53+M55+M57+M59+M61+M63+M65+M68+M70+M72+M74+M76+M78+M81+M83+M85+M87+M89+M91 -> 4658278.8 | N11: =N14+N17+N19+N22+N24+N26+N29+N31+N33+N35+N37+N39+N41+N43+N45+N47+N49+N51+N53+N55+N57+N59+N61+N63+N65+N68+N70+N72+N74+N76+N78+N81+N83+N85+N87+N89+N91 -> 1320700.9 | O11: =N11/M11*100 -> 28.351693 | P11: =P14+P17+P19+P22+P24+P26+P29+P31+P33+P35+P37+P39+P41+P43+P45+P47+P49+P51+P53+P55+P57+P59+P61+P63+P65+P68+P70+P72+P74+P76+P78+P81+P83+P85+P87+P89+P91 -> 580267.2 | Q11: =Q14+Q17+Q19+Q22+Q24+Q26+Q29+Q31+Q33+Q35+Q37+Q39+Q41+Q43+Q45+Q47+Q49+Q51+Q53+Q55+Q57+Q59+Q61+Q63+Q65+Q68+Q70+Q72+Q74+Q76+Q78+Q81+Q83+Q85+Q87+Q89+Q91 -> 594635.5 | R11: =R14+R17+R19+R22+R24+R26+R29+R31+R33+R35+R37+R39+R41+R43+R45+R47+R49+R51+R53+R55+R57+R59+R61+R63+R65+R68+R70+R72+R74+R76+R78+R81+R83+R85+R87+R89+R91 -> 155866.7 | S11: =R11/Q11*100 -> 26.212142
A12: Поселения: | B12: =H12+L12+P12 -> 0 | C12: =I12+M12+Q12 -> 0 | D12: =I12+M12+Q12 -> 0 | F12: =J12+N12+R12 -> 0 | L12: =L27+L92 -> 0 | M12: =M27+M92 -> 0 | N12: =N27+N92 -> 0 | P12: =P27+P92 -> 0 | Q12: =Q27+Q92 -> 0 | R12: =R27+R92 -> 0
A13: Александрово-Гайский (консолидированный) | B13: =H13+L13+P13 -> 144896.6 | C13: =I13+M13+Q13 -> 144896.6 | D13: =I13+M13+Q13 -> 144896.6 | F13: =J13+N13+R13 -> 44405.9 | G13: =F13/C13*100 -> 30.646613 | L13: =L14 -> 114964.6 | M13: =M14 -> 114964.6 | N13: =N14 -> 36923 | O13: =N13/M13*100 -> 32.116843 | P13: =P14 -> 29932 | Q13: =Q14 -> 29932 | R13: =R14 -> 7482.9 | S13: =R13/Q13*100 -> 24.999666
A14: Александрово-Гайский (собственный) | B14: =H14+L14+P14 -> 144896.6 | C14: =I14+M14+Q14 -> 144896.6 | D14: =I14+M14+Q14 -> 144896.6 | F14: =J14+N14+R14 -> 44405.9 | G14: =F14/C14*100 -> 30.646613 | L14: 114964.6 | M14: 114964.6 | N14: 36923 | O14: =N14/M14*100 -> 32.116843 | P14: 29932 | Q14: 29932 | R14: 7482.9 | S14: =R14/Q14*100 -> 24.999666
A15: Александрово-Гайское МО | B15: =H15+L15+P15 -> 0 | C15: =I15+M15+Q15 -> 0 | D15: =I15+M15+Q15 -> 0 | F15: =J15+N15+R15 -> 0
A16: Аркадакский (консолидированный) | B16: =H16+L16+P16 -> 72956.1 | C16: =I16+M16+Q16 -> 72956.1 | D16: =I16+M16+Q16 -> 72956.1 | F16: =J16+N16+R16 -> 18239.1 | G16: =F16/C16*100 -> 25.000103 | L16: =L17 -> 68939.5 | M16: =M17 -> 68939.5 | N16: =N17 -> 17235 | O16: =N16/M16*100 -> 25.000181 | P16: =P17 -> 4016.6 | Q16: =Q17 -> 4016.6 | R16: =R17 -> 1004.1 | S16: =R16/Q16*100 -> 24.998755
A17: Аркадакский (собственный) | B17: =H17+L17+P17 -> 72956.1 | C17: =I17+M17+Q17 -> 72956.1 | D17: =I17+M17+Q17 -> 72956.1 | F17: =J17+N17+R17 -> 18239.1 | G17: =F17/C17*100 -> 25.000103 | L17: 68939.5 | M17: 68939.5 | N17: 17235 | O17: =N17/M17*100 -> 25.000181 | P17: 4016.6 | Q17: 4016.6 | R17: 1004.1 | S17: =R17/Q17*100 -> 24.998755
A18: Аткарский район (консолидированный) | B18: =H18+L18+P18 -> 163251.2 | C18: =I18+M18+Q18 -> 163251.2 | D18: =I18+M18+Q18 -> 163251.2 | F18: =J18+N18+R18 -> 40812.9 | G18: =F18/C18*100 -> 25.000061 | L18: =L19 -> 163251.2 | M18: =M19 -> 163251.2 | N18: =N19 -> 40812.9 | O18: =N18/M18*100 -> 25.000061 | P18: =P19 -> 0 | Q18: =Q19 -> 0 | R18: =R19 -> 0
A19: Аткарский район (собственный) | B19: =H19+L19+P19 -> 163251.2 | C19: =I19+M19+Q19 -> 163251.2 | D19: =I19+M19+Q19 -> 163251.2 | F19: =J19+N19+R19 -> 40812.9 | G19: =F19/C19*100 -> 25.000061 | L19: 163251.2 | M19: 163251.2 | N19: 40812.9 | O19: =N19/M19*100 -> 25.000061
A20: город Аткарск | B20: =H20+L20+P20 -> 0 | C20: =I20+M20+Q20 -> 0 | D20: =I20+M20+Q20 -> 0 | F20: =J20+N20+R20 -> 0
A21: Базарно-Карабулакский (консолидированный) | B21: =H21+L21+P21 -> 170861 | C21: =I21+M21+Q21 -> 170861 | D21: =I21+M21+Q21 -> 170861 | F21: =J21+N21+R21 -> 55397 | G21: =F21/C21*100 -> 32.422261 | L21: =L22 -> 170861 | M21: =M22 -> 170861 | N21: =N22 -> 55397 | O21: =N21/M21*100 -> 32.422261 | P21: =P22 -> 0 | Q21: =Q22 -> 0 | R21: =R22 -> 0
A22: Базарно-Карабулакский (собственный) | B22: =H22+L22+P22 -> 170861 | C22: =I22+M22+Q22 -> 170861 | D22: =I22+M22+Q22 -> 170861 | F22: =J22+N22+R22 -> 55397 | G22: =F22/C22*100 -> 32.422261 | L22: 170861 | M22: 170861 | N22: 55397 | O22: =N22/M22*100 -> 32.422261
A23: Балаковский (консолидированный) | B23: =H23+L23+P23 -> 0 | C23: =I23+M23+Q23 -> 0 | D23: =I23+M23+Q23 -> 0 | F23: =J23+N23+R23 -> 0 | L23: =L24 -> 0 | M23: =M24 -> 0 | N23: =N24 -> 0 | P23: =P24 -> 0 | Q23: =Q24 -> 0 | R23: =R24 -> 0
A24: Балаковский (собственный) | B24: =H24+L24+P24 -> 0 | C24: =I24+M24+Q24 -> 0 | D24: =I24+M24+Q24 -> 0 | F24: =J24+N24+R24 -> 0
A25: Балашовский (консолидированный) | B25: =H25+L25+P25 -> 344790 | C25: =I25+M25+Q25 -> 344790 | D25: =I25+M25+Q25 -> 344790 | F25: =J25+N25+R25 -> 86197.5 | G25: =F25/C25*100 -> 25 | L25: =L26+L27 -> 344790 | M25: =M26+M27 -> 344790 | N25: =N26+N27 -> 86197.5 | O25: =N25/M25*100 -> 25
A26: Балашовский (собственный) | B26: =H26+L26+P26 -> 344790 | C26: =I26+M26+Q26 -> 344790 | D26: =I26+M26+Q26 -> 344790 | F26: =J26+N26+R26 -> 86197.5 | G26: =F26/C26*100 -> 25 | L26: 344790 | M26: 344790 | N26: 86197.5 | O26: =N26/M26*100 -> 25
A27: город Балашов | B27: =H27+L27+P27 -> 0 | C27: =I27+M27+Q27 -> 0 | D27: =I27+M27+Q27 -> 0 | F27: =J27+N27+R27 -> 0
A28: Балтайский (консолидированный) | B28: =H28+L28+P28 -> 80911.5 | C28: =I28+M28+Q28 -> 80911.5 | D28: =I28+M28+Q28 -> 80911.5 | F28: =J28+N28+R28 -> 20227.8 | G28: =F28/C28*100 -> 24.999907 | L28: =L29 -> 80911.5 | M28: =M29 -> 80911.5 | N28: =N29 -> 20227.8 | O28: =N28/M28*100 -> 24.999907
A29: Балтайский (собственный) | B29: =H29+L29+P29 -> 80911.5 | C29: =I29+M29+Q29 -> 80911.5 | D29: =I29+M29+Q29 -> 80911.5 | F29: =J29+N29+R29 -> 20227.8 | G29: =F29/C29*100 -> 24.999907 | L29: 80911.5 | M29: 80911.5 | N29: 20227.8 | O29: =N29/M29*100 -> 24.999907
A30: Вольский (консолидированный) | B30: =H30+L30+P30 -> 100551 | C30: =I30+M30+Q30 -> 100551 | D30: =I30+M30+Q30 -> 100551 | F30: =J30+N30+R30 -> 25137.9 | G30: =F30/C30*100 -> 25.000149 | L30: =L31 -> 0 | M30: =M31 -> 0 | N30: =N31 -> 0 | P30: =P31 -> 100551 | Q30: =Q31 -> 100551 | R30: =R31 -> 25137.9 | S30: =R30/Q30*100 -> 25.000149
A31: Вольский (собственный) | B31: =H31+L31+P31 -> 100551 | C31: =I31+M31+Q31 -> 100551 | D31: =I31+M31+Q31 -> 100551 | F31: =J31+N31+R31 -> 25137.9 | G31: =F31/C31*100 -> 25.000149 | P31: 100551 | Q31: 100551 | R31: 25137.9 | S31: =R31/Q31*100 -> 25.000149
A32: Воскресенский (консолидированный) | B32: =H32+L32+P32 -> 79980.3 | C32: =I32+M32+Q32 -> 79980.3 | D32: =I32+M32+Q32 -> 79980.3 | F32: =J32+N32+R32 -> 19995 | G32: =F32/C32*100 -> 24.999906 | L32: =L33 -> 79980.3 | M32: =M33 -> 79980.3 | N32: =N33 -> 19995 | O32: =N32/M32*100 -> 24.999906
A33: Воскресенский (собственный) | B33: =H33+L33+P33 -> 79980.3 | C33: =I33+M33+Q33 -> 79980.3 | D33: =I33+M33+Q33 -> 79980.3 | F33: =J33+N33+R33 -> 19995 | G33: =F33/C33*100 -> 24.999906 | L33: 79980.3 | M33: 79980.3 | N33: 19995 | O33: =N33/M33*100 -> 24.999906
A34: Дергачевский (консолидированный) | B34: =H34+L34+P34 -> 181642.7 | C34: =I34+M34+Q34 -> 181642.7 | D34: =I34+M34+Q34 -> 181642.7 | F34: =J34+N34+R34 -> 48910.7 | G34: =F34/C34*100 -> 26.926873 | L34: =L35 -> 181642.7 | M34: =M35 -> 181642.7 | N34: =N35 -> 48910.7 | O34: =N34/M34*100 -> 26.926873
A35: Дергачевский (собственный) | B35: =H35+L35+P35 -> 181642.7 | C35: =I35+M35+Q35 -> 181642.7 | D35: =I35+M35+Q35 -> 181642.7 | F35: =J35+N35+R35 -> 48910.7 | G35: =F35/C35*100 -> 26.926873 | L35: 181642.7 | M35: 181642.7 | N35: 48910.7 | O35: =N35/M35*100 -> 26.926873
A36: Духовницкий (консолидированный) | B36: =H36+L36+P36 -> 50168.7 | C36: =I36+M36+Q36 -> 50168.7 | D36: =I36+M36+Q36 -> 50168.7 | F36: =J36+N36+R36 -> 12542.1 | G36: =F36/C36*100 -> 24.999851 | L36: =L37 -> 50168.7 | M36: =M37 -> 50168.7 | N36: =N37 -> 12542.1 | O36: =N36/M36*100 -> 24.999851
A37: Духовницкий (собственный) | B37: =H37+L37+P37 -> 50168.7 | C37: =I37+M37+Q37 -> 50168.7 | D37: =I37+M37+Q37 -> 50168.7 | F37: =J37+N37+R37 -> 12542.1 | G37: =F37/C37*100 -> 24.999851 | L37: 50168.7 | M37: 50168.7 | N37: 12542.1 | O37: =N37/M37*100 -> 24.999851
A38: Екатериновский (консолидированный) | B38: =H38+L38+P38 -> 51174.5 | C38: =I38+M38+Q38 -> 51174.5 | D38: =I38+M38+Q38 -> 51174.5 | F38: =J38+N38+R38 -> 12793.5 | G38: =F38/C38*100 -> 24.999756 | L38: =L39 -> 22834 | M38: =M39 -> 22834 | N38: =N39 -> 5708.4 | O38: =N38/M38*100 -> 24.999562 | P38: =P39 -> 28340.5 | Q38: =Q39 -> 28340.5 | R38: =R39 -> 7085.1 | S38: =R38/Q38*100 -> 24.999912
A39: Екатериновский (собственный) | B39: =H39+L39+P39 -> 51174.5 | C39: =I39+M39+Q39 -> 51174.5 | D39: =I39+M39+Q39 -> 51174.5 | F39: =J39+N39+R39 -> 12793.5 | G39: =F39/C39*100 -> 24.999756 | L39: 22834 | M39: 22834 | N39: 5708.4 | O39: =N39/M39*100 -> 24.999562 | P39: 28340.5 | Q39: 28340.5 | R39: 7085.1 | S39: =R39/Q39*100 -> 24.999912
A40: Ершовский (консолидированный) | B40: =H40+L40+P40 -> 127636.3 | C40: =I40+M40+Q40 -> 127636.3 | D40: =I40+M40+Q40 -> 127636.3 | F40: =J40+N40+R40 -> 31909.1 | G40: =F40/C40*100 -> 25.00002 | L40: =L41 -> 22530.6 | M40: =M41 -> 22530.6 | N40: =N41 -> 5632.7 | O40: =N40/M40*100 -> 25.000222 | P40: =P41 -> 105105.7 | Q40: =Q41 -> 105105.7 | R40: =R41 -> 26276.4 | S40: =R40/Q40*100 -> 24.999976
A41: Ершовский (собственный) | B41: =H41+L41+P41 -> 127636.3 | C41: =I41+M41+Q41 -> 127636.3 | D41: =I41+M41+Q41 -> 127636.3 | F41: =J41+N41+R41 -> 31909.1 | G41: =F41/C41*100 -> 25.00002 | L41: 22530.6 | M41: 22530.6 | N41: 5632.7 | O41: =N41/M41*100 -> 25.000222 | P41: 105105.7 | Q41: 105105.7 | R41: 26276.4 | S41: =R41/Q41*100 -> 24.999976
A42: Ивантеевский (консолидированный) | B42: =H42+L42+P42 -> 91096.3 | C42: =I42+M42+Q42 -> 91096.3 | D42: =I42+M42+Q42 -> 91096.3 | F42: =J42+N42+R42 -> 22774.1 | G42: =F42/C42*100 -> 25.000027 | L42: =L43 -> 36594.6 | M42: =M43 -> 36594.6 | N42: =N43 -> 9148.7 | O42: =N42/M42*100 -> 25.000137 | P42: =P43 -> 54501.7 | Q42: =Q43 -> 54501.7 | R42: =R43 -> 13625.4 | S42: =R42/Q42*100 -> 24.999954
A43: Ивантеевский (собственный) | B43: =H43+L43+P43 -> 91096.3 | C43: =I43+M43+Q43 -> 91096.3 | D43: =I43+M43+Q43 -> 91096.3 | F43: =J43+N43+R43 -> 22774.1 | G43: =F43/C43*100 -> 25.000027 | L43: 36594.6 | M43: 36594.6 | N43: 9148.7 | O43: =N43/M43*100 -> 25.000137 | P43: 54501.7 | Q43: 54501.7 | R43: 13625.4 | S43: =R43/Q43*100 -> 24.999954
A44: Калининский (консолидированный) | B44: =H44+L44+P44 -> 90187.4 | C44: =I44+M44+Q44 -> 90187.4 | D44: =I44+M44+Q44 -> 90187.4 | F44: =J44+N44+R44 -> 37847 | G44: =F44/C44*100 -> 41.964842 | L44: =L45 -> 17040.8 | M44: =M45 -> 17040.8 | N44: =N45 -> 8760.3 | O44: =N44/M44*100 -> 51.407798 | P44: =P45 -> 73146.6 | Q44: =Q45 -> 73146.6 | R44: =R45 -> 29086.7 | S44: =R44/Q44*100 -> 39.764938
A45: Калининский (собственный) | B45: =H45+L45+P45 -> 90187.4 | C45: =I45+M45+Q45 -> 90187.4 | D45: =I45+M45+Q45 -> 90187.4 | F45: =J45+N45+R45 -> 37847 | G45: =F45/C45*100 -> 41.964842 | L45: 17040.8 | M45: 17040.8 | N45: 8760.3 | O45: =N45/M45*100 -> 51.407798 | P45: 73146.6 | Q45: 73146.6 | R45: 29086.7 | S45: =R45/Q45*100 -> 39.764938
A46: Красноармейский (консолидированный) | B46: =H46+L46+P46 -> 227829 | C46: =I46+M46+Q46 -> 227829 | D46: =I46+M46+Q46 -> 227829 | F46: =J46+N46+R46 -> 56957.3 | G46: =F46/C46*100 -> 25.000022 | L46: =L47 -> 227829 | M46: =M47 -> 227829 | N46: =N47 -> 56957.3 | O46: =N46/M46*100 -> 25.000022 | P46: =P47 -> 0 | Q46: =Q47 -> 0 | R46: =R47 -> 0
A47: Красноармейский (собственный) | B47: =H47+L47+P47 -> 227829 | C47: =I47+M47+Q47 -> 227829 | D47: =I47+M47+Q47 -> 227829 | F47: =J47+N47+R47 -> 56957.3 | G47: =F47/C47*100 -> 25.000022 | L47: 227829 | M47: 227829 | N47: 56957.3 | O47: =N47/M47*100 -> 25.000022
A48: Краснокутский (консолидированный) | B48: =H48+L48+P48 -> 177261.1 | C48: =I48+M48+Q48 -> 177261.1 | D48: =I48+M48+Q48 -> 177261.1 | F48: =J48+N48+R48 -> 44315.4 | G48: =F48/C48*100 -> 25.000071 | L48: =L49 -> 177261.1 | M48: =M49 -> 177261.1 | N48: =N49 -> 44315.4 | O48: =N48/M48*100 -> 25.000071 | P48: =P49 -> 0 | Q48: =Q49 -> 0 | R48: =R49 -> 0
A49: Краснокутский (собственный) | B49: =H49+L49+P49 -> 177261.1 | C49: =I49+M49+Q49 -> 177261.1 | D49: =I49+M49+Q49 -> 177261.1 | F49: =J49+N49+R49 -> 44315.4 | G49: =F49/C49*100 -> 25.000071 | L49: 177261.1 | M49: 177261.1 | N49: 44315.4 | O49: =N49/M49*100 -> 25.000071
A50: Краснопартизанский (консолидированный) | B50: =H50+L50+P50 -> 90758.3 | C50: =I50+M50+Q50 -> 90758.3 | D50: =I50+M50+Q50 -> 90758.3 | F50: =J50+N50+R50 -> 29494.9 | G50: =F50/C50*100 -> 32.498295 | L50: =L51 -> 90758.3 | M50: =M51 -> 90758.3 | N50: =N51 -> 29494.9 | O50: =N50/M50*100 -> 32.498295 | P50: =P51 -> 0 | Q50: =Q51 -> 0 | R50: =R51 -> 0
A51: Краснопартизанский (собственный) | B51: =H51+L51+P51 -> 90758.3 | C51: =I51+M51+Q51 -> 90758.3 | D51: =I51+M51+Q51 -> 90758.3 | F51: =J51+N51+R51 -> 29494.9 | G51: =F51/C51*100 -> 32.498295 | L51: 90758.3 | M51: 90758.3 | N51: 29494.9 | O51: =N51/M51*100 -> 32.498295
A52: Лысогорский (консолидированный) | B52: =H52+L52+P52 -> 119685.8 | C52: =I52+M52+Q52 -> 119685.8 | D52: =I52+M52+Q52 -> 119685.8 | F52: =J52+N52+R52 -> 29921.4 | G52: =F52/C52*100 -> 24.999958 | L52: =L53 -> 119685.8 | M52: =M53 -> 119685.8 | N52: =N53 -> 29921.4 | O52: =N52/M52*100 -> 24.999958 | P52: =P53 -> 0 | Q52: =Q53 -> 0 | R52: =R53 -> 0
A53: Лысогорский (собственный) | B53: =H53+L53+P53 -> 119685.8 | C53: =I53+M53+Q53 -> 119685.8 | D53: =I53+M53+Q53 -> 119685.8 | F53: =J53+N53+R53 -> 29921.4 | G53: =F53/C53*100 -> 24.999958 | L53: 119685.8 | M53: 119685.8 | N53: 29921.4 | O53: =N53/M53*100 -> 24.999958
A54: Марксовский (консолидированный) | B54: =H54+L54+P54 -> 234241.8 | C54: =I54+M54+Q54 -> 234241.8 | D54: =I54+M54+Q54 -> 234241.8 | F54: =J54+N54+R54 -> 106780.5 | G54: =F54/C54*100 -> 45.585587 | L54: =L55 -> 234241.8 | M54: =M55 -> 234241.8 | N54: =N55 -> 106780.5 | O54: =N54/M54*100 -> 45.585587 | P54: =P55 -> 0 | Q54: =Q55 -> 0 | R54: =R55 -> 0
A55: Марксовский (собственный) | B55: =H55+L55+P55 -> 234241.8 | C55: =I55+M55+Q55 -> 234241.8 | D55: =I55+M55+Q55 -> 234241.8 | F55: =J55+N55+R55 -> 106780.5 | G55: =F55/C55*100 -> 45.585587 | L55: 234241.8 | M55: 234241.8 | N55: 106780.5 | O55: =N55/M55*100 -> 45.585587
A56: Новобурасский (консолидированный) | B56: =H56+L56+P56 -> 145065.9 | C56: =I56+M56+Q56 -> 145065.9 | D56: =I56+M56+Q56 -> 145065.9 | F56: =J56+N56+R56 -> 47066.4 | G56: =F56/C56*100 -> 32.444841 | L56: =L57 -> 145065.9 | M56: =M57 -> 145065.9 | N56: =N57 -> 47066.4 | O56: =N56/M56*100 -> 32.444841 | P56: =P57 -> 0 | Q56: =Q57 -> 0 | R56: =R57 -> 0
A57: Новобурасский (собственный) | B57: =H57+L57+P57 -> 145065.9 | C57: =I57+M57+Q57 -> 145065.9 | D57: =I57+M57+Q57 -> 145065.9 | F57: =J57+N57+R57 -> 47066.4 | G57: =F57/C57*100 -> 32.444841 | L57: 145065.9 | M57: 145065.9 | N57: 47066.4 | O57: =N57/M57*100 -> 32.444841
A58: Новоузенский (консолидированный) | B58: =H58+L58+P58 -> 304879 | C58: =I58+M58+Q58 -> 304879 | D58: =I58+M58+Q58 -> 304879 | F58: =J58+N58+R58 -> 76219.8 | G58: =F58/C58*100 -> 25.000016 | L58: =L59 -> 304879 | M58: =M59 -> 304879 | N58: =N59 -> 76219.8 | O58: =N58/M58*100 -> 25.000016 | P58: =P59 -> 0 | Q58: =Q59 -> 0 | R58: =R59 -> 0
A59: Новоузенский (собственный) | B59: =H59+L59+P59 -> 304879 | C59: =I59+M59+Q59 -> 304879 | D59: =I59+M59+Q59 -> 304879 | F59: =J59+N59+R59 -> 76219.8 | G59: =F59/C59*100 -> 25.000016 | L59: 304879 | M59: 304879 | N59: 76219.8 | O59: =N59/M59*100 -> 25.000016
A60: Озинский (консолидированный) | B60: =H60+L60+P60 -> 175491.8 | C60: =I60+M60+Q60 -> 175491.8 | D60: =I60+M60+Q60 -> 175491.8 | F60: =J60+N60+R60 -> 43872.9 | G60: =F60/C60*100 -> 24.999972 | L60: =L61 -> 175491.8 | M60: =M61 -> 175491.8 | N60: =N61 -> 43872.9 | O60: =N60/M60*100 -> 24.999972 | P60: =P61 -> 0 | Q60: =Q61 -> 0 | R60: =R61 -> 0
A61: Озинский (собственный) | B61: =H61+L61+P61 -> 175491.8 | C61: =I61+M61+Q61 -> 175491.8 | D61: =I61+M61+Q61 -> 175491.8 | F61: =J61+N61+R61 -> 43872.9 | G61: =F61/C61*100 -> 24.999972 | L61: 175491.8 | M61: 175491.8 | N61: 43872.9 | O61: =N61/M61*100 -> 24.999972
A62: Перелюбский (консолидированный) | B62: =H62+L62+P62 -> 31033.6 | C62: =I62+M62+Q62 -> 31033.6 | D62: =I62+M62+Q62 -> 31033.6 | F62: =J62+N62+R62 -> 14740.8 | G62: =F62/C62*100 -> 47.499484 | L62: =L63 -> 31033.6 | M62: =M63 -> 31033.6 | N62: =N63 -> 14740.8 | O62: =N62/M62*100 -> 47.499484 | P62: =P63 -> 0 | Q62: =Q63 -> 0 | R62: =R63 -> 0
A63: Перелюбский (собственный) | B63: =H63+L63+P63 -> 31033.6 | C63: =I63+M63+Q63 -> 31033.6 | D63: =I63+M63+Q63 -> 31033.6 | F63: =J63+N63+R63 -> 14740.8 | G63: =F63/C63*100 -> 47.499484 | L63: 31033.6 | M63: 31033.6 | N63: 14740.8 | O63: =N63/M63*100 -> 47.499484
A64: Петровский (консолидированный) | B64: =H64+L64+P64 -> 197388.7 | C64: =I64+M64+Q64 -> 197388.7 | D64: =I64+M64+Q64 -> 197388.7 | F64: =J64+N64+R64 -> 67306.3 | G64: =F64/C64*100 -> 34.098355 | L64: =L65 -> 197388.7 | M64: =M65 -> 197388.7 | N64: =N65 -> 67306.3 | O64: =N64/M64*100 -> 34.098355 | P64: =P65 -> 0 | Q64: =Q65 -> 0 | R64: =R65 -> 0
A65: Петровский (собственный) | B65: =H65+L65+P65 -> 197388.7 | C65: =I65+M65+Q65 -> 197388.7 | D65: =I65+M65+Q65 -> 197388.7 | F65: =J65+N65+R65 -> 67306.3 | G65: =F65/C65*100 -> 34.098355 | L65: 197388.7 | M65: 197388.7 | N65: 67306.3 | O65: =N65/M65*100 -> 34.098355
A66: Новозахаркинское МО | B66: =H66+L66+P66 -> 0 | C66: =I66+M66+Q66 -> 0 | D66: =I66+M66+Q66 -> 0 | F66: =J66+N66+R66 -> 0
A67: Питерский (консолидированный) | B67: =H67+L67+P67 -> 128916.9 | C67: =I67+M67+Q67 -> 128916.9 | D67: =I67+M67+Q67 -> 128916.9 | F67: =J67+N67+R67 -> 37229.3 | G67: =F67/C67*100 -> 28.878526 | L67: =L68 -> 128916.9 | M67: =M68 -> 128916.9 | N67: =N68 -> 37229.3 | O67: =N67/M67*100 -> 28.878526 | P67: =P68 -> 0 | Q67: =Q68 -> 0 | R67: =R68 -> 0
A68: Питерский (собственный) | B68: =H68+L68+P68 -> 128916.9 | C68: =I68+M68+Q68 -> 128916.9 | D68: =I68+M68+Q68 -> 128916.9 | F68: =J68+N68+R68 -> 37229.3 | G68: =F68/C68*100 -> 28.878526 | L68: 128916.9 | M68: 128916.9 | N68: 37229.3 | O68: =N68/M68*100 -> 28.878526
A69: Пугачевский (консолидированный) | B69: =H69+L69+P69 -> 246503.9 | C69: =I69+M69+Q69 -> 246503.9 | D69: =I69+M69+Q69 -> 246503.9 | F69: =J69+N69+R69 -> 79626 | G69: =F69/C69*100 -> 32.302126 | L69: =L70 -> 246503.9 | M69: =M70 -> 246503.9 | N69: =N70 -> 79626 | O69: =N69/M69*100 -> 32.302126 | P69: =P70 -> 0 | Q69: =Q70 -> 0 | R69: =R70 -> 0
A70: Пугачевский (собственный) | B70: =H70+L70+P70 -> 246503.9 | C70: =I70+M70+Q70 -> 246503.9 | D70: =I70+M70+Q70 -> 246503.9 | F70: =J70+N70+R70 -> 79626 | G70: =F70/C70*100 -> 32.302126 | L70: 246503.9 | M70: 246503.9 | N70: 79626 | O70: =N70/M70*100 -> 32.302126
A71: Ровенский (консолидированный) | B71: =H71+L71+P71 -> 217717.2 | C71: =I71+M71+Q71 -> 217717.2 | D71: =I71+M71+Q71 -> 217717.2 | F71: =J71+N71+R71 -> 54429.3 | G71: =F71/C71*100 -> 25 | L71: =L72 -> 217717.2 | M71: =M72 -> 217717.2 | N71: =N72 -> 54429.3 | O71: =N71/M71*100 -> 25
A72: Ровенский (собственный) | B72: =H72+L72+P72 -> 217717.2 | C72: =I72+M72+Q72 -> 217717.2 | D72: =I72+M72+Q72 -> 217717.2 | F72: =J72+N72+R72 -> 54429.3 | G72: =F72/C72*100 -> 25 | L72: 217717.2 | M72: 217717.2 | N72: 54429.3 | O72: =N72/M72*100 -> 25
A73: Романовский (консолидированный) | B73: =H73+L73+P73 -> 91730.7 | C73: =I73+M73+Q73 -> 91730.7 | D73: =I73+M73+Q73 -> 91730.7 | F73: =J73+N73+R73 -> 22932.6 | G73: =F73/C73*100 -> 24.999918 | L73: =L74 -> 91730.7 | M73: =M74 -> 91730.7 | N73: =N74 -> 22932.6 | O73: =N73/M73*100 -> 24.999918 | P73: =P74 -> 0 | Q73: =Q74 -> 0 | R73: =R74 -> 0
A74: Романовский (собственный) | B74: =H74+L74+P74 -> 91730.7 | C74: =I74+M74+Q74 -> 91730.7 | D74: =I74+M74+Q74 -> 91730.7 | F74: =J74+N74+R74 -> 22932.6 | G74: =F74/C74*100 -> 24.999918 | L74: 91730.7 | M74: 91730.7 | N74: 22932.6 | O74: =N74/M74*100 -> 24.999918
A75: Ртищевский (консолидированный) | B75: =H75+L75+P75 -> 223431.3 | C75: =I75+M75+Q75 -> 223431.3 | D75: =I75+M75+Q75 -> 223431.3 | F75: =J75+N75+R75 -> 55857.9 | G75: =F75/C75*100 -> 25.000034 | L75: =L76 -> 223431.3 | M75: =M76 -> 223431.3 | N75: =N76 -> 55857.9 | O75: =N75/M75*100 -> 25.000034 | P75: =P76 -> 0 | Q75: =Q76 -> 0 | R75: =R76 -> 0
A76: Ртищевский (собственный) | B76: =H76+L76+P76 -> 223431.3 | C76: =I76+M76+Q76 -> 223431.3 | D76: =I76+M76+Q76 -> 223431.3 | F76: =J76+N76+R76 -> 55857.9 | G76: =F76/C76*100 -> 25.000034 | L76: 223431.3 | M76: 223431.3 | N76: 55857.9 | O76: =N76/M76*100 -> 25.000034
A77: Самойловский (консолидированный) | B77: =H77+L77+P77 -> 70176.8 | C77: =I77+M77+Q77 -> 70176.8 | D77: =I77+M77+Q77 -> 70176.8 | F77: =J77+N77+R77 -> 22944.3 | G77: =F77/C77*100 -> 32.694993 | L77: =L78 -> 70176.8 | M77: =M78 -> 70176.8 | N77: =N78 -> 22944.3 | O77: =N77/M77*100 -> 32.694993
A78: Самойловский (собственный) | B78: =H78+L78+P78 -> 70176.8 | C78: =I78+M78+Q78 -> 70176.8 | D78: =I78+M78+Q78 -> 70176.8 | F78: =J78+N78+R78 -> 22944.3 | G78: =F78/C78*100 -> 32.694993 | L78: 70176.8 | M78: 70176.8 | N78: 22944.3 | O78: =N78/M78*100 -> 32.694993
A79: Краснознаменское МО | B79: =H79+L79+P79 -> 0 | C79: =I79+M79+Q79 -> 0 | D79: =I79+M79+Q79 -> 0 | F79: =J79+N79+R79 -> 0
A80: Советский (консолидированный) | B80: =H80+L80+P80 -> 100361.5 | C80: =I80+M80+Q80 -> 100361.5 | D80: =I80+M80+Q80 -> 100361.5 | F80: =J80+N80+R80 -> 25090.5 | G80: =F80/C80*100 -> 25.000125 | L80: =L81 -> 100361.5 | M80: =M81 -> 100361.5 | N80: =N81 -> 25090.5 | O80: =N80/M80*100 -> 25.000125 | P80: =P81 -> 0 | Q80: =Q81 -> 0 | R80: =R81 -> 0
A81: Советский (собственный) | B81: =H81+L81+P81 -> 100361.5 | C81: =I81+M81+Q81 -> 100361.5 | D81: =I81+M81+Q81 -> 100361.5 | F81: =J81+N81+R81 -> 25090.5 | G81: =F81/C81*100 -> 25.000125 | L81: 100361.5 | M81: 100361.5 | N81: 25090.5 | O81: =N81/M81*100 -> 25.000125
A82: Татищевский (консолидированный) | B82: =H82+L82+P82 -> 71974.4 | C82: =I82+M82+Q82 -> 71974.4 | D82: =I82+M82+Q82 -> 71974.4 | F82: =J82+N82+R82 -> 26093.7 | G82: =F82/C82*100 -> 36.25414 | L82: =L83 -> 71974.4 | M82: =M83 -> 71974.4 | N82: =N83 -> 26093.7 | O82: =N82/M82*100 -> 36.25414 | P82: =P83 -> 0 | Q82: =Q83 -> 0 | R82: =R83 -> 0
A83: Татищевский (собственный) | B83: =H83+L83+P83 -> 71974.4 | C83: =I83+M83+Q83 -> 71974.4 | D83: =I83+M83+Q83 -> 71974.4 | F83: =J83+N83+R83 -> 26093.7 | G83: =F83/C83*100 -> 36.25414 | L83: 71974.4 | M83: 71974.4 | N83: 26093.7 | O83: =N83/M83*100 -> 36.25414
A84: Турковский (консолидированный) | B84: =H84+L84+P84 -> 59023.5 | C84: =I84+M84+Q84 -> 59023.5 | D84: =I84+M84+Q84 -> 59023.5 | F84: =J84+N84+R84 -> 14755.8 | G84: =F84/C84*100 -> 24.999873 | L84: =L85 -> 59023.5 | M84: =M85 -> 59023.5 | N84: =N85 -> 14755.8 | O84: =N84/M84*100 -> 24.999873 | P84: =P85 -> 0 | Q84: =Q85 -> 0 | R84: =R85 -> 0
A85: Турковский (собственный) | B85: =H85+L85+P85 -> 59023.5 | C85: =I85+M85+Q85 -> 59023.5 | D85: =I85+M85+Q85 -> 59023.5 | F85: =J85+N85+R85 -> 14755.8 | G85: =F85/C85*100 -> 24.999873 | L85: 59023.5 | M85: 59023.5 | N85: 14755.8 | O85: =N85/M85*100 -> 24.999873
A86: Федоровский (консолидированный) | B86: =H86+L86+P86 -> 114728.3 | C86: =I86+M86+Q86 -> 114728.3 | D86: =I86+M86+Q86 -> 114728.3 | F86: =J86+N86+R86 -> 28682.1 | G86: =F86/C86*100 -> 25.000022 | L86: =L87 -> 114728.3 | M86: =M87 -> 114728.3 | N86: =N87 -> 28682.1 | O86: =N86/M86*100 -> 25.000022 | P86: =P87 -> 0 | Q86: =Q87 -> 0 | R86: =R87 -> 0
A87: Федоровский (собственный) | B87: =H87+L87+P87 -> 114728.3 | C87: =I87+M87+Q87 -> 114728.3 | D87: =I87+M87+Q87 -> 114728.3 | F87: =J87+N87+R87 -> 28682.1 | G87: =F87/C87*100 -> 25.000022 | L87: 114728.3 | M87: 114728.3 | N87: 28682.1 | O87: =N87/M87*100 -> 25.000022
A88: Хвалынский (консолидированный) | B88: =H88+L88+P88 -> 122655.3 | C88: =I88+M88+Q88 -> 122655.3 | D88: =I88+M88+Q88 -> 122655.3 | F88: =J88+N88+R88 -> 30663.9 | G88: =F88/C88*100 -> 25.000061 | L88: =L89 -> 115416.7 | M88: =M89 -> 115416.7 | N88: =N89 -> 28854.3 | O88: =N88/M88*100 -> 25.000108 | P88: =P89 -> 7238.6 | Q88: =Q89 -> 7238.6 | R88: =R89 -> 1809.6 | S88: =R88/Q88*100 -> 24.999309
A89: Хвалынский (собственный) | B89: =H89+L89+P89 -> 122655.3 | C89: =I89+M89+Q89 -> 122655.3 | D89: =I89+M89+Q89 -> 122655.3 | F89: =J89+N89+R89 -> 30663.9 | G89: =F89/C89*100 -> 25.000061 | L89: 115416.7 | M89: 115416.7 | N89: 28854.3 | O89: =N89/M89*100 -> 25.000108 | P89: 7238.6 | Q89: 7238.6 | R89: 1809.6 | S89: =R89/Q89*100 -> 24.999309
A90: Энгельсский (консолидированный) | B90: =H90+L90+P90 -> 337587.6 | C90: =I90+M90+Q90 -> 351955.9 | D90: =I90+M90+Q90 -> 351955.9 | F90: =J90+N90+R90 -> 84396.9 | G90: =F90/C90*100 -> 23.979396 | L90: =L91+L92 -> 160153.1 | M90: =M91+M92 -> 160153.1 | N90: =N91+N92 -> 40038.3 | O90: =N90/M90*100 -> 25.000016 | P90: =P91+P92+P93 -> 177434.5 | Q90: =Q91+Q92+Q93 -> 191802.8 | R90: =R91+R92+R93 -> 44358.6 | S90: =R90/Q90*100 -> 23.127191
A91: Энгельсский (собственный) | B91: =H91+L91+P91 -> 337587.6 | C91: =I91+M91+Q91 -> 351955.9 | D91: =I91+M91+Q91 -> 351955.9 | F91: =J91+N91+R91 -> 84396.9 | G91: =F91/C91*100 -> 23.979396 | L91: 160153.1 | M91: 160153.1 | N91: 40038.3 | O91: =N91/M91*100 -> 25.000016 | P91: 177434.5 | Q91: 191802.8 | R91: 44358.6 | S91: =R91/Q91*100 -> 23.127191
A92: Безымянское МО | B92: =H92+L92+P92 -> 0 | C92: =I92+M92+Q92 -> 0 | D92: =I92+M92+Q92 -> 0 | F92: =J92+N92+R92 -> 0
A93: Терновское МО | B93: =H93+L93+P93 -> 0 | C93: =I93+M93+Q93 -> 0 | D93: =I93+M93+Q93 -> 0 | F93: =J93+N93+R93 -> 0
A94: Муниципальные округа области: | B94: =H94+L94+P94 -> 53811.4 | C94: =I94+M94+Q94 -> 53811.4 | D94: =I94+M94+Q94 -> 53811.4 | F94: =J94+N94+R94 -> 13452.9 | G94: =F94/C94*100 -> 25.000093 | L94: =L95 -> 53811.4 | M94: =M95 -> 53811.4 | N94: =N95 -> 13452.9 | O94: =N94/M94*100 -> 25.000093 | P94: =P95 -> 0 | Q94: =Q95 -> 0 | R94: =R95 -> 0
A95: Михайловский | B95: =H95+L95+P95 -> 53811.4 | C95: =I95+M95+Q95 -> 53811.4 | D95: =I95+M95+Q95 -> 53811.4 | F95: =J95+N95+R95 -> 13452.9 | G95: =F95/C95*100 -> 25.000093 | L95: 53811.4 | M95: 53811.4 | N95: 13452.9 | O95: =N95/M95*100 -> 25.000093
A96: Городские округа области: | B96: =H96+L96+P96 -> 268671.6 | C96: =I96+M96+Q96 -> 268671.6 | D96: =I96+M96+Q96 -> 268671.6 | F96: =J96+N96+R96 -> 67166.7 | G96: =F96/C96*100 -> 24.999553 | H96: =SUM(H97:H99) -> 35009 | I96: =SUM(I97:I99) -> 35009 | J96: =SUM(J97:J99) -> 8751 | K96: =J96/I96*100 -> 24.996429 | L96: =SUM(L97:L99) -> 233662.6 | M96: =SUM(M97:M99) -> 233662.6 | N96: =SUM(N97:N99) -> 58415.7 | O96: =N96/M96*100 -> 25.000021 | P96: =SUM(P97:P99) -> 0 | Q96: =SUM(Q97:Q99) -> 0 | R96: =SUM(R97:R99) -> 0
A97: г. Саратов | B97: =H97+L97+P97 -> 0 | C97: =I97+M97+Q97 -> 0 | D97: =I97+M97+Q97 -> 0 | F97: =J97+N97+R97 -> 0 | N97: 0
A98: ЗАТО Светлый | B98: =H98+L98+P98 -> 185941.6 | C98: =I98+M98+Q98 -> 185941.6 | D98: =I98+M98+Q98 -> 185941.6 | F98: =J98+N98+R98 -> 46484.1 | G98: =F98/C98*100 -> 24.999301 | H98: 35009 | I98: 35009 | J98: 8751 | K98: =J98/I98*100 -> 24.996429 | L98: 150932.6 | M98: 150932.6 | N98: 37733.1 | O98: =N98/M98*100 -> 24.999967
A99: г. Шиханы | B99: =H99+L99+P99 -> 82730 | C99: =I99+M99+Q99 -> 82730 | D99: =I99+M99+Q99 -> 82730 | F99: =J99+N99+R99 -> 20682.6 | G99: =F99/C99*100 -> 25.000121 | L99: 82730 | M99: 82730 | N99: 20682.6 | O99: =N99/M99*100 -> 25.000121
A100: Остаток средств к распределению 3 | B100: =H100+L100+P100 -> 0 | C100: =I100+M100+Q100 -> 0 | D100: =I100+M100+Q100 -> 0 | F100: =J100+N100+R100 -> 0
A101: ИТОГО | B101: =H101+L101+P101 -> 5561029 | C101: =I101+M101+Q101 -> 5575397.3 | D101: =I101+M101+Q101 -> 5575397.3 | F101: =J101+N101+R101 -> 1557187.2 | G101: =F101/C101*100 -> 27.929619 | H101: =H10+H96 -> 35009 | I101: =I10+I96 -> 35009 | J101: =J10+J96 -> 8751 | K101: =J101/I101*100 -> 24.996429 | L101: =L94+L96+L10+L100 -> 4945752.8 | M101: =M94+M96+M10+M100 -> 4945752.8 | N101: =N94+N96+N10+N100 -> 1392569.5 | O101: =N101/M101*100 -> 28.156876 | P101: =P94+P96+P10+P100 -> 580267.2 | Q101: =Q94+Q96+Q10+Q100 -> 594635.5 | R101: =R94+R96+R10+R100 -> 155866.7 | S101: =R101/Q101*100 -> 26.212142
A103: 1 в соответствии с Законом Саратовской области «Об областном бюджете на 2026 год и на плановый период 2027 и 2028 годов» в редакции от 09.12.2025 года
...

Sheet Субсидии
V1: Продолжение таблицы | AP1: Продолжение таблицы | BJ1: Продолжение таблицы | CD1: Продолжение таблицы | CX1: Продолжение таблицы | DR1: Продолжение таблицы | EL1: Продолжение таблицы | FF1: Продолжение таблицы | FZ1: Продолжение таблицы | GT1: Продолжение таблицы | HN1: Продолжение таблицы | IH1: Продолжение таблицы | IL1: Продолжение таблицы
B2: Сведения о предоставлении из бюджета Саратовской области межбюджетных трансфертов местным бюджетам за 1 квартал 2026 года | X2: Сведения о предоставлении из бюджета Саратовской области межбюджетных трансфертов местным бюджетам за 1 квартал 2026 года | AR2: Сведения о предоставлении из бюджета Саратовской области межбюджетных трансфертов местным бюджетам за 1 квартал 2026 года | BL2: Сведения о предоставлении из бюджета Саратовской области межбюджетных трансфертов местным бюджетам за 1 квартал 2026 года | CF2: Сведения о предоставлении из бюджета Саратовской области межбюджетных трансфертов местным бюджетам за 1 квартал 2026 года | CZ2: Сведения о предоставлении из бюджета Саратовской области межбюджетных трансфертов местным бюджетам за 1 квартал 2026 года | DT2: Сведения о предоставлении из бюджета Саратовской области межбюджетных трансфертов местным бюджетам за 1 квартал 2026 года | EN2: Сведения о предоставлении из бюджета Саратовской области межбюджетных трансфертов местным бюджетам за 1 квартал 2026 года | FH2: Сведения о предоставлении из бюджета Саратовской области межбюджетных трансфертов местным бюджетам за 1 квартал 2026 года | GB2: Сведения о предоставлении из бюджета Саратовской области межбюджетных трансфертов местным бюджетам за 1 квартал 2026 года | GV2: Сведения о предоставлении из бюджета Саратовской области межбюджетных трансфертов местным бюджетам за 1 квартал 2026 года | HP2: Сведения о предоставлении из бюджета Саратовской области межбюджетных трансфертов местным бюджетам за 1 квартал 2026 года | IJ2: Сведения о предоставлении из бюджета Саратовской области межбюджетных трансфертов местным бюджетам за 1 квартал 2026 года
V4: тыс.рублей | AP4: тыс.рублей | BJ4: тыс.рублей | CD4: тыс.рублей | CX4: тыс.рублей | DQ4: тыс.рублей | EK4: тыс.рублей | FE4: тыс.рублей | FZ4: тыс.рублей | GT4: тыс.рублей | HN4: тыс.рублей | IH4: тыс.рублей | IL4: тыс.рублей
A5: Наименование муниципальных образований | B5: Субсидии, всего | H5: в том числе | X5: в том числе | AR5: в том числе | BL5: в том числе | CF5: в том числе | CZ5: в том числе | DT5: в том числе | EN5: в том числе | FH5: в том числе | GB5: в том числе | GV5: в том числе | HP5: в том числе | IJ5: в том числе
H6: бюджетам муниципальных районов области на обеспечение развития и укрепления материально-технической базы домов культуры в населенных пунктах с числом жителей до 50 тысяч человек | L6: бюджетам муниципальных районов и городских округов области на обеспечение жильем молодых семей | P6: бюджетам муниципальных районов области на поддержку творческой деятельности и укрепление материально-технической базы муниципальных театров в населенных пунктах с численностью населения до 300 тысяч человек | T6: бюджетам муниципальных районов области на обеспечение развития и укрепления материально-технической базы домов культуры в населенных пунктах с числом жителей до 50 тысяч человек (средства для достижения показателей результативности) | X6: бюджетам муниципальных районов и городских округов области на поддержку отрасли культуры (государственная поддержка лучших сельских учреждений культуры) | AB6: бюджетам муниципальных районов и городских округов области на поддержку отрасли культуры (государственная поддержка лучших работников сельских учреждений культуры) | AF6: бюджетам муниципальных районов, городских округов и поселений области на государственную поддержку отрасли культуры (комплектование книжных фондов муниципальных общедоступных библиотек) | AJ6: бюджетам муниципальных районов области на обеспечение деятельности муниципальных бизнес-инкубаторов | AN6: бюджетам муниципальных округов, городских округов, городских и сельских поселений области на реализацию инициативных проектов | AR6: бюджетам муниципальных округов, городских округов и поселений области на поддержку муниципальных программ формирования современной городской среды | AV6: бюджетам муниципальных районов, муниципальных округов и городских округов области на обеспечение сохранения достигнутых показателей повышения оплаты труда отдельных категорий работников бюджетной сферы | AZ6: бюджетам муниципальных районов и городских округов области на модернизацию муниципальных учреждений культуры (модернизация учреждений культурно-досугового типа в населенных пунктах с численностью населения до 500 тыс. человек) | BD6: бюджетам городских округов и поселений области на осуществление дорожной деятельности в отношении автомобильных дорог общего пользования местного значения Саратовской агломерации | BH6: бюджетам поселений области на осуществление дорожной деятельности в отношении автомобильных дорог общего пользования местного значения в границах населенных пунктов сельских поселений | BL6: бюджетам поселений области на выполнение мероприятий по ремонту автомобильных дорог общего пользования местного значения в границах городских поселений области | BP6: бюджетам поселений области на обустройство объектами инженерной инфраструктуры и благоустройство площадок, расположенных на сельских территориях, под компактную жилищную застройку | BT6: бюджетам поселений области на реализацию мероприятий по благоустройству сельских территорий | BX6: бюджетам муниципальных районов, муниципальных округов и городских округов области на организацию бесплатного горячего питания обучающихся, получающих начальное общее образование в муниципальных образовательных организациях | CB6: бюджетам муниципальных районов, муниципальных округов и городских округов области на проведение капитального и текущего ремонта муниципальных дошкольных образовательных организациях | CF6: бюджетам муниципальных районов, муниципальных округов и городских округов области на проведение капитального и текущего ремонта муниципальных общеобразовательных организациях | CJ6: бюджетам муниципальных районов, муниципальных округов и городских округов области на проведение капитального и текущего ремонта в муниципальных учреждениях дополнительного образования детей | CN6: бюджетам муниципальных районов, городских округов и поселений области на поддержку творческой деятельности и техническое оснащение детских и кукольных театров, расположенных на территории Саратовской области | CR6: бюджетам муниципальных районов, городских округов и поселений области на поддержку творческой деятельности и (или) укрепление материально-технической базы детских и кукольных театров, а также театров, расположенных в населенных пунктах с численностью населения до 300 тысяч человек | CV6: бюджетам муниципальных районов области на проведение комплексных кадастровых работ местного значения | CZ6: бюджетам муниципальных районов и городских округов области на модернизацию школьных систем образования (объекты, планируемые к реализации в рамках одного финансового года) | DD6: бюджетам муниципальных районов и городских округов области на модернизацию школьных систем образования (объекты, планируемые к реализации в рамках двух финансовых лет) | DH6: бюджетам муниципальных районов и городских округов области на обеспечение условий для реализации мероприятий по модернизации школьных систем образования (объекты, планируемые к реализации в рамках одного финансового года) (в рамках достижения соответствующих задач федерального проекта) | DL6: бюджетам муниципальных районов и городских округов области на обеспечение условий для реализации мероприятий по модернизации школьных систем образования (объекты, планируемые к реализации в рамках двух финансовых лет) (в рамках достижения соответствующих задач федерального проекта) | DP6: бюджетам муниципальных районов и поселений области на создание, реконструкцию (модернизацию), капитальный ремонт объектов социальной и культурной сферы | DT6: бюджетам городских округов области на развитие и приведение в нормативное состояние автомобильных дорог регионального или межмуниципального, местного значения, включающих искусственные дорожные сооружения (в отношении автомобильных дорог, включающих искусственные дорожные сооружения, в границах городских округов области) | DX6: бюджетам муниципальных районов и городских округов области на проведение капитального и текущего ремонта спортивных залов муниципальных образовательных организаций | EB6: бюджетам муниципальных районов и поселений области на модернизацию муниципальных учреждений культуры (модернизация муниципальных музеев) | EF6: бюджетам муниципальных районов области на техническое оснащение региональных и муниципальных музеев | EJ6: бюджетам муниципальных районов и поселений области на строительство (приобретение) жилого помещения (жилого дома) на сельских территориях, территориях опорных населенных пунктов, предоставляемого гражданам Российской Федерации, проживающим на сельских территориях, территориях опорных населенных пунктов, по договору найма жилого помещения | EN6: бюджетам городских округов и поселений области на финансовое обеспечение расходов по реализации проектов создания комфортной городской среды в малых городах и исторических поселениях в рамках проведения Всероссийского конкурса лучших проектов создания комфортной городской среды | ER6: бюджетам городских округов на строительство (реконструкцию, в том числе с элементами реставрации, техническое перевооружение) объектов государственной (муниципальной) собственности Саратовской области | EV6: бюджетам городских округов области на достижение показателей государственной программы Российской Федерации «Развитие туризма» (реализация проектов по развитию общественной территории муниципального образования, в том числе мероприятий (результатов) по обустройству туристского центра города на территории муниципального образования в соответствии с туристским кодом центра города) | EZ6: бюджетам муниципальных районов и городских округов области на создание модельных муниципальных библиотек | FD6: бюджетам муниципальных районов области на модернизацию муниципальных учреждений культуры (модернизация муниципальных библиотек) | FH6: бюджетам городских округов области на государственную поддержку организаций, входящих в систему спортивной подготовки | FL6: бюджетам муниципальных районов и городских округов области на адресное строительство детских садов в отдельных населенных пунктах с объективно выявленной потребностью инфраструктуры (зданий) | FP6: бюджетам муниципальных районов и городских округов области на капитальный ремонт и оснащение образовательных организаций, осуществляющих образовательную деятельность по образовательным программам дошкольного образования | FT6: бюджетам муниципальных районов и городских округов области на обеспечение условий для реализации мероприятий по капитальному ремонту и оснащению образовательных организаций, осуществляющих образовательную деятельность по образовательным программам дошкольного образования | FX6: бюджетам городских округов области на реализацию мероприятий по модернизации коммунальной инфраструктуры | GB6: бюджетам поселений области на реализацию мероприятий по повышению качества водоснабжения и водоотведения | GF6: бюджетам муниципальных районов и поселений области на подготовку проектов межевания земельных участков и проведение кадастровых работ | GJ6: бюджетам муниципальных районов, городских округов и поселений области на обеспечение мероприятий по переселению граждан из аварийного жилищного фонда, в том числе переселению граждан из аварийного жилищного фонда с учетом необходимости развития малоэтажного жилищного строительства (за счет средств областного бюджета) | GN6: бюджетам городских округов и поселений области на обновление общественного транспорта | GR6: бюджетам муниципальных районов области на создание современной инфраструктуры для отдыха детей и их оздоровления путем возведения некапитальных строений, сооружений (быстровозводимых конструкций), а также при проведении капитального ремонта объектов инфраструктуры организаций отдыха детей и их оздоровления | GV6: бюджетам муниципальных районов области на реализацию мероприятий по закупке и монтажу оборудования для создания модульных спортивных сооружений | GZ6: бюджетам муниципальных районов, городских округов и поселений области на модернизацию учреждений культуры, включая создание детских культурно-просветительских центров на базе учреждений культуры (созданы детские культурно-просветительские центры на базе учреждений культуры) | HD6: бюджетам муниципальных районов и городских округов области на государственную поддержку отрасли культуры (приобретение музыкальных инструментов, оборудования и материалов для детских школ искусств по видам искусств) | HH6: бюджетам муниципальных районов области на модернизацию учреждений культуры, включая создание детских культурно-просветительских центров на базе учреждений культуры (поощрены библиотеки по итогам проведения ежегодного Всероссийского конкурса среди библиотек для выявления лучших практик работы) | HL6: бюджетам муниципальных районов области на модернизацию учреждений культуры, включая создание детских культурно-просветительских центров на базе учреждений культуры (поощрены дома культуры по итогам проведения ежегодного Всероссийского конкурса среди домов культуры для выявления лучших практик работы) | HP6: бюджетам муниципальных районов, городских округов и поселений области на реализацию мероприятий по обеспечению сохранности воинских захоронений на территории Российской Федерации | HT6: бюджетам муниципальных районов, городских округов и поселений области на реализацию мероприятий по обеспечению сохранности воинских захоронений на территории Российской Федерации (в том числе на восстановление (ремонт, реставрацию, благоустройство) воинских захоронений) | HX6: бюджетам муниципальных районов, городских округов и поселений области на реализацию мероприятий по обеспечению сохранности воинских захоронений на территории Российской Федерации (в том числе на установку мемориальных знаков) | IB6: бюджетам муниципальных районов, городских округов и поселений области на реализацию мероприятий по обеспечению сохранности воинских захоронений на территории Российской Федерации (в том числе на обустройство мест захоронений останков погибших при защите Отечества, обнаруженных в ходе проведения поисковых работ) | IF6: бюджетам муниципальных районов и городских округов области на реализацию мероприятий по капитальному ремонту объектов муниципальной собственности и (или) сохранению объектов культурного наследия (в том числе в дошкольных образовательных организациях) | IJ6: бюджетам муниципальных районов и городских округов области на реализацию мероприятий по капитальному ремонту объектов муниципальной собственности и (или) сохранению объектов культурного наследия (в том числе в общеобразовательных организациях)
B7: первоначальные бюджетные назначения 1 | C7: уточненные бюджетные назначения | F7: исполнено | G7: % исполнения | H7: первоначальные бюджетные назначения 1 | I7: уточненные бюджетные назначения 2 | J7: исполнено | K7: % исполнения | L7: первоначальные бюджетные назначения 1 | M7: уточненные бюджетные назначения 2 | N7: исполнено | O7: % исполнения | P7: первоначальные бюджетные назначения 1 | Q7: уточненные бюджетные назначения 2 | R7: исполнено | S7: % исполнения | T7: первоначальные бюджетные назначения 1 | U7: уточненные бюджетные назначения 2 | V7: исполнено | W7: % исполнения | X7: первоначальные бюджетные назначения 1 | Y7: уточненные бюджетные назначения 2 | Z7: исполнено | AA7: % исполнения | AB7: первоначальные бюджетные назначения 1 | AC7: уточненные бюджетные назначения 2 | AD7: исполнено | AE7: % исполнения | AF7: первоначальные бюджетные назначения 1 | AG7: уточненные бюджетные назначения 2 | AH7: исполнено | AI7: % исполнения | AJ7: первоначальные бюджетные назначения 1 | AK7: уточненные бюджетные назначения 2 | AL7: исполнено | AM7: % исполнения | AN7: первоначальные бюджетные назначения 1 | AO7: уточненные бюджетные назначения 3 | AP7: исполнено | AQ7: % исполнения | AR7: первоначальные бюджетные назначения 1 | AS7: уточненные бюджетные назначения 2 | AT7: исполнено | AU7: % исполнения | AV7: первоначальные бюджетные назначения 1 | AW7: уточненные бюджетные назначения 2 | AX7: исполнено | AY7: % исполнения | AZ7: первоначальные бюджетные назначения 1 | BA7: уточненные бюджетные назначения 2 | BB7: исполнено | BC7: % исполнения | BD7: первоначальные бюджетные назначения 1 | BE7: уточненные бюджетные назначения 2 | BF7: исполнено | BG7: % исполнения | BH7: первоначальные бюджетные назначения 1 | BI7: уточненные бюджетные назначения 2 | BJ7: исполнено | BK7: % исполнения | BL7: первоначальные бюджетные назначения 1 | BM7: уточненные бюджетные назначения 2 | BN7: исполнено | BO7: % исполнения | BP7: первоначальные бюджетные назначения 1 | BQ7: уточненные бюджетные назначения 2 | BR7: исполнено | BS7: % исполнения | BT7: первоначальные бюджетные назначения 1 | BU7: уточненные бюджетные назначения 3 | BV7: исполнено | BW7: % исполнения | BX7: первоначальные бюджетные назначения 1 | BY7: уточненные бюджетные назначения 2 | BZ7: исполнено | CA7: % исполнения | CB7: первоначальные бюджетные назначения 1 | CC7: уточненные бюджетные назначения 2 | CD7: исполнено | CE7: % исполнения | CF7: первоначальные бюджетные назначения 1 | CG7: уточненные бюджетные назначения 2 | CH7: исполнено | CI7: % исполнения | CJ7: первоначальные бюджетные назначения 1 | CK7: уточненные бюджетные назначения 2 | CL7: исполнено | CM7: % исполнения | CN7: первоначальные бюджетные назначения 1 | CO7: уточненные бюджетные назначения 2 | CP7: исполнено | CQ7: % исполнения | CR7: первоначальные бюджетные назначения 1 | CS7: уточненные бюджетные назначения 2 | CT7: исполнено | CU7: % исполнения | CV7: первоначальные бюджетные назначения 1 | CW7: уточненные бюджетные назначения 2 | CX7: исполнено | CY7: % исполнения | CZ7: первоначальные бюджетные назначения 1 | DA7: уточненные бюджетные назначения 2 | DB7: исполнено | DC7: % исполнения | DD7: первоначальные бюджетные назначения 1 | DE7: уточненные бюджетные назначения 2 | DF7: исполнено | DG7: % исполнения | DH7: первоначальные бюджетные назначения 1 | DI7: уточненные бюджетные назначения 2 | DJ7: исполнено | DK7: % исполнения | DL7: первоначальные бюджетные назначения 1 | DM7: уточненные бюджетные назначения 2 | DN7: исполнено | DO7: % исполнения | DP7: первоначальные бюджетные назначения 1 | DQ7: уточненные бюджетные назначения 2 | DR7: исполнено | DS7: % исполнения | DT7: первоначальные бюджетные назначения 1 | DU7: уточненные бюджетные назначения 2 | DV7: исполнено | DW7: % исполнения | DX7: первоначальные бюджетные назначения 1 | DY7: уточненные бюджетные назначения 2 | DZ7: исполнено | EA7: % исполнения | EB7: первоначальные бюджетные назначения 1 | EC7: уточненные бюджетные назначения 2 | ED7: исполнено | EE7: % исполнения | EF7: первоначальные бюджетные назначения 1 | EG7: уточненные бюджетные назначения 2 | EH7: исполнено | EI7: % исполнения | EJ7: первоначальные бюджетные назначения 1 | EK7: уточненные бюджетные назначения 2 | EL7: исполнено | EM7: % исполнения | EN7: первоначальные бюджетные назначения 1 | EO7: уточненные бюджетные назначения 2 | EP7: исполнено | EQ7: % исполнения | ER7: первоначальные бюджетные назначения 1 | ES7: уточненные бюджетные назначения 2 | ET7: исполнено | EU7: % исполнения | EV7: первоначальные бюджетные назначения 1 | EW7: уточненные бюджетные назначения 2 | EX7: исполнено | EY7: % исполнения | EZ7: первоначальные бюджетные назначения 1 | FA7: уточненные бюджетные назначения 2 | FB7: исполнено | FC7: % исполнения | FD7: первоначальные бюджетные назначения 1 | FE7: уточненные бюджетные назначения 2 | FF7: исполнено | FG7: % исполнения | FH7: первоначальные бюджетные назначения 1 | FI7: уточненные бюджетные назначения 2 | FJ7: исполнено | FK7: % исполнения | FL7: первоначальные бюджетные назначения 1 | FM7: уточненные бюджетные назначения 2 | FN7: исполнено | FO7: % исполнения | FP7: первоначальные бюджетные назначения 1 | FQ7: уточненные бюджетные назначения 2 | FR7: исполнено | FS7: % исполнения | FT7: первоначальные бюджетные назначения 1 | FU7: уточненные бюджетные назначения 2 | FV7: исполнено | FW7: % исполнения | FX7: первоначальные бюджетные назначения 1 | FY7: уточненные бюджетные назначения 2 | FZ7: исполнено | GA7: % исполнения | GB7: первоначальные бюджетные назначения 1 | GC7: уточненные бюджетные назначения 2 | GD7: исполнено | GE7: % исполнения | GF7: первоначальные бюджетные назначения 1 | GG7: уточненные бюджетные назначения 2 | GH7: исполнено | GI7: % исполнения | GJ7: первоначальные бюджетные назначения 1 | GK7: уточненные бюджетные назначения 2 | GL7: исполнено | GM7: % исполнения | GN7: первоначальные бюджетные назначения 1 | GO7: уточненные бюджетные назначения 2 | GP7: исполнено | GQ7: % исполнения | GR7: первоначальные бюджетные назначения 1 | GS7: уточненные бюджетные назначения 2 | GT7: исполнено | GU7: % исполнения | GV7: первоначальные бюджетные назначения 1 | GW7: уточненные бюджетные назначения 2 | GX7: исполнено | GY7: % исполнения | GZ7: первоначальные бюджетные назначения 1 | HA7: уточненные бюджетные назначения 2 | HB7: исполнено | HC7: % исполнения | HD7: первоначальные бюджетные назначения 1 | HE7: уточненные бюджетные назначения 2 | HF7: исполнено | HG7: % исполнения | HH7: первоначальные бюджетные назначения 1 | HI7: уточненные бюджетные назначения 2 | HJ7: исполнено | HK7: % исполнения | HL7: первоначальные бюджетные назначения 1 | HM7: уточненные бюджетные назначения 2 | HN7: исполнено | HO7: % исполнения | HP7: первоначальные бюджетные назначения 1 | HQ7: уточненные бюджетные назначения 2 | HR7: исполнено | HS7: % исполнения | HT7: первоначальные бюджетные назначения 1 | HU7: уточненные бюджетные назначения 2 | HV7: исполнено | HW7: % исполнения | HX7: первоначальные бюджетные назначения 1 | HY7: уточненные бюджетные назначения 2 | HZ7: исполнено | IA7: % исполнения | IB7: первоначальные бюджетные назначения 1 | IC7: уточненные бюджетные назначения 2 | ID7: исполнено | IE7: % исполнения | IF7: первоначальные бюджетные назначения 1 | IG7: уточненные бюджетные назначения 2 | IH7: исполнено | II7: % исполнения | IJ7: первоначальные бюджетные назначения 1 | IK7: уточненные бюджетные назначения 2 | IL7: исполнено | IM7: % исполнения
C8: сводная бюджетная роспись | D8: на основании
D9: закона о бюджете 2 | E9: иных нормативных правовых актов
